Workbook
Name Range_EC_metrics_AD: 'EandC metrics (AD)'!$A$11:$CD$123
Name Range_EC_metrics_DWP: 'EandC metrics (DWP)'!$A$11:$AN$31
Name Range_EC_Metrics_HB: 'EandC metrics (HB)'!$A$11:$CD$22
Name Range_EC_metrics_PR: 'EandC metrics (PR)'!$A$11:$CD$82
Name Range_EC_metrics_RW: 'EandC metrics (RW)'!$A$11:$BX$22
Name Range_EC_Reporting: 'EandC reporting issues'!$A$10:$I$26
Name Range_EC_reporting2: 'EandC reporting issues'!#REF!
Name TitleRegion1.A10.I89.7: 'EandC reporting issues'!$A$10
Name TitleRegion1.A11.CG123.3: 'EandC metrics (AD)'!$A$11
Name TitleRegion1.A11.CG22.5: 'EandC metrics (HB)'!$A$11
Name TitleRegion1.A11.CG22.6: 'EandC metrics (DWP)'!$A$11
Name TitleRegion1.A11.CG22.6: 'EandC metrics (RW)'!$A$11
Name TitleRegion1.A11.CG80.4: 'EandC metrics (PR)'!$A$11
Name TitleRegion2.A92.I93.7: 'EandC reporting issues'!#REF!

Sheet EandC overview
A1: Centers for Medicare & Medicaid Services (CMS) logo
A2: blank
A3: blank
A4: blank
A5: blank
A6: blank
A7: blank
A8: Medicaid Section 1115 Demonstration Custom Monitoring Report
A9: blank
A10: Overview: The Monitoring Report for section 1115 demonstrations consists of a Monitoring Report Workbook (Part A), Monitoring Report Template (Part B), and a Budget Neutrality Workbook (Part C). Each state with an approved Premiums and Account Payments, Marketplace-Focused Premium Assistance and Subsidy Payments, Healthy Behavior Incentives, or Retroactive Eligibility Waiver component in its section 1115 demonstration should complete only one Monitoring Report Workbook (Part A) that encompasses all components approved in its demonstration as well as the demonstration overall, in accordance with the demonstration’s special terms and conditions (STCs). This state-specific Part A Workbook reflects the composition of the components in the state’s demonstration. For more information and any questions, the state should contact the CMS section 1115 demonstration team.
A11: end of worksheet

Sheet PRA disclosure statement
A2: Note: PRA Disclosure Statement to be added here
A3: blank
A4: End of worksheet

Sheet EandC metrics (AD)
A1: Medicaid Section 1115 Demonstrations Monitoring Report (Part A) - Metrics (AD) (Version 3.0)
A2: State | C2: Iowa
A3: Demonstration Name | C3: Iowa Wellness Plan
A4: EandC Demonstration Year (DY) (Format: DY1, DY2, DY3, etc.) | C4: DY5
A5: Calendar Dates for EandC DY (Format: MM/DD/YYYY - MM/DD/YYYY) | C5: 01/01/2023- 12/31/2023
A6: EandC Reporting Period (Format: Q1, Q2, Q3, Q4) | C6: Q4
A7: Calendar Dates for EandC Reporting Period (Format: MM/DD/YYYY - MM/DD/YYYY) | C7: 10/01/2024- 12/31/2024
A8: blank
A9: Table: Demonstration Metrics - Any Demonstration (AD) | BY9: Specific Eligibility Groups
A10: Standard information on CMS-provided metrics | N10: Demonstration reporting | Q10: < 50% FPL | T10: 50-100% FPL | W10: > 100% FPL | Z10: Age <19 | AC10: Age 19-26 | AF10: Age 27-35 | AI10: Age 36-45 | AL10: Age 46-55 | AO10: Age 56-64 | AR10: Male | AU10: Female | AX10: White | BA10: Black or African American | BD10: Asian | BG10: American Indian or Alaskan Native | BJ10: Other race | BM10: Unknown race | BP10: Hispanic ethnicity | BS10: Non-Hispanic ethnicity | BV10: Unknown ethnicity | BY10: FPL 51 to 100% for IWP | CB10: FPL 101-133% for IWP | CE10: MAGI adult for Dental Wellness Plan | CH10: Non-MAGI adult for Dental Wellness Plan
A11: Standard information on CMS-provided metrics # | B11: Standard information on CMS-provided metrics Metric name | C11: Standard information on CMS-provided metrics Metric description | D11: Standard information on CMS-provided metrics Reporting topicᵃ | E11: Standard information on CMS-provided metrics Data source | F11: Standard information on CMS-provided metrics Calculation lag | G11: Standard information on CMS-provided metrics Measurement period (month, quarter, yearᵇ) | H11: Standard information on CMS-provided metrics State will report (Y/N/n.a.) | I11: Standard information on CMS-provided metrics Approved monitoring protocol indicates that reporting matches CMS-provided technical specifications manual (Y/N) | J11: Standard information on CMS-provided metrics Deviations from CMS-provided technical specifications manual or other considerations in approved monitoring protocol | K11: Standard information on CMS-provided metrics Technical specifications manual version | L11: Standard information on CMS-provided metrics Reporting issue (Y/N) (further describe in EandC reporting issues tab) | M11: Standard information on CMS-provided metrics Dates covered by measurement period (MM/DD/YYYY-MM/DD/YYYY) | N11: Demonstration reporting denominator | O11: Demonstration reporting numerator or countᶜ | P11: Demonstration reporting rate/percentaged | Q11: < 50% FPL denominator | R11: < 50% FPL numerator or countᶜ | S11: < 50% FPL rate/percentageᵈ | T11: 50-100% FPL denominator | U11: 50-100% FPL numerator or countᶜ | V11: 50-100% FPL rate/percentageᵈ | W11: > 100% FPL denominator | X11: > 100% FPL numerator or countᶜ | Y11: > 100% FPL rate/percentageᵈ | Z11: Age 19-26 denominator | AA11: Age 19-26 numerator or countᶜ | AB11: Age 19-26 rate/percentageᵈ | AC11: Age 19-26 denominator | AD11: Age 19-26 numerator or countᶜ | AE11: Age 19-26 rate/percentageᵈ | AF11: Age 27-35 denominator | AG11: Age 27-35 numerator or countᶜ | AH11: Age 27-35 rate/percentageᵈ | AI11: Age 36-45 denominator | AJ11: Age 36-45 numerator or countᶜ | AK11: Age 36-45 rate/percentageᵈ | AL11: Age 46-55 denominator | AM11: Age 46-55 numerator or countᶜ | AN11: Age 46-55 rate/percentageᵈ | AO11: Age 56-64 denominator | AP11: Age 56-64 numerator or countᶜ | AQ11: Age 56-64 rate/percentageᵈ | AR11: Male denominator | AS11: Male numerator or countᶜ | AT11: Male rate/percentageᵈ | AU11: Female denominator | AV11: Female numerator or countᶜ | AW11: Female rate/percentageᵈ | AX11: White denominator | AY11: White numerator or countᶜ | AZ11: White rate/percentageᵈ | BA11: Black or African American denominator | BB11: Black or African American numerator or countᶜ | BC11: Black or African American rate/percentageᵈ | BD11: Asian denominator | BE11: Asian numerator or countᶜ | BF11: Asian rate/percentageᵈ | BG11: American Indian or Alaskan Native denominator | BH11: American Indian or Alaskan Native numerator or countᶜ | BI11: American Indian or Alaskan Native rate/percentageᵈ | BJ11: Other race denominator | BK11: Other race numerator or countᶜ | BL11: Other race rate/percentageᵈ | BM11: Unknown race denominator | BN11: Unknown race numerator or countᶜ | BO11: Unknown race rate/percentageᵈ | BP11: Hispanic ethnicity denominator | BQ11: Hispanic ethnicity numerator or countᶜ | BR11: Hispanic ethnicity rate/percentageᵈ | BS11: Non-Hispanic ethnicity denominator | BT11: Non-Hispanic ethnicity numerator or countᶜ | BU11: Non-Hispanic ethnicity rate/percentageᵈ | BV11: Unknown ethnicity denominator | BW11: Unknown ethnicity numerator or countᶜ | BX11: Unknown ethnicity rate/percentageᵈ | BY11: Specific Eligibility Groups Denominator | BZ11: Specific Eligibility Groups Numeratorc | CA11: Specific Eligibility Groups Rate/Percentaged | CB11: Specific Eligibility Groups Denominator | CC11: Specific Eligibility Groups Numeratorc | CD11: Specific Eligibility Groups Rate/Percentaged | CE11: Specific Eligibility Groups Denominator | CF11: Specific Eligibility Groups Numeratorc | CG11: Specific Eligibility Groups Rate/Percentaged | CH11: Specific Eligibility Groups Denominator | CI11: Specific Eligibility Groups Numeratorc | CJ11: Specific Eligibility Groups Rate/Percentaged
A12: EXAMPLE: AD_33 (Do not delete or edit this row) | B12: EXAMPLE: Preventive care and office visit utilization | C12: EXAMPLE: Total utilization of preventive care and office visits per 1,000 demonstration beneficiary months during the measurement period. | D12: EXAMPLE: 1.1.7 Access to care | E12: EXAMPLE: Claims and encounters and other administrative records | F12: EXAMPLE: 90 days | G12: EXAMPLE: Quarter | H12: EXAMPLE: Y | I12: EXAMPLE: Y | J12: EXAMPLE: | K12: EXAMPLE: Version 2.0 | L12: EXAMPLE: N | M12: EXAMPLE: 04/01/2020 - 06/30/2020 | N12: EXAMPLE: 100,000 | O12: EXAMPLE: 7,500 | P12: EXAMPLE: 75% | Q12: EXAMPLE: 33,333 | R12: EXAMPLE: 2,500 | S12: EXAMPLE: 75% | T12: EXAMPLE: 33,333 | U12: EXAMPLE: 2,500 | V12: EXAMPLE: 75% | W12: EXAMPLE: 33,333 | X12: EXAMPLE: 2,500 | Y12: EXAMPLE: 75% | Z12: EXAMPLE: 16,667 | AA12: EXAMPLE: 1,250 | AB12: EXAMPLE: 75% | AC12: EXAMPLE: 16,667 | AD12: EXAMPLE: 1,250 | AE12: EXAMPLE: 75% | AF12: EXAMPLE: 16,667 | AG12: EXAMPLE: 1,250 | AH12: EXAMPLE: 75% | AI12: EXAMPLE: 16,667 | AJ12: EXAMPLE: 1,250 | AK12: EXAMPLE: 75% | AL12: EXAMPLE: 16,667 | AM12: EXAMPLE: 1,250 | AN12: EXAMPLE: 75% | AO12: EXAMPLE: 16,667 | AP12: EXAMPLE: 1,250 | AQ12: EXAMPLE: 75% | AR12: EXAMPLE: 16,667 | AS12: EXAMPLE: 1,250 | AT12: EXAMPLE: 75% | AU12: EXAMPLE: 16,667 | AV12: EXAMPLE: 1,250 | AW12: EXAMPLE: 75% | AX12: EXAMPLE: 16,667 | AY12: EXAMPLE: 1,250 | AZ12: EXAMPLE: 75% | BA12: EXAMPLE: 16,667 | BB12: EXAMPLE: 1,250 | BC12: EXAMPLE: 75% | BD12: EXAMPLE: 16,667 | BE12: EXAMPLE: 1,250 | BF12: EXAMPLE: 75% | BG12: EXAMPLE: 16,667 | BH12: EXAMPLE: 1,250 | BI12: EXAMPLE: 75% | BJ12: EXAMPLE: 16,667 | BK12: EXAMPLE: 1,250 | BL12: EXAMPLE: 75% | BM12: EXAMPLE: 16,667 | BN12: EXAMPLE: 1,250 | BO12: EXAMPLE: 75% | BP12: EXAMPLE: 33,333 | BQ12: EXAMPLE: 2,500 | BR12: EXAMPLE: 75% | BS12: EXAMPLE: 33,333 | BT12: EXAMPLE: 2,500 | BU12: EXAMPLE: 75% | BV12: EXAMPLE: 33,333 | BW12: EXAMPLE: 2,500 | BX12: EXAMPLE: 75% | BY12: EXAMPLE: 100,000 | BZ12: EXAMPLE: 7,500 | CA12: EXAMPLE: 75% | CB12: EXAMPLE: 100,000 | CC12: EXAMPLE: 7,500 | CD12: EXAMPLE: 75% | CE12: EXAMPLE: 100,000 | CF12: EXAMPLE: 7,500 | CG12: EXAMPLE: 75% | CH12: EXAMPLE: 100,000 | CI12: EXAMPLE: 7,500 | CJ12: EXAMPLE: 75%
A13: AD_1 | B13: Total enrollment in the demonstration | C13: The unduplicated number of beneficiaries enrolled in the demonstration at any time during the measurement period. This indicator is a count of total program enrollment. It includes those newly enrolled during the measurement period and those whose enrollment continues from a prior period. This indicator is not a point-in-time count. It captures beneficiaries who were enrolled for at least one day during the measurement period. | D13: 1.1.1 Enrollment | E13: Administrative records | F13: 30 days | G13: Month 1 | H13: Y | I13: Y | K13: Version 4.0 | L13: Y | M13: 10/01/2024- 10/31/2024 | N13: n.a. | O13: 177674 | P13: n.a. | Q13: n.a. | R13: n.a. | S13: n.a. | T13: n.a. | U13: n.a. | V13: n.a. | W13: n.a. | X13: n.a. | Y13: n.a. | Z13: n.a. | AA13: 0 | AD13: 44117 | AG13: 41726 | AJ13: 38365 | AM13: 29448 | AP13: 24018 | AS13: 84339 | AV13: 93335 | AY13: 105026 | BB13: 16379 | BE13: 4414 | BH13: 3221 | BK13: 18121 | BN13: 30513 | BQ13: 13772 | BT13: 133389 | BW13: 30513 | BZ13: 47074 | CC13: 37405 | CF13: 0 | CI13: 0
A14: AD_1 | B14: Total enrollment in the demonstration | C14: The unduplicated number of beneficiaries enrolled in the demonstration at any time during the measurement period. This indicator is a count of total program enrollment. It includes those newly enrolled during the measurement period and those whose enrollment continues from a prior period. This indicator is not a point-in-time count. It captures beneficiaries who were enrolled for at least one day during the measurement period. | D14: 1.1.1 Enrollment | E14: Administrative records | F14: 30 days | G14: Month 2 | H14: =IF(H13="","",H13) -> Y | I14: =IF(I13="","",I13) -> Y | J14: =IF(J13="","",J13) | K14: =IF(K13="","",K13) -> Version 4.0 | L14: =IF(L13="","",L13) -> Y | M14: 11/01/2024- 11/30/2024 | N14: n.a. | O14: 178357 | P14: n.a. | Q14: n.a. | R14: n.a. | S14: n.a. | T14: n.a. | U14: n.a. | V14: n.a. | W14: n.a. | X14: n.a. | Y14: n.a. | Z14: n.a. | AA14: 1 | AD14: 44296 | AG14: 41743 | AJ14: 38427 | AM14: 29591 | AP14: 24299 | AS14: 84605 | AV14: 93752 | AY14: 105449 | BB14: 16431 | BE14: 4486 | BH14: 3239 | BK14: 18093 | BN14: 30659 | BQ14: 13749 | BT14: 133949 | BW14: 30659 | BZ14: 47176 | CC14: 39603 | CF14: 0 | CI14: 0
A15: AD_1 | B15: Total enrollment in the demonstration | C15: The unduplicated number of beneficiaries enrolled in the demonstration at any time during the measurement period. This indicator is a count of total program enrollment. It includes those newly enrolled during the measurement period and those whose enrollment continues from a prior period. This indicator is not a point-in-time count. It captures beneficiaries who were enrolled for at least one day during the measurement period. | D15: 1.1.1 Enrollment | E15: Administrative records | F15: 30 days | G15: Month 3 | H15: =IF(H14="","",H14) -> Y | I15: =IF(I14="","",I14) -> Y | J15: =IF(J14="","",J14) | K15: =IF(K14="","",K14) -> Version 4.0 | L15: =IF(L14="","",L14) -> Y | M15: 12/01/2024- 12/31/2024 | N15: n.a. | O15: 179326 | P15: n.a. | Q15: n.a. | R15: n.a. | S15: n.a. | T15: n.a. | U15: n.a. | V15: n.a. | W15: n.a. | X15: n.a. | Y15: n.a. | Z15: n.a. | AA15: 1 | AD15: 44543 | AG15: 41963 | AJ15: 38594 | AM15: 29772 | AP15: 24453 | AS15: 85066 | AV15: 94260 | AY15: 106153 | BB15: 16382 | BE15: 4531 | BH15: 3258 | BK15: 18162 | BN15: 30840 | BQ15: 13806 | BT15: 134680 | BW15: 30840 | BZ15: 47503 | CC15: 41777 | CF15: 0 | CI15: 0
A16: AD_2 | B16: Beneficiaries in suspension status for noncompliance | C16: The number of demonstration beneficiaries in suspension status (i.e., enrolled, but not actively receiving benefits) for noncompliance with demonstration policies as of the last day of the measurement period. | D16: 1.1.1 Enrollment | E16: Administrative records | F16: 30 days | G16: Month 1 | H16: N | N16: n.a. | P16: n.a. | Q16: n.a. | R16: n.a. | S16: n.a. | T16: n.a. | U16: n.a. | V16: n.a. | W16: n.a. | X16: n.a. | Y16: n.a. | Z16: n.a. | AB16: n.a. | AC16: n.a. | AE16: n.a. | AF16: n.a. | AH16: n.a. | AI16: n.a. | AK16: n.a. | AL16: n.a. | AN16: n.a. | AO16: n.a. | AQ16: n.a. | AR16: n.a. | AS16: n.a. | AT16: n.a. | AU16: n.a. | AV16: n.a. | AW16: n.a. | AX16: n.a. | AZ16: n.a. | BA16: n.a. | BC16: n.a. | BD16: n.a. | BF16: n.a. | BG16: n.a. | BI16: n.a. | BJ16: n.a. | BL16: n.a. | BM16: n.a. | BO16: n.a. | BP16: n.a. | BR16: n.a. | BS16: n.a. | BU16: n.a. | BV16: n.a. | BX16: n.a.
A17: AD_2 | B17: Beneficiaries in suspension status for noncompliance | D17: 1.1.1 Enrollment | E17: Administrative records | F17: 30 days | G17: Month 2 | H17: =IF(H16="","",H16) -> N | I17: =IF(I16="","",I16) | J17: =IF(J16="","",J16) | K17: =IF(K16="","",K16) | L17: =IF(L16="","",L16) | N17: n.a. | P17: n.a. | Q17: n.a. | R17: n.a. | S17: n.a. | T17: n.a. | U17: n.a. | V17: n.a. | W17: n.a. | X17: n.a. | Y17: n.a. | Z17: n.a. | AB17: n.a. | AC17: n.a. | AE17: n.a. | AF17: n.a. | AH17: n.a. | AI17: n.a. | AK17: n.a. | AL17: n.a. | AN17: n.a. | AO17: n.a. | AQ17: n.a. | AR17: n.a. | AS17: n.a. | AT17: n.a. | AU17: n.a. | AV17: n.a. | AW17: n.a. | AX17: n.a. | AZ17: n.a. | BA17: n.a. | BC17: n.a. | BD17: n.a. | BF17: n.a. | BG17: n.a. | BI17: n.a. | BJ17: n.a. | BL17: n.a. | BM17: n.a. | BO17: n.a. | BP17: n.a. | BR17: n.a. | BS17: n.a. | BU17: n.a. | BV17: n.a. | BX17: n.a.
A18: AD_2 | B18: Beneficiaries in suspension status for noncompliance | D18: 1.1.1 Enrollment | E18: Administrative records | F18: 30 days | G18: Month 3 | H18: =IF(H17="","",H17) -> N | I18: =IF(I17="","",I17) | J18: =IF(J17="","",J17) | K18: =IF(K17="","",K17) | L18: =IF(L17="","",L17) | N18: n.a. | P18: n.a. | Q18: n.a. | R18: n.a. | S18: n.a. | T18: n.a. | U18: n.a. | V18: n.a. | W18: n.a. | X18: n.a. | Y18: n.a. | Z18: n.a. | AB18: n.a. | AC18: n.a. | AE18: n.a. | AF18: n.a. | AH18: n.a. | AI18: n.a. | AK18: n.a. | AL18: n.a. | AN18: n.a. | AO18: n.a. | AQ18: n.a. | AR18: n.a. | AS18: n.a. | AT18: n.a. | AU18: n.a. | AV18: n.a. | AW18: n.a. | AX18: n.a. | AZ18: n.a. | BA18: n.a. | BC18: n.a. | BD18: n.a. | BF18: n.a. | BG18: n.a. | BI18: n.a. | BJ18: n.a. | BL18: n.a. | BM18: n.a. | BO18: n.a. | BP18: n.a. | BR18: n.a. | BS18: n.a. | BU18: n.a. | BV18: n.a. | BX18: n.a.
A19: AD_3 | B19: Beneficiaries in a non-eligibility period who are prevented from re-enrolling for a defined period of time | C19: The number of prior demonstration beneficiaries who are in a non-eligibility period, meaning they are prevented from re-enrolling for some defined period of time, because they were disenrolled for noncompliance with demonstration policies. The count should include those prevented from re-enrolling until their redetermination date. | D19: 1.1.1 Enrollment | E19: Administrative records | F19: 30 days | G19: Month 1 | H19: N | N19: n.a. | P19: n.a. | Q19: n.a. | R19: n.a. | S19: n.a. | T19: n.a. | U19: n.a. | V19: n.a. | W19: n.a. | X19: n.a. | Y19: n.a. | Z19: n.a. | AB19: n.a. | AC19: n.a. | AE19: n.a. | AF19: n.a. | AH19: n.a. | AI19: n.a. | AK19: n.a. | AL19: n.a. | AN19: n.a. | AO19: n.a. | AQ19: n.a. | AR19: n.a. | AS19: n.a. | AT19: n.a. | AU19: n.a. | AV19: n.a. | AW19: n.a. | AX19: n.a. | AZ19: n.a. | BA19: n.a. | BC19: n.a. | BD19: n.a. | BF19: n.a. | BG19: n.a. | BI19: n.a. | BJ19: n.a. | BL19: n.a. | BM19: n.a. | BO19: n.a. | BP19: n.a. | BR19: n.a. | BS19: n.a. | BU19: n.a. | BV19: n.a. | BX19: n.a.
A20: AD_3 | B20: Beneficiaries in a non-eligibility period who are prevented from re-enrolling for a defined period of time | C20: The number of prior demonstration beneficiaries who are in a non-eligibility period, meaning they are prevented from re-enrolling for some defined period of time, because they were disenrolled for noncompliance with demonstration policies. The count should include those prevented from re-enrolling until their redetermination date. | D20: 1.1.1 Enrollment | E20: Administrative records | F20: 30 days | G20: Month 2 | H20: =IF(H19="","",H19) -> N | I20: =IF(I19="","",I19) | J20: =IF(J19="","",J19) | K20: =IF(K19="","",K19) | L20: =IF(L19="","",L19) | N20: n.a. | P20: n.a. | Q20: n.a. | R20: n.a. | S20: n.a. | T20: n.a. | U20: n.a. | V20: n.a. | W20: n.a. | X20: n.a. | Y20: n.a. | Z20: n.a. | AB20: n.a. | AC20: n.a. | AE20: n.a. | AF20: n.a. | AH20: n.a. | AI20: n.a. | AK20: n.a. | AL20: n.a. | AN20: n.a. | AO20: n.a. | AQ20: n.a. | AR20: n.a. | AS20: n.a. | AT20: n.a. | AU20: n.a. | AV20: n.a. | AW20: n.a. | AX20: n.a. | AZ20: n.a. | BA20: n.a. | BC20: n.a. | BD20: n.a. | BF20: n.a. | BG20: n.a. | BI20: n.a. | BJ20: n.a. | BL20: n.a. | BM20: n.a. | BO20: n.a. | BP20: n.a. | BR20: n.a. | BS20: n.a. | BU20: n.a. | BV20: n.a. | BX20: n.a.
A21: AD_3 | B21: Beneficiaries in a non-eligibility period who are prevented from re-enrolling for a defined period of time | C21: The number of prior demonstration beneficiaries who are in a non-eligibility period, meaning they are prevented from re-enrolling for some defined period of time, because they were disenrolled for noncompliance with demonstration policies. The count should include those prevented from re-enrolling until their redetermination date. | D21: 1.1.1 Enrollment | E21: Administrative records | F21: 30 days | G21: Month 3 | H21: =IF(H20="","",H20) -> N | I21: =IF(I20="","",I20) | J21: =IF(J20="","",J20) | K21: =IF(K20="","",K20) | L21: =IF(L20="","",L20) | N21: n.a. | P21: n.a. | Q21: n.a. | R21: n.a. | S21: n.a. | T21: n.a. | U21: n.a. | V21: n.a. | W21: n.a. | X21: n.a. | Y21: n.a. | Z21: n.a. | AB21: n.a. | AC21: n.a. | AE21: n.a. | AF21: n.a. | AH21: n.a. | AI21: n.a. | AK21: n.a. | AL21: n.a. | AN21: n.a. | AO21: n.a. | AQ21: n.a. | AR21: n.a. | AS21: n.a. | AT21: n.a. | AU21: n.a. | AV21: n.a. | AW21: n.a. | AX21: n.a. | AZ21: n.a. | BA21: n.a. | BC21: n.a. | BD21: n.a. | BF21: n.a. | BG21: n.a. | BI21: n.a. | BJ21: n.a. | BL21: n.a. | BM21: n.a. | BO21: n.a. | BP21: n.a. | BR21: n.a. | BS21: n.a. | BU21: n.a. | BV21: n.a. | BX21: n.a.
A22: AD_4 | B22: New enrollees | C22: Number of beneficiaries in the demonstration who began a new enrollment spell during the measurement period, have not had Medicaid coverage within the prior 3 months and were not using a state-specific pathway back to coverage. | D22: 1.1.1 Enrollment | E22: Administrative records | F22: 30 days | G22: Month 1 | H22: Y | I22: Y | K22: Version 4.0 | L22: Y | M22: 10/01/2024- 10/31/2024 | N22: n.a. | O22: 2123 | P22: n.a. | Q22: n.a. | R22: n.a. | S22: n.a. | T22: n.a. | U22: n.a. | V22: n.a. | W22: n.a. | X22: n.a. | Y22: n.a. | Z22: n.a. | AA22: 0 | AD22: 587 | AG22: 501 | AJ22: 402 | AM22: 318 | AP22: 315 | AS22: 1143 | AV22: 980 | AY22: 1006 | BB22: 286 | BE22: 42 | BH22: 30 | BK22: 266 | BN22: 493 | BQ22: 207 | BT22: 1423 | BW22: 493 | BZ22: 411 | CC22: 415 | CF22: 0 | CI22: 0
A23: AD_4 | B23: New enrollees | C23: Number of beneficiaries in the demonstration who began a new enrollment spell during the measurement period, have not had Medicaid coverage within the prior 3 months and were not using a state-specific pathway back to coverage. | D23: 1.1.1 Enrollment | E23: Administrative records | F23: 30 days | G23: Month 2 | H23: =IF(H22="","",H22) -> Y | I23: =IF(I22="","",I22) -> Y | K23: =IF(K22="","",K22) -> Version 4.0 | L23: =IF(L22="","",L22) -> Y | M23: 11/01/2024- 11/30/2024 | N23: n.a. | O23: 2632 | P23: n.a. | Q23: n.a. | R23: n.a. | S23: n.a. | T23: n.a. | U23: n.a. | V23: n.a. | W23: n.a. | X23: n.a. | Y23: n.a. | Z23: n.a. | AA23: 0 | AD23: 653 | AG23: 468 | AJ23: 496 | AM23: 408 | AP23: 607 | AS23: 1352 | AV23: 1280 | AY23: 1346 | BB23: 198 | BE23: 72 | BH23: 33 | BK23: 209 | BN23: 774 | BQ23: 157 | BT23: 1701 | BW23: 774 | BZ23: 580 | CC23: 693 | CF23: 0 | CI23: 0
A24: AD_4 | B24: New enrollees | C24: Number of beneficiaries in the demonstration who began a new enrollment spell during the measurement period, have not had Medicaid coverage within the prior 3 months and were not using a state-specific pathway back to coverage. | D24: 1.1.1 Enrollment | E24: Administrative records | F24: 30 days | G24: Month 3 | H24: =IF(H23="","",H23) -> Y | I24: =IF(I23="","",I23) -> Y | J24: =IF(J22="","",J22) | K24: =IF(K23="","",K23) -> Version 4.0 | L24: =IF(L23="","",L23) -> Y | M24: 12/01/2024- 12/31/2024 | N24: n.a. | O24: 3126 | P24: n.a. | Q24: n.a. | R24: n.a. | S24: n.a. | T24: n.a. | U24: n.a. | V24: n.a. | W24: n.a. | X24: n.a. | Y24: n.a. | Z24: n.a. | AA24: 0 | AD24: 780 | AG24: 692 | AJ24: 555 | AM24: 516 | AP24: 583 | AS24: 1751 | AV24: 1375 | AY24: 1595 | BB24: 232 | BE24: 73 | BH24: 18 | BK24: 268 | BN24: 940 | BQ24: 209 | BT24: 1977 | BW24: 940 | BZ24: 665 | CC24: 814 | CF24: 0 | CI24: 0
A25: AD_5 | B25: Re-enrollments or re-instatements using defined pathways after disenrollment or suspension of benefits for noncompliance with demonstration policies | C25: Number of beneficiaries in the demonstration who began a new enrollment spell (or had benefits re-instated) in the current measurement period by using a state-defined pathway for re-enrollment (or re-instatement of benefits). | D25: 1.1.1 Enrollment | E25: Administrative records | F25: 30 days | G25: Month 1 | H25: Y | I25: Y | N25: n.a. | P25: n.a. | Q25: n.a. | R25: n.a. | S25: n.a. | T25: n.a. | U25: n.a. | V25: n.a. | W25: n.a. | X25: n.a. | Y25: n.a. | Z25: n.a. | AB25: n.a. | AC25: n.a. | AE25: n.a. | AF25: n.a. | AH25: n.a. | AI25: n.a. | AK25: n.a. | AL25: n.a. | AN25: n.a. | AO25: n.a. | AQ25: n.a. | AR25: n.a. | AS25: n.a. | AT25: n.a. | AU25: n.a. | AV25: n.a. | AW25: n.a. | AX25: n.a. | AZ25: n.a. | BA25: n.a. | BC25: n.a. | BD25: n.a. | BF25: n.a. | BG25: n.a. | BI25: n.a. | BJ25: n.a. | BL25: n.a. | BM25: n.a. | BO25: n.a. | BP25: n.a. | BR25: n.a. | BS25: n.a. | BU25: n.a. | BV25: n.a. | BX25: n.a.
A26: AD_5 | B26: Re-enrollments or re-instatements using defined pathways after disenrollment or suspension of benefits for noncompliance with demonstration policies | D26: 1.1.1 Enrollment | E26: Administrative records | F26: 30 days | G26: Month 2 | H26: =IF(H25="","",H25) -> Y | I26: =IF(I25="","",I25) -> Y | J26: =IF(J25="","",J25) | K26: =IF(K25="","",K25) | L26: =IF(L25="","",L25) | N26: n.a. | P26: n.a. | Q26: n.a. | R26: n.a. | S26: n.a. | T26: n.a. | U26: n.a. | V26: n.a. | W26: n.a. | X26: n.a. | Y26: n.a. | Z26: n.a. | AB26: n.a. | AC26: n.a. | AE26: n.a. | AF26: n.a. | AH26: n.a. | AI26: n.a. | AK26: n.a. | AL26: n.a. | AN26: n.a. | AO26: n.a. | AQ26: n.a. | AR26: n.a. | AS26: n.a. | AT26: n.a. | AU26: n.a. | AV26: n.a. | AW26: n.a. | AX26: n.a. | AZ26: n.a. | BA26: n.a. | BC26: n.a. | BD26: n.a. | BF26: n.a. | BG26: n.a. | BI26: n.a. | BJ26: n.a. | BL26: n.a. | BM26: n.a. | BO26: n.a. | BP26: n.a. | BR26: n.a. | BS26: n.a. | BU26: n.a. | BV26: n.a. | BX26: n.a.
A27: AD_5 | B27: Re-enrollments or re-instatements using defined pathways after disenrollment or suspension of benefits for noncompliance with demonstration policies | D27: 1.1.1 Enrollment | E27: Administrative records | F27: 30 days | G27: Month 3 | H27: =IF(H26="","",H26) -> Y | I27: =IF(I26="","",I26) -> Y | J27: =IF(J26="","",J26) | K27: =IF(K26="","",K26) | L27: =IF(L26="","",L26) | N27: n.a. | P27: n.a. | Q27: n.a. | R27: n.a. | S27: n.a. | T27: n.a. | U27: n.a. | V27: n.a. | W27: n.a. | X27: n.a. | Y27: n.a. | Z27: n.a. | AB27: n.a. | AC27: n.a. | AE27: n.a. | AF27: n.a. | AH27: n.a. | AI27: n.a. | AK27: n.a. | AL27: n.a. | AN27: n.a. | AO27: n.a. | AQ27: n.a. | AR27: n.a. | AS27: n.a. | AT27: n.a. | AU27: n.a. | AV27: n.a. | AW27: n.a. | AX27: n.a. | AZ27: n.a. | BA27: n.a. | BC27: n.a. | BD27: n.a. | BF27: n.a. | BG27: n.a. | BI27: n.a. | BJ27: n.a. | BL27: n.a. | BM27: n.a. | BO27: n.a. | BP27: n.a. | BR27: n.a. | BS27: n.a. | BU27: n.a. | BV27: n.a. | BX27: n.a.
A28: AD_6 | B28: Re-enrollments or re-instatements for beneficiaries not using defined pathways after disenrollment or suspension of benefits for noncompliance | C28: Number of beneficiaries in the demonstration who began a new enrollment spell (or had benefits re-instated) in the current measurement period, have had Medicaid coverage within the prior 3 months, and are not using a state-specific pathway back to coverage. | D28: 1.1.1 Enrollment | E28: Administrative records | F28: 30 days | G28: Month 1 | H28: Y | I28: Y | K28: Version 4.0 | L28: N | M28: 10/01/2024- 10/31/2024 | N28: n.a. | O28: 0 | Q28: n.a. | R28: n.a. | S28: n.a. | T28: n.a. | U28: n.a. | V28: n.a. | W28: n.a. | X28: n.a. | Y28: n.a. | AA28: 0 | AD28: 0 | AG28: 0 | AJ28: 0 | AM28: 0 | AP28: 0 | AS28: 0 | AV28: 0 | AY28: 0 | BB28: 0 | BE28: 0 | BH28: 0 | BK28: 0 | BN28: 0 | BQ28: 0 | BT28: 0 | BW28: 0 | BZ28: 0 | CC28: 0 | CF28: 0 | CI28: 0
A29: AD_6 | B29: Re-enrollments or re-instatements for beneficiaries not using defined pathways after disenrollment or suspension of benefits for noncompliance | C29: Number of beneficiaries in the demonstration who began a new enrollment spell (or had benefits re-instated) in the current measurement period, have had Medicaid coverage within the prior 3 months, and are not using a state-specific pathway back to coverage. | D29: 1.1.1 Enrollment | E29: Administrative records | F29: 30 days | G29: Month 2 | H29: =IF(H28="","",H28) -> Y | I29: =IF(I28="","",I28) -> Y | J29: =IF(J28="","",J28) | K29: =IF(K28="","",K28) -> Version 4.0 | L29: =IF(L28="","",L28) -> N | M29: 11/01/2024- 11/30/2024 | N29: n.a. | O29: 0 | Q29: n.a. | R29: n.a. | S29: n.a. | T29: n.a. | U29: n.a. | V29: n.a. | W29: n.a. | X29: n.a. | Y29: n.a. | AA29: 0 | AD29: 0 | AG29: 0 | AJ29: 0 | AM29: 0 | AP29: 0 | AS29: 0 | AV29: 0 | AY29: 0 | BB29: 0 | BE29: 0 | BH29: 0 | BK29: 0 | BN29: 0 | BQ29: 0 | BT29: 0 | BW29: 0 | BZ29: 0 | CC29: 0 | CF29: 0 | CI29: 0
A30: AD_6 | B30: Re-enrollments or re-instatements for beneficiaries not using defined pathways after disenrollment or suspension of benefits for noncompliance | C30: Number of beneficiaries in the demonstration who began a new enrollment spell (or had benefits re-instated) in the current measurement period, have had Medicaid coverage within the prior 3 months, and are not using a state-specific pathway back to coverage. | D30: 1.1.1 Enrollment | E30: Administrative records | F30: 30 days | G30: Month 3 | H30: =IF(H29="","",H29) -> Y | I30: =IF(I29="","",I29) -> Y | J30: =IF(J29="","",J29) | K30: =IF(K29="","",K29) -> Version 4.0 | L30: =IF(L29="","",L29) -> N | M30: 12/01/2024- 12/31/2024 | N30: n.a. | O30: 0 | Q30: n.a. | R30: n.a. | S30: n.a. | T30: n.a. | U30: n.a. | V30: n.a. | W30: n.a. | X30: n.a. | Y30: n.a. | AA30: 0 | AD30: 0 | AG30: 0 | AJ30: 0 | AM30: 0 | AP30: 0 | AS30: 0 | AV30: 0 | AY30: 0 | BB30: 0 | BE30: 0 | BH30: 0 | BK30: 0 | BN30: 0 | BQ30: 0 | BT30: 0 | BW30: 0 | BZ30: 0 | CC30: 0 | CF30: 0 | CI30: 0
A31: AD_7 | B31: Beneficiaries determined ineligible for Medicaid, any reason, other than at renewal | C31: Total number of beneficiaries in the demonstration determined ineligible for Medicaid and disenrolled during the measurement period (separate reasons reported in other indicators), other than at renewal. | D31: 1.1.2 Mid-year loss of demonstration eligibility | E31: Administrative records | F31: 30 days | G31: Month 1 | H31: Y | I31: Y | K31: Version 4.0 | L31: N | M31: 10/01/2024- 10/31/2024 | N31: n.a. | O31: 2585 | Q31: n.a. | R31: n.a. | S31: n.a. | T31: n.a. | U31: n.a. | V31: n.a. | W31: n.a. | X31: n.a. | Y31: n.a. | AA31: 0 | AD31: 679 | AG31: 676 | AJ31: 572 | AM31: 383 | AP31: 275 | AS31: 1267 | AV31: 1318 | AY31: 1445 | BB31: 305 | BE31: 39 | BH31: 46 | BK31: 281 | BN31: 469 | BQ31: 205 | BT31: 1911 | BW31: 469 | BZ31: 632 | CC31: 624 | CF31: 0 | CI31: 0
A32: AD_7 | B32: Beneficiaries determined ineligible for Medicaid, any reason, other than at renewal | C32: Total number of beneficiaries in the demonstration determined ineligible for Medicaid and disenrolled during the measurement period (separate reasons reported in other indicators), other than at renewal. | D32: 1.1.2 Mid-year loss of demonstration eligibility | E32: Administrative records | F32: 30 days | G32: Month 2 | H32: =IF(H31="","",H31) -> Y | I32: =IF(I31="","",I31) -> Y | J32: =IF(J31="","",J31) | K32: =IF(K31="","",K31) -> Version 4.0 | L32: =IF(L31="","",L31) -> N | M32: 11/01/2024- 11/30/2024 | N32: n.a. | O32: 2251 | Q32: n.a. | R32: n.a. | S32: n.a. | T32: n.a. | U32: n.a. | V32: n.a. | W32: n.a. | X32: n.a. | Y32: n.a. | AA32: 0 | AD32: 556 | AG32: 576 | AJ32: 502 | AM32: 346 | AP32: 271 | AS32: 1095 | AV32: 1156 | AY32: 1201 | BB32: 327 | BE32: 51 | BH32: 27 | BK32: 213 | BN32: 432 | BQ32: 158 | BT32: 1661 | BW32: 432 | BZ32: 577 | CC32: 528 | CF32: 0 | CI32: 0
A33: AD_7 | B33: Beneficiaries determined ineligible for Medicaid, any reason, other than at renewal | C33: Total number of beneficiaries in the demonstration determined ineligible for Medicaid and disenrolled during the measurement period (separate reasons reported in other indicators), other than at renewal. | D33: 1.1.2 Mid-year loss of demonstration eligibility | E33: Administrative records | F33: 30 days | G33: Month 3 | H33: =IF(H32="","",H32) -> Y | I33: =IF(I32="","",I32) -> Y | J33: =IF(J32="","",J32) | K33: =IF(K32="","",K32) -> Version 4.0 | L33: =IF(L32="","",L32) -> N | M33: 12/01/2024- 12/31/2024 | N33: n.a. | O33: 3649 | Q33: n.a. | R33: n.a. | S33: n.a. | T33: n.a. | U33: n.a. | V33: n.a. | W33: n.a. | X33: n.a. | Y33: n.a. | AA33: 0 | AD33: 812 | AG33: 854 | AJ33: 692 | AM33: 551 | AP33: 740 | AS33: 1754 | AV33: 1895 | AY33: 2005 | BB33: 377 | BE33: 75 | BH33: 63 | BK33: 314 | BN33: 815 | BQ33: 237 | BT33: 2597 | BW33: 815 | BZ33: 857 | CC33: 912 | CF33: 0 | CI33: 0
A34: AD_8 | B34: Beneficiaries no longer eligible for Medicaid, failure to provide timely change in circumstance information | C34: Number of beneficiaries enrolled in the demonstration and who lost eligibility for Medicaid during the measurement period due to failure to provide timely change in circumstance information. | D34: 1.1.2 Mid-year loss of demonstration eligibility | E34: Administrative records | F34: 30 days | G34: Month 1 | H34: N | N34: n.a. | O34: n.a. | P34: n.a. | Q34: n.a. | R34: n.a. | S34: n.a. | T34: n.a. | U34: n.a. | V34: n.a. | W34: n.a. | X34: n.a. | Y34: n.a. | Z34: n.a. | AA34: n.a. | AB34: n.a. | AC34: n.a. | AD34: n.a. | AE34: n.a. | AF34: n.a. | AG34: n.a. | AH34: n.a. | AI34: n.a. | AJ34: n.a. | AK34: n.a. | AL34: n.a. | AM34: n.a. | AN34: n.a. | AO34: n.a. | AP34: n.a. | AQ34: n.a. | AR34: n.a. | AS34: n.a. | AT34: n.a. | AU34: n.a. | AV34: n.a. | AW34: n.a. | AX34: n.a. | AY34: n.a. | AZ34: n.a. | BA34: n.a. | BB34: n.a. | BC34: n.a. | BD34: n.a. | BE34: n.a. | BF34: n.a. | BG34: n.a. | BH34: n.a. | BI34: n.a. | BJ34: n.a. | BK34: n.a. | BL34: n.a. | BM34: n.a. | BN34: n.a. | BO34: n.a. | BP34: n.a. | BQ34: n.a. | BR34: n.a. | BS34: n.a. | BT34: n.a. | BU34: n.a. | BV34: n.a. | BW34: n.a. | BX34: n.a.
A35: AD_8 | B35: Beneficiaries no longer eligible for Medicaid, failure to provide timely change in circumstance information | C35: Number of beneficiaries enrolled in the demonstration and who lost eligibility for Medicaid during the measurement period due to failure to provide timely change in circumstance information. | D35: 1.1.2 Mid-year loss of demonstration eligibility | E35: Administrative records | F35: 30 days | G35: Month 2 | H35: =IF(H34="","",H34) -> N | I35: =IF(I34="","",I34) | J35: =IF(J34="","",J34) | K35: =IF(K34="","",K34) | L35: =IF(L34="","",L34) | N35: n.a. | O35: n.a. | P35: n.a. | Q35: n.a. | R35: n.a. | S35: n.a. | T35: n.a. | U35: n.a. | V35: n.a. | W35: n.a. | X35: n.a. | Y35: n.a. | Z35: n.a. | AA35: n.a. | AB35: n.a. | AC35: n.a. | AD35: n.a. | AE35: n.a. | AF35: n.a. | AG35: n.a. | AH35: n.a. | AI35: n.a. | AJ35: n.a. | AK35: n.a. | AL35: n.a. | AM35: n.a. | AN35: n.a. | AO35: n.a. | AP35: n.a. | AQ35: n.a. | AR35: n.a. | AS35: n.a. | AT35: n.a. | AU35: n.a. | AV35: n.a. | AW35: n.a. | AX35: n.a. | AY35: n.a. | AZ35: n.a. | BA35: n.a. | BB35: n.a. | BC35: n.a. | BD35: n.a. | BE35: n.a. | BF35: n.a. | BG35: n.a. | BH35: n.a. | BI35: n.a. | BJ35: n.a. | BK35: n.a. | BL35: n.a. | BM35: n.a. | BN35: n.a. | BO35: n.a. | BP35: n.a. | BQ35: n.a. | BR35: n.a. | BS35: n.a. | BT35: n.a. | BU35: n.a. | BV35: n.a. | BW35: n.a. | BX35: n.a.
A36: AD_8 | B36: Beneficiaries no longer eligible for Medicaid, failure to provide timely change in circumstance information | C36: Number of beneficiaries enrolled in the demonstration and who lost eligibility for Medicaid during the measurement period due to failure to provide timely change in circumstance information. | D36: 1.1.2 Mid-year loss of demonstration eligibility | E36: Administrative records | F36: 30 days | G36: Month 3 | H36: =IF(H35="","",H35) -> N | I36: =IF(I35="","",I35) | J36: =IF(J35="","",J35) | K36: =IF(K35="","",K35) | L36: =IF(L35="","",L35) | N36: n.a. | O36: n.a. | P36: n.a. | Q36: n.a. | R36: n.a. | S36: n.a. | T36: n.a. | U36: n.a. | V36: n.a. | W36: n.a. | X36: n.a. | Y36: n.a. | Z36: n.a. | AA36: n.a. | AB36: n.a. | AC36: n.a. | AD36: n.a. | AE36: n.a. | AF36: n.a. | AG36: n.a. | AH36: n.a. | AI36: n.a. | AJ36: n.a. | AK36: n.a. | AL36: n.a. | AM36: n.a. | AN36: n.a. | AO36: n.a. | AP36: n.a. | AQ36: n.a. | AR36: n.a. | AS36: n.a. | AT36: n.a. | AU36: n.a. | AV36: n.a. | AW36: n.a. | AX36: n.a. | AY36: n.a. | AZ36: n.a. | BA36: n.a. | BB36: n.a. | BC36: n.a. | BD36: n.a. | BE36: n.a. | BF36: n.a. | BG36: n.a. | BH36: n.a. | BI36: n.a. | BJ36: n.a. | BK36: n.a. | BL36: n.a. | BM36: n.a. | BN36: n.a. | BO36: n.a. | BP36: n.a. | BQ36: n.a. | BR36: n.a. | BS36: n.a. | BT36: n.a. | BU36: n.a. | BV36: n.a. | BW36: n.a. | BX36: n.a.
A37: AD_9 | B37: Beneficiaries determined ineligible for Medicaid after state processes a beneficiary-reported change in circumstance | C37: Number of beneficiaries who were enrolled in the demonstration and lost eligibility for Medicaid during the measurement period because they were determined ineligible after the state processed a change in circumstance, such as income or family household. | D37: 1.1.2 Mid-year loss of demonstration eligibility | E37: Administrative records | F37: 30 days | G37: Month 1 | H37: N | N37: n.a. | O37: n.a. | P37: n.a. | Q37: n.a. | R37: n.a. | S37: n.a. | T37: n.a. | U37: n.a. | V37: n.a. | W37: n.a. | X37: n.a. | Y37: n.a. | Z37: n.a. | AA37: n.a. | AB37: n.a. | AC37: n.a. | AD37: n.a. | AE37: n.a. | AF37: n.a. | AG37: n.a. | AH37: n.a. | AI37: n.a. | AJ37: n.a. | AK37: n.a. | AL37: n.a. | AM37: n.a. | AN37: n.a. | AO37: n.a. | AP37: n.a. | AQ37: n.a. | AR37: n.a. | AS37: n.a. | AT37: n.a. | AU37: n.a. | AV37: n.a. | AW37: n.a. | AX37: n.a. | AY37: n.a. | AZ37: n.a. | BA37: n.a. | BB37: n.a. | BC37: n.a. | BD37: n.a. | BE37: n.a. | BF37: n.a. | BG37: n.a. | BH37: n.a. | BI37: n.a. | BJ37: n.a. | BK37: n.a. | BL37: n.a. | BM37: n.a. | BN37: n.a. | BO37: n.a. | BP37: n.a. | BQ37: n.a. | BR37: n.a. | BS37: n.a. | BT37: n.a. | BU37: n.a. | BV37: n.a. | BW37: n.a. | BX37: n.a.
A38: AD_9 | B38: Beneficiaries determined ineligible for Medicaid after state processes a beneficiary-reported change in circumstance | D38: 1.1.2 Mid-year loss of demonstration eligibility | E38: Administrative records | F38: 30 days | G38: Month 2 | H38: =IF(H37="","",H37) -> N | I38: =IF(I37="","",I37) | J38: =IF(J37="","",J37) | K38: =IF(K37="","",K37) | L38: =IF(L37="","",L37) | N38: n.a. | O38: n.a. | P38: n.a. | Q38: n.a. | R38: n.a. | S38: n.a. | T38: n.a. | U38: n.a. | V38: n.a. | W38: n.a. | X38: n.a. | Y38: n.a. | Z38: n.a. | AA38: n.a. | AB38: n.a. | AC38: n.a. | AD38: n.a. | AE38: n.a. | AF38: n.a. | AG38: n.a. | AH38: n.a. | AI38: n.a. | AJ38: n.a. | AK38: n.a. | AL38: n.a. | AM38: n.a. | AN38: n.a. | AO38: n.a. | AP38: n.a. | AQ38: n.a. | AR38: n.a. | AS38: n.a. | AT38: n.a. | AU38: n.a. | AV38: n.a. | AW38: n.a. | AX38: n.a. | AY38: n.a. | AZ38: n.a. | BA38: n.a. | BB38: n.a. | BC38: n.a. | BD38: n.a. | BE38: n.a. | BF38: n.a. | BG38: n.a. | BH38: n.a. | BI38: n.a. | BJ38: n.a. | BK38: n.a. | BL38: n.a. | BM38: n.a. | BN38: n.a. | BO38: n.a. | BP38: n.a. | BQ38: n.a. | BR38: n.a. | BS38: n.a. | BT38: n.a. | BU38: n.a. | BV38: n.a. | BW38: n.a. | BX38: n.a.
A39: AD_9 | B39: Beneficiaries determined ineligible for Medicaid after state processes a beneficiary-reported change in circumstance | D39: 1.1.2 Mid-year loss of demonstration eligibility | E39: Administrative records | F39: 30 days | G39: Month 3 | H39: =IF(H38="","",H38) -> N | I39: =IF(I38="","",I38) | J39: =IF(J38="","",J38) | K39: =IF(K38="","",K38) | L39: =IF(L38="","",L38) | N39: n.a. | O39: n.a. | P39: n.a. | Q39: n.a. | R39: n.a. | S39: n.a. | T39: n.a. | U39: n.a. | V39: n.a. | W39: n.a. | X39: n.a. | Y39: n.a. | Z39: n.a. | AA39: n.a. | AB39: n.a. | AC39: n.a. | AD39: n.a. | AE39: n.a. | AF39: n.a. | AG39: n.a. | AH39: n.a. | AI39: n.a. | AJ39: n.a. | AK39: n.a. | AL39: n.a. | AM39: n.a. | AN39: n.a. | AO39: n.a. | AP39: n.a. | AQ39: n.a. | AR39: n.a. | AS39: n.a. | AT39: n.a. | AU39: n.a. | AV39: n.a. | AW39: n.a. | AX39: n.a. | AY39: n.a. | AZ39: n.a. | BA39: n.a. | BB39: n.a. | BC39: n.a. | BD39: n.a. | BE39: n.a. | BF39: n.a. | BG39: n.a. | BH39: n.a. | BI39: n.a. | BJ39: n.a. | BK39: n.a. | BL39: n.a. | BM39: n.a. | BN39: n.a. | BO39: n.a. | BP39: n.a. | BQ39: n.a. | BR39: n.a. | BS39: n.a. | BT39: n.a. | BU39: n.a. | BV39: n.a. | BW39: n.a. | BX39: n.a.
A40: AD_10 | B40: Beneficiaries no longer eligible for the demonstration due to transfer to another Medicaid eligibility group | C40: Number of beneficiaries who were enrolled in the demonstration and transferred from the demonstration to a Medicaid eligibility group not included in the demonstration during the measurement period. | D40: 1.1.2 Mid-year loss of demonstration eligibility | E40: Administrative records | F40: 30 days | G40: Month 1 | H40: Y | I40: Y | K40: Version 4.0 | L40: Y | M40: 10/01/2024- 10/31/2024 | N40: n.a. | O40: 1222 | Q40: n.a. | R40: n.a. | S40: n.a. | T40: n.a. | U40: n.a. | V40: n.a. | W40: n.a. | X40: n.a. | Y40: n.a. | AA40: 0 | AD40: 247 | AG40: 340 | AJ40: 294 | AM40: 174 | AP40: 167 | AS40: 408 | AV40: 814 | AY40: 726 | BB40: 139 | BE40: 39 | BH40: 21 | BK40: 142 | BN40: 155 | BQ40: 104 | BT40: 963 | BW40: 155 | BZ40: 666 | CC40: 39 | CF40: 0 | CI40: 0
A41: AD_10 | B41: Beneficiaries no longer eligible for the demonstration due to transfer to another Medicaid eligibility group | C41: Number of beneficiaries who were enrolled in the demonstration and transferred from the demonstration to a Medicaid eligibility group not included in the demonstration during the measurement period. | D41: 1.1.2 Mid-year loss of demonstration eligibility | E41: Administrative records | F41: 30 days | G41: Month 2 | H41: =IF(H40="","",H40) -> Y | I41: =IF(I40="","",I40) -> Y | J41: =IF(J40="","",J40) | K41: =IF(K40="","",K40) -> Version 4.0 | L41: =IF(L40="","",L40) -> Y | M41: 11/01/2024- 11/30/2024 | N41: n.a. | O41: 1244 | Q41: n.a. | R41: n.a. | S41: n.a. | T41: n.a. | U41: n.a. | V41: n.a. | W41: n.a. | X41: n.a. | Y41: n.a. | AA41: 0 | AD41: 255 | AG41: 296 | AJ41: 289 | AM41: 198 | AP41: 206 | AS41: 426 | AV41: 818 | AY41: 758 | BB41: 127 | BE41: 38 | BH41: 21 | BK41: 127 | BN41: 173 | BQ41: 87 | BT41: 984 | BW41: 173 | BZ41: 623 | CC41: 68 | CF41: 0 | CI41: 0
A42: AD_10 | B42: Beneficiaries no longer eligible for the demonstration due to transfer to another Medicaid eligibility group | C42: Number of beneficiaries who were enrolled in the demonstration and transferred from the demonstration to a Medicaid eligibility group not included in the demonstration during the measurement period. | D42: 1.1.2 Mid-year loss of demonstration eligibility | E42: Administrative records | F42: 30 days | G42: Month 3 | H42: =IF(H41="","",H41) -> Y | I42: =IF(I41="","",I41) -> Y | J42: =IF(J41="","",J41) | K42: =IF(K41="","",K41) -> Version 4.0 | L42: =IF(L41="","",L41) -> Y | M42: 12/01/2024- 12/31/2024 | N42: n.a. | O42: 1924 | Q42: n.a. | R42: n.a. | S42: n.a. | T42: n.a. | U42: n.a. | V42: n.a. | W42: n.a. | X42: n.a. | Y42: n.a. | AA42: 0 | AD42: 299 | AG42: 364 | AJ42: 354 | AM42: 338 | AP42: 569 | AS42: 780 | AV42: 1144 | AY42: 1223 | BB42: 183 | BE42: 30 | BH42: 32 | BK42: 153 | BN42: 303 | BQ42: 122 | BT42: 1499 | BW42: 303 | BZ42: 899 | CC42: 122 | CF42: 0 | CI42: 0
A43: AD_11 | B43: Beneficiaries no longer eligible for the demonstration due to transfer to CHIP | C43: Number of beneficiaries who were enrolled in the demonstration and transferred from the demonstration to CHIP during the measurement period. | D43: 1.1.2 Mid-year loss of demonstration eligibility | E43: Administrative records | F43: 30 days | G43: Month 1 | H43: N | N43: n.a. | P43: n.a. | Q43: n.a. | R43: n.a. | S43: n.a. | T43: n.a. | U43: n.a. | V43: n.a. | W43: n.a. | X43: n.a. | Y43: n.a. | Z43: n.a. | AB43: n.a. | AC43: n.a. | AE43: n.a. | AF43: n.a. | AH43: n.a. | AI43: n.a. | AK43: n.a. | AL43: n.a. | AN43: n.a. | AO43: n.a. | AQ43: n.a. | AR43: n.a. | AS43: n.a. | AT43: n.a. | AU43: n.a. | AV43: n.a. | AW43: n.a. | AX43: n.a. | AZ43: n.a. | BA43: n.a. | BC43: n.a. | BD43: n.a. | BF43: n.a. | BG43: n.a. | BI43: n.a. | BJ43: n.a. | BL43: n.a. | BM43: n.a. | BO43: n.a. | BP43: n.a. | BR43: n.a. | BS43: n.a. | BU43: n.a. | BV43: n.a. | BX43: n.a.
A44: AD_11 | B44: Beneficiaries no longer eligible for the demonstration due to transfer to CHIP | C44: Number of beneficiaries who were enrolled in the demonstration and transferred from the demonstration to CHIP during the measurement period. | D44: 1.1.2 Mid-year loss of demonstration eligibility | E44: Administrative records | F44: 30 days | G44: Month 2 | H44: =IF(H43="","",H43) -> N | I44: =IF(I43="","",I43) | J44: =IF(J43="","",J43) | K44: =IF(K43="","",K43) | L44: =IF(L43="","",L43) | N44: n.a. | P44: n.a. | Q44: n.a. | R44: n.a. | S44: n.a. | T44: n.a. | U44: n.a. | V44: n.a. | W44: n.a. | X44: n.a. | Y44: n.a. | Z44: n.a. | AB44: n.a. | AC44: n.a. | AE44: n.a. | AF44: n.a. | AH44: n.a. | AI44: n.a. | AK44: n.a. | AL44: n.a. | AN44: n.a. | AO44: n.a. | AQ44: n.a. | AR44: n.a. | AS44: n.a. | AT44: n.a. | AU44: n.a. | AV44: n.a. | AW44: n.a. | AX44: n.a. | AZ44: n.a. | BA44: n.a. | BC44: n.a. | BD44: n.a. | BF44: n.a. | BG44: n.a. | BI44: n.a. | BJ44: n.a. | BL44: n.a. | BM44: n.a. | BO44: n.a. | BP44: n.a. | BR44: n.a. | BS44: n.a. | BU44: n.a. | BV44: n.a. | BX44: n.a.
A45: AD_11 | B45: Beneficiaries no longer eligible for the demonstration due to transfer to CHIP | C45: Number of beneficiaries who were enrolled in the demonstration and transferred from the demonstration to CHIP during the measurement period. | D45: 1.1.2 Mid-year loss of demonstration eligibility | E45: Administrative records | F45: 30 days | G45: Month 3 | H45: =IF(H44="","",H44) -> N | I45: =IF(I44="","",I44) | J45: =IF(J44="","",J44) | K45: =IF(K44="","",K44) | L45: =IF(L44="","",L44) | N45: n.a. | P45: n.a. | Q45: n.a. | R45: n.a. | S45: n.a. | T45: n.a. | U45: n.a. | V45: n.a. | W45: n.a. | X45: n.a. | Y45: n.a. | Z45: n.a. | AB45: n.a. | AC45: n.a. | AE45: n.a. | AF45: n.a. | AH45: n.a. | AI45: n.a. | AK45: n.a. | AL45: n.a. | AN45: n.a. | AO45: n.a. | AQ45: n.a. | AR45: n.a. | AS45: n.a. | AT45: n.a. | AU45: n.a. | AV45: n.a. | AW45: n.a. | AX45: n.a. | AZ45: n.a. | BA45: n.a. | BC45: n.a. | BD45: n.a. | BF45: n.a. | BG45: n.a. | BI45: n.a. | BJ45: n.a. | BL45: n.a. | BM45: n.a. | BO45: n.a. | BP45: n.a. | BR45: n.a. | BS45: n.a. | BU45: n.a. | BV45: n.a. | BX45: n.a.
A46: AD_12 | B46: Enrollment duration 0-3 months | C46: Number of demonstration beneficiaries who lost eligibility for Medicaid during the measurement period and whose enrollment spell had lasted 3 or fewer months at the time of disenrollment. | D46: 1.1.3 Enrollment duration at time of disenrollment | E46: Administrative records | F46: 30 days | G46: Month 1 | H46: N | N46: n.a. | P46: n.a. | Q46: n.a. | R46: n.a. | S46: n.a. | T46: n.a. | U46: n.a. | V46: n.a. | W46: n.a. | X46: n.a. | Y46: n.a. | Z46: n.a. | AA46: n.a. | AB46: n.a. | AC46: n.a. | AD46: n.a. | AE46: n.a. | AF46: n.a. | AG46: n.a. | AH46: n.a. | AI46: n.a. | AJ46: n.a. | AK46: n.a. | AL46: n.a. | AM46: n.a. | AN46: n.a. | AO46: n.a. | AP46: n.a. | AQ46: n.a. | AR46: n.a. | AS46: n.a. | AT46: n.a. | AU46: n.a. | AV46: n.a. | AW46: n.a. | AX46: n.a. | AY46: n.a. | AZ46: n.a. | BA46: n.a. | BB46: n.a. | BC46: n.a. | BD46: n.a. | BE46: n.a. | BF46: n.a. | BG46: n.a. | BH46: n.a. | BI46: n.a. | BJ46: n.a. | BK46: n.a. | BL46: n.a. | BM46: n.a. | BN46: n.a. | BO46: n.a. | BP46: n.a. | BQ46: n.a. | BR46: n.a. | BS46: n.a. | BT46: n.a. | BU46: n.a. | BV46: n.a. | BW46: n.a. | BX46: n.a.
A47: AD_12 | B47: Enrollment duration 0-3 months | C47: Number of demonstration beneficiaries who lost eligibility for Medicaid during the measurement period and whose enrollment spell had lasted 3 or fewer months at the time of disenrollment. | D47: 1.1.3 Enrollment duration at time of disenrollment | E47: Administrative records | F47: 30 days | G47: Month 2 | H47: =IF(H46="","",H46) -> N | I47: =IF(I46="","",I46) | J47: =IF(J46="","",J46) | K47: =IF(K46="","",K46) | L47: =IF(L46="","",L46) | N47: n.a. | P47: n.a. | Q47: n.a. | R47: n.a. | S47: n.a. | T47: n.a. | U47: n.a. | V47: n.a. | W47: n.a. | X47: n.a. | Y47: n.a. | Z47: n.a. | AA47: n.a. | AB47: n.a. | AC47: n.a. | AD47: n.a. | AE47: n.a. | AF47: n.a. | AG47: n.a. | AH47: n.a. | AI47: n.a. | AJ47: n.a. | AK47: n.a. | AL47: n.a. | AM47: n.a. | AN47: n.a. | AO47: n.a. | AP47: n.a. | AQ47: n.a. | AR47: n.a. | AS47: n.a. | AT47: n.a. | AU47: n.a. | AV47: n.a. | AW47: n.a. | AX47: n.a. | AY47: n.a. | AZ47: n.a. | BA47: n.a. | BB47: n.a. | BC47: n.a. | BD47: n.a. | BE47: n.a. | BF47: n.a. | BG47: n.a. | BH47: n.a. | BI47: n.a. | BJ47: n.a. | BK47: n.a. | BL47: n.a. | BM47: n.a. | BN47: n.a. | BO47: n.a. | BP47: n.a. | BQ47: n.a. | BR47: n.a. | BS47: n.a. | BT47: n.a. | BU47: n.a. | BV47: n.a. | BW47: n.a. | BX47: n.a.
A48: AD_12 | B48: Enrollment duration 0-3 months | C48: Number of demonstration beneficiaries who lost eligibility for Medicaid during the measurement period and whose enrollment spell had lasted 3 or fewer months at the time of disenrollment. | D48: 1.1.3 Enrollment duration at time of disenrollment | E48: Administrative records | F48: 30 days | G48: Month 3 | H48: =IF(H47="","",H47) -> N | I48: =IF(I47="","",I47) | J48: =IF(J47="","",J47) | K48: =IF(K47="","",K47) | L48: =IF(L47="","",L47) | N48: n.a. | P48: n.a. | Q48: n.a. | R48: n.a. | S48: n.a. | T48: n.a. | U48: n.a. | V48: n.a. | W48: n.a. | X48: n.a. | Y48: n.a. | Z48: n.a. | AA48: n.a. | AB48: n.a. | AC48: n.a. | AD48: n.a. | AE48: n.a. | AF48: n.a. | AG48: n.a. | AH48: n.a. | AI48: n.a. | AJ48: n.a. | AK48: n.a. | AL48: n.a. | AM48: n.a. | AN48: n.a. | AO48: n.a. | AP48: n.a. | AQ48: n.a. | AR48: n.a. | AS48: n.a. | AT48: n.a. | AU48: n.a. | AV48: n.a. | AW48: n.a. | AX48: n.a. | AY48: n.a. | AZ48: n.a. | BA48: n.a. | BB48: n.a. | BC48: n.a. | BD48: n.a. | BE48: n.a. | BF48: n.a. | BG48: n.a. | BH48: n.a. | BI48: n.a. | BJ48: n.a. | BK48: n.a. | BL48: n.a. | BM48: n.a. | BN48: n.a. | BO48: n.a. | BP48: n.a. | BQ48: n.a. | BR48: n.a. | BS48: n.a. | BT48: n.a. | BU48: n.a. | BV48: n.a. | BW48: n.a. | BX48: n.a.
A49: AD_13 | B49: Enrollment duration 4-6 months | C49: Number of demonstration beneficiaries who lost eligibility for Medicaid during the measurement period whose enrollment spell had lasted between 4 and 6 months at the time of disenrollment. | D49: 1.1.3 Enrollment duration at time of disenrollment | E49: Administrative records | F49: 30 days | G49: Month 1 | H49: N | N49: n.a. | P49: n.a. | Q49: n.a. | R49: n.a. | S49: n.a. | T49: n.a. | U49: n.a. | V49: n.a. | W49: n.a. | X49: n.a. | Y49: n.a. | Z49: n.a. | AA49: n.a. | AB49: n.a. | AC49: n.a. | AD49: n.a. | AE49: n.a. | AF49: n.a. | AG49: n.a. | AH49: n.a. | AI49: n.a. | AJ49: n.a. | AK49: n.a. | AL49: n.a. | AM49: n.a. | AN49: n.a. | AO49: n.a. | AP49: n.a. | AQ49: n.a. | AR49: n.a. | AS49: n.a. | AT49: n.a. | AU49: n.a. | AV49: n.a. | AW49: n.a. | AX49: n.a. | AY49: n.a. | AZ49: n.a. | BA49: n.a. | BB49: n.a. | BC49: n.a. | BD49: n.a. | BE49: n.a. | BF49: n.a. | BG49: n.a. | BH49: n.a. | BI49: n.a. | BJ49: n.a. | BK49: n.a. | BL49: n.a. | BM49: n.a. | BN49: n.a. | BO49: n.a. | BP49: n.a. | BQ49: n.a. | BR49: n.a. | BS49: n.a. | BT49: n.a. | BU49: n.a. | BV49: n.a. | BW49: n.a. | BX49: n.a.
A50: AD_13 | B50: Enrollment duration 4-6 months | C50: Number of demonstration beneficiaries who lost eligibility for Medicaid during the measurement period whose enrollment spell had lasted between 4 and 6 months at the time of disenrollment. | D50: 1.1.3 Enrollment duration at time of disenrollment | E50: Administrative records | F50: 30 days | G50: Month 2 | H50: =IF(H49="","",H49) -> N | I50: =IF(I49="","",I49) | J50: =IF(J49="","",J49) | K50: =IF(K49="","",K49) | L50: =IF(L49="","",L49) | N50: n.a. | P50: n.a. | Q50: n.a. | R50: n.a. | S50: n.a. | T50: n.a. | U50: n.a. | V50: n.a. | W50: n.a. | X50: n.a. | Y50: n.a. | Z50: n.a. | AA50: n.a. | AB50: n.a. | AC50: n.a. | AD50: n.a. | AE50: n.a. | AF50: n.a. | AG50: n.a. | AH50: n.a. | AI50: n.a. | AJ50: n.a. | AK50: n.a. | AL50: n.a. | AM50: n.a. | AN50: n.a. | AO50: n.a. | AP50: n.a. | AQ50: n.a. | AR50: n.a. | AS50: n.a. | AT50: n.a. | AU50: n.a. | AV50: n.a. | AW50: n.a. | AX50: n.a. | AY50: n.a. | AZ50: n.a. | BA50: n.a. | BB50: n.a. | BC50: n.a. | BD50: n.a. | BE50: n.a. | BF50: n.a. | BG50: n.a. | BH50: n.a. | BI50: n.a. | BJ50: n.a. | BK50: n.a. | BL50: n.a. | BM50: n.a. | BN50: n.a. | BO50: n.a. | BP50: n.a. | BQ50: n.a. | BR50: n.a. | BS50: n.a. | BT50: n.a. | BU50: n.a. | BV50: n.a. | BW50: n.a. | BX50: n.a.
A51: AD_13 | B51: Enrollment duration 4-6 months | C51: Number of demonstration beneficiaries who lost eligibility for Medicaid during the measurement period whose enrollment spell had lasted between 4 and 6 months at the time of disenrollment. | D51: 1.1.3 Enrollment duration at time of disenrollment | E51: Administrative records | F51: 30 days | G51: Month 3 | H51: =IF(H50="","",H50) -> N | I51: =IF(I50="","",I50) | J51: =IF(J50="","",J50) | K51: =IF(K50="","",K50) | L51: =IF(L50="","",L50) | N51: n.a. | P51: n.a. | Q51: n.a. | R51: n.a. | S51: n.a. | T51: n.a. | U51: n.a. | V51: n.a. | W51: n.a. | X51: n.a. | Y51: n.a. | Z51: n.a. | AA51: n.a. | AB51: n.a. | AC51: n.a. | AD51: n.a. | AE51: n.a. | AF51: n.a. | AG51: n.a. | AH51: n.a. | AI51: n.a. | AJ51: n.a. | AK51: n.a. | AL51: n.a. | AM51: n.a. | AN51: n.a. | AO51: n.a. | AP51: n.a. | AQ51: n.a. | AR51: n.a. | AS51: n.a. | AT51: n.a. | AU51: n.a. | AV51: n.a. | AW51: n.a. | AX51: n.a. | AY51: n.a. | AZ51: n.a. | BA51: n.a. | BB51: n.a. | BC51: n.a. | BD51: n.a. | BE51: n.a. | BF51: n.a. | BG51: n.a. | BH51: n.a. | BI51: n.a. | BJ51: n.a. | BK51: n.a. | BL51: n.a. | BM51: n.a. | BN51: n.a. | BO51: n.a. | BP51: n.a. | BQ51: n.a. | BR51: n.a. | BS51: n.a. | BT51: n.a. | BU51: n.a. | BV51: n.a. | BW51: n.a. | BX51: n.a.
A52: AD_14 | B52: Enrollment duration 7-12 months | C52: Number of demonstration beneficiaries who lost eligibility for Medicaid during the measurement period whose enrollment spell had lasted 7 or more months (up to 12 months) at the time of disenrollment. | D52: 1.1.3 Enrollment duration at time of disenrollment | E52: Administrative records | F52: 30 days | G52: Month 1 | H52: N | N52: n.a. | P52: n.a. | Q52: n.a. | R52: n.a. | S52: n.a. | T52: n.a. | U52: n.a. | V52: n.a. | W52: n.a. | X52: n.a. | Y52: n.a. | Z52: n.a. | AA52: n.a. | AB52: n.a. | AC52: n.a. | AD52: n.a. | AE52: n.a. | AF52: n.a. | AG52: n.a. | AH52: n.a. | AI52: n.a. | AJ52: n.a. | AK52: n.a. | AL52: n.a. | AM52: n.a. | AN52: n.a. | AO52: n.a. | AP52: n.a. | AQ52: n.a. | AR52: n.a. | AS52: n.a. | AT52: n.a. | AU52: n.a. | AV52: n.a. | AW52: n.a. | AX52: n.a. | AY52: n.a. | AZ52: n.a. | BA52: n.a. | BB52: n.a. | BC52: n.a. | BD52: n.a. | BE52: n.a. | BF52: n.a. | BG52: n.a. | BH52: n.a. | BI52: n.a. | BJ52: n.a. | BK52: n.a. | BL52: n.a. | BM52: n.a. | BN52: n.a. | BO52: n.a. | BP52: n.a. | BQ52: n.a. | BR52: n.a. | BS52: n.a. | BT52: n.a. | BU52: n.a. | BV52: n.a. | BW52: n.a. | BX52: n.a.
A53: AD_14 | B53: Enrollment duration 7-12 months | C53: Number of demonstration beneficiaries who lost eligibility for Medicaid during the measurement period whose enrollment spell had lasted 7 or more months (up to 12 months) at the time of disenrollment. | D53: 1.1.3 Enrollment duration at time of disenrollment | E53: Administrative records | F53: 30 days | G53: Month 2 | H53: =IF(H52="","",H52) -> N | I53: =IF(I52="","",I52) | J53: =IF(J52="","",J52) | K53: =IF(K52="","",K52) | L53: =IF(L52="","",L52) | N53: n.a. | P53: n.a. | Q53: n.a. | R53: n.a. | S53: n.a. | T53: n.a. | U53: n.a. | V53: n.a. | W53: n.a. | X53: n.a. | Y53: n.a. | Z53: n.a. | AA53: n.a. | AB53: n.a. | AC53: n.a. | AD53: n.a. | AE53: n.a. | AF53: n.a. | AG53: n.a. | AH53: n.a. | AI53: n.a. | AJ53: n.a. | AK53: n.a. | AL53: n.a. | AM53: n.a. | AN53: n.a. | AO53: n.a. | AP53: n.a. | AQ53: n.a. | AR53: n.a. | AS53: n.a. | AT53: n.a. | AU53: n.a. | AV53: n.a. | AW53: n.a. | AX53: n.a. | AY53: n.a. | AZ53: n.a. | BA53: n.a. | BB53: n.a. | BC53: n.a. | BD53: n.a. | BE53: n.a. | BF53: n.a. | BG53: n.a. | BH53: n.a. | BI53: n.a. | BJ53: n.a. | BK53: n.a. | BL53: n.a. | BM53: n.a. | BN53: n.a. | BO53: n.a. | BP53: n.a. | BQ53: n.a. | BR53: n.a. | BS53: n.a. | BT53: n.a. | BU53: n.a. | BV53: n.a. | BW53: n.a. | BX53: n.a.
A54: AD_14 | B54: Enrollment duration 7-12 months | C54: Number of demonstration beneficiaries who lost eligibility for Medicaid during the measurement period whose enrollment spell had lasted 7 or more months (up to 12 months) at the time of disenrollment. | D54: 1.1.3 Enrollment duration at time of disenrollment | E54: Administrative records | F54: 30 days | G54: Month 3 | H54: =IF(H53="","",H53) -> N | I54: =IF(I53="","",I53) | J54: =IF(J53="","",J53) | K54: =IF(K53="","",K53) | L54: =IF(L53="","",L53) | N54: n.a. | P54: n.a. | Q54: n.a. | R54: n.a. | S54: n.a. | T54: n.a. | U54: n.a. | V54: n.a. | W54: n.a. | X54: n.a. | Y54: n.a. | Z54: n.a. | AA54: n.a. | AB54: n.a. | AC54: n.a. | AD54: n.a. | AE54: n.a. | AF54: n.a. | AG54: n.a. | AH54: n.a. | AI54: n.a. | AJ54: n.a. | AK54: n.a. | AL54: n.a. | AM54: n.a. | AN54: n.a. | AO54: n.a. | AP54: n.a. | AQ54: n.a. | AR54: n.a. | AS54: n.a. | AT54: n.a. | AU54: n.a. | AV54: n.a. | AW54: n.a. | AX54: n.a. | AY54: n.a. | AZ54: n.a. | BA54: n.a. | BB54: n.a. | BC54: n.a. | BD54: n.a. | BE54: n.a. | BF54: n.a. | BG54: n.a. | BH54: n.a. | BI54: n.a. | BJ54: n.a. | BK54: n.a. | BL54: n.a. | BM54: n.a. | BN54: n.a. | BO54: n.a. | BP54: n.a. | BQ54: n.a. | BR54: n.a. | BS54: n.a. | BT54: n.a. | BU54: n.a. | BV54: n.a. | BW54: n.a. | BX54: n.a.
A55: AD_15 | B55: Beneficiaries due for renewal | C55: Total number of beneficiaries enrolled in the demonstration who were due for renewal during the measurement period. | D55: 1.1.4 Renewal | E55: Administrative records | F55: 30 days | G55: Month 1 | H55: Y | I55: Y | K55: Version 4.0 | L55: N | M55: 10/01/2024- 10/31/2024 | N55: n.a. | O55: 17777 | Q55: n.a. | R55: n.a. | S55: n.a. | T55: n.a. | U55: n.a. | V55: n.a. | W55: n.a. | X55: n.a. | Y55: n.a. | AA55: 0 | AD55: 4093 | AG55: 3885 | AJ55: 3851 | AM55: 3105 | AP55: 2843 | AS55: 8331 | AV55: 9446 | AY55: 10386 | BB55: 1362 | BE55: 493 | BH55: 288 | BK55: 1761 | BN55: 3487 | BQ55: 1339 | BT55: 12951 | BW55: 3487 | BZ55: 4912 | CC55: 3402 | CF55: 0 | CI55: 0
A56: AD_15 | B56: Beneficiaries due for renewal | C56: Total number of beneficiaries enrolled in the demonstration who were due for renewal during the measurement period. | D56: 1.1.4 Renewal | E56: Administrative records | F56: 30 days | G56: Month 2 | H56: =IF(H55="","",H55) -> Y | I56: =IF(I55="","",I55) -> Y | J56: =IF(J55="","",J55) | K56: =IF(K55="","",K55) -> Version 4.0 | L56: =IF(L55="","",L55) -> N | M56: 11/01/2024- 11/30/2024 | N56: n.a. | O56: 16714 | Q56: n.a. | R56: n.a. | S56: n.a. | T56: n.a. | U56: n.a. | V56: n.a. | W56: n.a. | X56: n.a. | Y56: n.a. | AA56: 0 | AD56: 3437 | AG56: 4014 | AJ56: 3547 | AM56: 2937 | AP56: 2779 | AS56: 8528 | AV56: 8186 | AY56: 9829 | BB56: 1157 | BE56: 366 | BH56: 284 | BK56: 1335 | BN56: 3743 | BQ56: 989 | BT56: 11982 | BW56: 3743 | BZ56: 4387 | CC56: 2726 | CF56: 0 | CI56: 0
A57: AD_15 | B57: Beneficiaries due for renewal | C57: Total number of beneficiaries enrolled in the demonstration who were due for renewal during the measurement period. | D57: 1.1.4 Renewal | E57: Administrative records | F57: 30 days | G57: Month 3 | H57: =IF(H56="","",H56) -> Y | I57: =IF(I56="","",I56) -> Y | J57: =IF(J56="","",J56) | K57: =IF(K56="","",K56) -> Version 4.0 | L57: =IF(L56="","",L56) -> N | M57: 12/01/2024- 12/31/2024 | N57: n.a. | O57: 11964 | Q57: n.a. | R57: n.a. | S57: n.a. | T57: n.a. | U57: n.a. | V57: n.a. | W57: n.a. | X57: n.a. | Y57: n.a. | AA57: 0 | AD57: 2792 | AG57: 2771 | AJ57: 2523 | AM57: 2166 | AP57: 1712 | AS57: 6093 | AV57: 5871 | AY57: 7056 | BB57: 1095 | BE57: 247 | BH57: 210 | BK57: 1251 | BN57: 2105 | BQ57: 931 | BT57: 8928 | BW57: 2105 | BZ57: 2948 | CC57: 1818 | CF57: 0 | CI57: 0
A58: AD_16 | B58: Beneficiaries determined ineligible for the demonstration at renewal, disenrolled from Medicaid | C58: Number of beneficiaries enrolled in the demonstration and due for renewal during the measurement period who complete the renewal process and are determined ineligible for Medicaid. | D58: 1.1.4 Renewal | E58: Administrative records | F58: 30 days | G58: Month 1 | H58: Y | I58: Y | K58: Version 4.0 | L58: N | M58: 10/01/2024- 10/31/2024 | N58: n.a. | O58: 65 | Q58: n.a. | R58: n.a. | S58: n.a. | T58: n.a. | U58: n.a. | V58: n.a. | W58: n.a. | X58: n.a. | Y58: n.a. | AA58: 0 | AD58: 23 | AG58: 19 | AJ58: 10 | AM58: 10 | AP58: 3 | AS58: 26 | AV58: 39 | AY58: 31 | BB58: 8 | BE58: 6 | BH58: 0 | BK58: 10 | BN58: 10 | BQ58: 7 | BT58: 48 | BW58: 10 | BZ58: 24 | CC58: 24 | CF58: 0 | CI58: 0
A59: AD_16 | B59: Beneficiaries determined ineligible for the demonstration at renewal, disenrolled from Medicaid | C59: Number of beneficiaries enrolled in the demonstration and due for renewal during the measurement period who complete the renewal process and are determined ineligible for Medicaid. | D59: 1.1.4 Renewal | E59: Administrative records | F59: 30 days | G59: Month 2 | H59: =IF(H58="","",H58) -> Y | I59: =IF(I58="","",I58) -> Y | J59: =IF(J58="","",J58) | K59: =IF(K58="","",K58) -> Version 4.0 | L59: =IF(L58="","",L58) -> N | M59: 11/01/2024- 11/30/2024 | N59: n.a. | O59: 65 | Q59: n.a. | R59: n.a. | S59: n.a. | T59: n.a. | U59: n.a. | V59: n.a. | W59: n.a. | X59: n.a. | Y59: n.a. | AA59: 0 | AD59: 23 | AG59: 10 | AJ59: 22 | AM59: 7 | AP59: 3 | AS59: 26 | AV59: 39 | AY59: 36 | BB59: 4 | BE59: 5 | BH59: 0 | BK59: 9 | BN59: 11 | BQ59: 9 | BT59: 45 | BW59: 11 | BZ59: 21 | CC59: 25 | CF59: 0 | CI59: 0
A60: AD_16 | B60: Beneficiaries determined ineligible for the demonstration at renewal, disenrolled from Medicaid | C60: Number of beneficiaries enrolled in the demonstration and due for renewal during the measurement period who complete the renewal process and are determined ineligible for Medicaid. | D60: 1.1.4 Renewal | E60: Administrative records | F60: 30 days | G60: Month 3 | H60: =IF(H59="","",H59) -> Y | I60: =IF(I59="","",I59) -> Y | J60: =IF(J59="","",J59) | K60: =IF(K59="","",K59) -> Version 4.0 | L60: =IF(L59="","",L59) -> N | M60: 12/01/2024- 12/31/2024 | N60: n.a. | O60: 37 | Q60: n.a. | R60: n.a. | S60: n.a. | T60: n.a. | U60: n.a. | V60: n.a. | W60: n.a. | X60: n.a. | Y60: n.a. | AA60: 0 | AD60: 10 | AG60: 8 | AJ60: 14 | AM60: 4 | AP60: 1 | AS60: 11 | AV60: 26 | AY60: 18 | BB60: 1 | BE60: 6 | BH60: 0 | BK60: 7 | BN60: 5 | BQ60: 5 | BT60: 27 | BW60: 5 | BZ60: 7 | CC60: 25 | CF60: 0 | CI60: 0
A61: AD_17 | B61: Beneficiaries determined ineligible for the demonstration at renewal, transfer to another Medicaid eligibility category | C61: Number of beneficiaries enrolled in the demonstration and due for renewal during the measurement period who complete the renewal process and move from the demonstration to a Medicaid eligibility group not included in the demonstration. | D61: 1.1.4 Renewal | E61: Administrative records | F61: 30 days | G61: Month 1 | H61: Y | I61: Y | K61: Version 4.0 | L61: N | M61: 10/01/2024- 10/31/2024 | N61: n.a. | O61: 180 | Q61: n.a. | R61: n.a. | S61: n.a. | T61: n.a. | U61: n.a. | V61: n.a. | W61: n.a. | X61: n.a. | Y61: n.a. | AA61: 0 | AD61: 39 | AG61: 63 | AJ61: 55 | AM61: 19 | AP61: 4 | AS61: 43 | AV61: 137 | AY61: 113 | BB61: 21 | BE61: 4 | BH61: 4 | BK61: 23 | BN61: 15 | BQ61: 15 | BT61: 150 | BW61: 15 | BZ61: 83 | CC61: 53 | CF61: 0 | CI61: 0
A62: AD_17 | B62: Beneficiaries determined ineligible for the demonstration at renewal, transfer to another Medicaid eligibility category | C62: Number of beneficiaries enrolled in the demonstration and due for renewal during the measurement period who complete the renewal process and move from the demonstration to a Medicaid eligibility group not included in the demonstration. | D62: 1.1.4 Renewal | E62: Administrative records | F62: 30 days | G62: Month 2 | H62: =IF(H61="","",H61) -> Y | I62: =IF(I61="","",I61) -> Y | J62: =IF(J61="","",J61) | K62: =IF(K61="","",K61) -> Version 4.0 | L62: =IF(L61="","",L61) -> N | M62: 11/01/2024- 11/30/2024 | N62: n.a. | O62: 159 | Q62: n.a. | R62: n.a. | S62: n.a. | T62: n.a. | U62: n.a. | V62: n.a. | W62: n.a. | X62: n.a. | Y62: n.a. | AA62: 0 | AD62: 35 | AG62: 45 | AJ62: 46 | AM62: 19 | AP62: 14 | AS62: 42 | AV62: 117 | AY62: 92 | BB62: 23 | BE62: 3 | BH62: 6 | BK62: 15 | BN62: 20 | BQ62: 14 | BT62: 125 | BW62: 20 | BZ62: 64 | CC62: 44 | CF62: 0 | CI62: 0
A63: AD_17 | B63: Beneficiaries determined ineligible for the demonstration at renewal, transfer to another Medicaid eligibility category | C63: Number of beneficiaries enrolled in the demonstration and due for renewal during the measurement period who complete the renewal process and move from the demonstration to a Medicaid eligibility group not included in the demonstration. | D63: 1.1.4 Renewal | E63: Administrative records | F63: 30 days | G63: Month 3 | H63: =IF(H62="","",H62) -> Y | I63: =IF(I62="","",I62) -> Y | J63: =IF(J62="","",J62) | K63: =IF(K62="","",K62) -> Version 4.0 | L63: =IF(L62="","",L62) -> N | M63: 12/01/2024- 12/31/2024 | N63: n.a. | O63: 119 | Q63: n.a. | R63: n.a. | S63: n.a. | T63: n.a. | U63: n.a. | V63: n.a. | W63: n.a. | X63: n.a. | Y63: n.a. | AA63: 0 | AD63: 31 | AG63: 39 | AJ63: 23 | AM63: 16 | AP63: 10 | AS63: 36 | AV63: 83 | AY63: 76 | BB63: 14 | BE63: 0 | BH63: 3 | BK63: 11 | BN63: 15 | BQ63: 9 | BT63: 95 | BW63: 15 | BZ63: 44 | CC63: 25 | CF63: 0 | CI63: 0
A64: AD_18 | B64: Beneficiaries determined ineligible for the demonstration at renewal, transferred to CHIP | C64: Number of beneficiaries enrolled in the demonstration and due for renewal during the measurement period who complete the renewal process, but moved from the demonstration to CHIP. | D64: 1.1.4 Renewal | E64: Administrative records | F64: 30 days | G64: Month 1 | H64: N | N64: n.a. | P64: n.a. | Q64: n.a. | R64: n.a. | S64: n.a. | T64: n.a. | U64: n.a. | V64: n.a. | W64: n.a. | X64: n.a. | Y64: n.a. | Z64: n.a. | AB64: n.a. | AC64: n.a. | AE64: n.a. | AF64: n.a. | AH64: n.a. | AI64: n.a. | AK64: n.a. | AL64: n.a. | AN64: n.a. | AO64: n.a. | AQ64: n.a. | AR64: n.a. | AS64: n.a. | AT64: n.a. | AU64: n.a. | AV64: n.a. | AW64: n.a. | AX64: n.a. | AZ64: n.a. | BA64: n.a. | BC64: n.a. | BD64: n.a. | BF64: n.a. | BG64: n.a. | BI64: n.a. | BJ64: n.a. | BL64: n.a. | BM64: n.a. | BO64: n.a. | BP64: n.a. | BR64: n.a. | BS64: n.a. | BU64: n.a. | BV64: n.a. | BX64: n.a.
A65: AD_18 | B65: Beneficiaries determined ineligible for the demonstration at renewal, transferred to CHIP | C65: Number of beneficiaries enrolled in the demonstration and due for renewal during the measurement period who complete the renewal process, but moved from the demonstration to CHIP. | D65: 1.1.4 Renewal | E65: Administrative records | F65: 30 days | G65: Month 2 | H65: =IF(H64="","",H64) -> N | I65: =IF(I64="","",I64) | J65: =IF(J64="","",J64) | K65: =IF(K64="","",K64) | L65: =IF(L64="","",L64) | N65: n.a. | P65: n.a. | Q65: n.a. | R65: n.a. | S65: n.a. | T65: n.a. | U65: n.a. | V65: n.a. | W65: n.a. | X65: n.a. | Y65: n.a. | Z65: n.a. | AB65: n.a. | AC65: n.a. | AE65: n.a. | AF65: n.a. | AH65: n.a. | AI65: n.a. | AK65: n.a. | AL65: n.a. | AN65: n.a. | AO65: n.a. | AQ65: n.a. | AR65: n.a. | AS65: n.a. | AT65: n.a. | AU65: n.a. | AV65: n.a. | AW65: n.a. | AX65: n.a. | AZ65: n.a. | BA65: n.a. | BC65: n.a. | BD65: n.a. | BF65: n.a. | BG65: n.a. | BI65: n.a. | BJ65: n.a. | BL65: n.a. | BM65: n.a. | BO65: n.a. | BP65: n.a. | BR65: n.a. | BS65: n.a. | BU65: n.a. | BV65: n.a. | BX65: n.a.
A66: AD_18 | B66: Beneficiaries determined ineligible for the demonstration at renewal, transferred to CHIP | C66: Number of beneficiaries enrolled in the demonstration and due for renewal during the measurement period who complete the renewal process, but moved from the demonstration to CHIP. | D66: 1.1.4 Renewal | E66: Administrative records | F66: 30 days | G66: Month 3 | H66: =IF(H65="","",H65) -> N | I66: =IF(I65="","",I65) | J66: =IF(J65="","",J65) | K66: =IF(K65="","",K65) | L66: =IF(L65="","",L65) | N66: n.a. | P66: n.a. | Q66: n.a. | R66: n.a. | S66: n.a. | T66: n.a. | U66: n.a. | V66: n.a. | W66: n.a. | X66: n.a. | Y66: n.a. | Z66: n.a. | AB66: n.a. | AC66: n.a. | AE66: n.a. | AF66: n.a. | AH66: n.a. | AI66: n.a. | AK66: n.a. | AL66: n.a. | AN66: n.a. | AO66: n.a. | AQ66: n.a. | AR66: n.a. | AS66: n.a. | AT66: n.a. | AU66: n.a. | AV66: n.a. | AW66: n.a. | AX66: n.a. | AZ66: n.a. | BA66: n.a. | BC66: n.a. | BD66: n.a. | BF66: n.a. | BG66: n.a. | BI66: n.a. | BJ66: n.a. | BL66: n.a. | BM66: n.a. | BO66: n.a. | BP66: n.a. | BR66: n.a. | BS66: n.a. | BU66: n.a. | BV66: n.a. | BX66: n.a.
A67: AD_19 | B67: Beneficiaries who did not complete renewal, disenrolled from Medicaid | C67: Number of beneficiaries enrolled in the demonstration and due for renewal during the measurement period who are disenrolled from Medicaid for failure to complete the renewal process. | D67: 1.1.4 Renewal | E67: Administrative records | F67: 30 days | G67: Month 1 | H67: Y | I67: Y | K67: Version 4.0 | L67: N | M67: 10/01/2024- 10/31/2024 | N67: n.a. | O67: 3064 | Q67: n.a. | R67: n.a. | S67: n.a. | T67: n.a. | U67: n.a. | V67: n.a. | W67: n.a. | X67: n.a. | Y67: n.a. | AA67: 0 | AD67: 844 | AG67: 676 | AJ67: 681 | AM67: 466 | AP67: 397 | AS67: 1430 | AV67: 1634 | AY67: 1651 | BB67: 264 | BE67: 75 | BH67: 56 | BK67: 425 | BN67: 593 | BQ67: 325 | BT67: 2146 | BW67: 593 | BZ67: 780 | CC67: 668 | CF67: 0 | CI67: 0
A68: AD_19 | B68: Beneficiaries who did not complete renewal, disenrolled from Medicaid | C68: Number of beneficiaries enrolled in the demonstration and due for renewal during the measurement period who are disenrolled from Medicaid for failure to complete the renewal process. | D68: 1.1.4 Renewal | E68: Administrative records | F68: 30 days | G68: Month 2 | H68: =IF(H67="","",H67) -> Y | I68: =IF(I67="","",I67) -> Y | J68: =IF(J67="","",J67) | K68: =IF(K67="","",K67) -> Version 4.0 | L68: =IF(L67="","",L67) -> N | M68: 11/01/2024- 11/30/2024 | N68: n.a. | O68: 2709 | Q68: n.a. | R68: n.a. | S68: n.a. | T68: n.a. | U68: n.a. | V68: n.a. | W68: n.a. | X68: n.a. | Y68: n.a. | AA68: 0 | AD68: 698 | AG68: 681 | AJ68: 542 | AM68: 405 | AP68: 383 | AS68: 1409 | AV68: 1300 | AY68: 1442 | BB68: 277 | BE68: 62 | BH68: 46 | BK68: 325 | BN68: 557 | BQ68: 248 | BT68: 1904 | BW68: 557 | BZ68: 649 | CC68: 520 | CF68: 0 | CI68: 0
A69: AD_19 | B69: Beneficiaries who did not complete renewal, disenrolled from Medicaid | C69: Number of beneficiaries enrolled in the demonstration and due for renewal during the measurement period who are disenrolled from Medicaid for failure to complete the renewal process. | D69: 1.1.4 Renewal | E69: Administrative records | F69: 30 days | G69: Month 3 | H69: =IF(H68="","",H68) -> Y | I69: =IF(I68="","",I68) -> Y | J69: =IF(J68="","",J68) | K69: =IF(K68="","",K68) -> Version 4.0 | L69: =IF(L68="","",L68) -> N | M69: 12/01/2024- 12/31/2024 | N69: n.a. | O69: 2097 | Q69: n.a. | R69: n.a. | S69: n.a. | T69: n.a. | U69: n.a. | V69: n.a. | W69: n.a. | X69: n.a. | Y69: n.a. | AA69: 0 | AD69: 598 | AG69: 503 | AJ69: 442 | AM69: 318 | AP69: 236 | AS69: 1051 | AV69: 1046 | AY69: 1102 | BB69: 221 | BE69: 47 | BH69: 40 | BK69: 337 | BN69: 350 | BQ69: 242 | BT69: 1505 | BW69: 350 | BZ69: 474 | CC69: 384 | CF69: 0 | CI69: 0
A70: AD_20 | B70: Beneficiaries who had pending/uncompleted renewals and were still enrolled | C70: Number of beneficiaries enrolled in the demonstration and due for renewal during the measurement period for whom the state had not completed renewal determination by the end of the measurement period and were still enrolled. | D70: 1.1.4 Renewal | E70: Administrative records | F70: 30 days | G70: Month 1 | H70: N | N70: n.a. | O70: n.a. | P70: n.a. | Q70: n.a. | R70: n.a. | S70: n.a. | T70: n.a. | U70: n.a. | V70: n.a. | W70: n.a. | X70: n.a. | Y70: n.a. | Z70: n.a. | AA70: n.a. | AB70: n.a. | AC70: n.a. | AD70: n.a. | AE70: n.a. | AF70: n.a. | AG70: n.a. | AH70: n.a. | AI70: n.a. | AJ70: n.a. | AK70: n.a. | AL70: n.a. | AM70: n.a. | AN70: n.a. | AO70: n.a. | AP70: n.a. | AQ70: n.a. | AR70: n.a. | AS70: n.a. | AT70: n.a. | AU70: n.a. | AV70: n.a. | AW70: n.a. | AX70: n.a. | AY70: n.a. | AZ70: n.a. | BA70: n.a. | BB70: n.a. | BC70: n.a. | BD70: n.a. | BE70: n.a. | BF70: n.a. | BG70: n.a. | BH70: n.a. | BI70: n.a. | BJ70: n.a. | BK70: n.a. | BL70: n.a. | BM70: n.a. | BN70: n.a. | BO70: n.a. | BP70: n.a. | BQ70: n.a. | BR70: n.a. | BS70: n.a. | BT70: n.a. | BU70: n.a. | BV70: n.a. | BW70: n.a. | BX70: n.a.
A71: AD_20 | B71: Beneficiaries who had pending/uncompleted renewals and were still enrolled | D71: 1.1.4 Renewal | E71: Administrative records | F71: 30 days | G71: Month 2 | H71: =IF(H70="","",H70) -> N | I71: =IF(I70="","",I70) | J71: =IF(J70="","",J70) | K71: =IF(K70="","",K70) | L71: =IF(L70="","",L70) | N71: n.a. | O71: n.a. | P71: n.a. | Q71: n.a. | R71: n.a. | S71: n.a. | T71: n.a. | U71: n.a. | V71: n.a. | W71: n.a. | X71: n.a. | Y71: n.a. | Z71: n.a. | AA71: n.a. | AB71: n.a. | AC71: n.a. | AD71: n.a. | AE71: n.a. | AF71: n.a. | AG71: n.a. | AH71: n.a. | AI71: n.a. | AJ71: n.a. | AK71: n.a. | AL71: n.a. | AM71: n.a. | AN71: n.a. | AO71: n.a. | AP71: n.a. | AQ71: n.a. | AR71: n.a. | AS71: n.a. | AT71: n.a. | AU71: n.a. | AV71: n.a. | AW71: n.a. | AX71: n.a. | AY71: n.a. | AZ71: n.a. | BA71: n.a. | BB71: n.a. | BC71: n.a. | BD71: n.a. | BE71: n.a. | BF71: n.a. | BG71: n.a. | BH71: n.a. | BI71: n.a. | BJ71: n.a. | BK71: n.a. | BL71: n.a. | BM71: n.a. | BN71: n.a. | BO71: n.a. | BP71: n.a. | BQ71: n.a. | BR71: n.a. | BS71: n.a. | BT71: n.a. | BU71: n.a. | BV71: n.a. | BW71: n.a. | BX71: n.a.
A72: AD_20 | B72: Beneficiaries who had pending/uncompleted renewals and were still enrolled | D72: 1.1.4 Renewal | E72: Administrative records | F72: 30 days | G72: Month 3 | H72: =IF(H71="","",H71) -> N | I72: =IF(I71="","",I71) | J72: =IF(J71="","",J71) | K72: =IF(K71="","",K71) | L72: =IF(L71="","",L71) | N72: n.a. | O72: n.a. | P72: n.a. | Q72: n.a. | R72: n.a. | S72: n.a. | T72: n.a. | U72: n.a. | V72: n.a. | W72: n.a. | X72: n.a. | Y72: n.a. | Z72: n.a. | AA72: n.a. | AB72: n.a. | AC72: n.a. | AD72: n.a. | AE72: n.a. | AF72: n.a. | AG72: n.a. | AH72: n.a. | AI72: n.a. | AJ72: n.a. | AK72: n.a. | AL72: n.a. | AM72: n.a. | AN72: n.a. | AO72: n.a. | AP72: n.a. | AQ72: n.a. | AR72: n.a. | AS72: n.a. | AT72: n.a. | AU72: n.a. | AV72: n.a. | AW72: n.a. | AX72: n.a. | AY72: n.a. | AZ72: n.a. | BA72: n.a. | BB72: n.a. | BC72: n.a. | BD72: n.a. | BE72: n.a. | BF72: n.a. | BG72: n.a. | BH72: n.a. | BI72: n.a. | BJ72: n.a. | BK72: n.a. | BL72: n.a. | BM72: n.a. | BN72: n.a. | BO72: n.a. | BP72: n.a. | BQ72: n.a. | BR72: n.a. | BS72: n.a. | BT72: n.a. | BU72: n.a. | BV72: n.a. | BW72: n.a. | BX72: n.a.
A73: AD_21 | B73: Beneficiaries who retained eligibility for the demonstration after completing renewal forms | C73: Number of beneficiaries enrolled in the demonstration and due for renewal during the measurement period who remained enrolled in the demonstration after responding to renewal notices. | D73: 1.1.4 Renewal | E73: Administrative records | F73: 30 days | G73: Month 1 | H73: Y | I73: Y | K73: Version 4.0 | L73: N | M73: 10/01/2024- 10/31/2024 | N73: n.a. | O73: 13815 | Q73: n.a. | R73: n.a. | S73: n.a. | T73: n.a. | U73: n.a. | V73: n.a. | W73: n.a. | X73: n.a. | Y73: n.a. | AA73: 0 | AD73: 2911 | AG73: 3059 | AJ73: 3003 | AM73: 2525 | AP73: 2317 | AS73: 6525 | AV73: 7290 | AY73: 8235 | BB73: 1022 | BE73: 391 | BH73: 222 | BK73: 1212 | BN73: 2733 | BQ73: 910 | BT73: 10172 | BW73: 2733 | BZ73: 3928 | CC73: 2430 | CF73: 0 | CI73: 0
A74: AD_21 | B74: Beneficiaries who retained eligibility for the demonstration after completing renewal forms | C74: Number of beneficiaries enrolled in the demonstration and due for renewal during the measurement period who remained enrolled in the demonstration after responding to renewal notices. | D74: 1.1.4 Renewal | E74: Administrative records | F74: 30 days | G74: Month 2 | H74: =IF(H73="","",H73) -> Y | I74: =IF(I73="","",I73) -> Y | J74: =IF(J73="","",J73) | K74: =IF(K73="","",K73) -> Version 4.0 | L74: =IF(L73="","",L73) -> N | M74: 11/01/2024- 11/30/2024 | N74: n.a. | O74: 13474 | Q74: n.a. | R74: n.a. | S74: n.a. | T74: n.a. | U74: n.a. | V74: n.a. | W74: n.a. | X74: n.a. | Y74: n.a. | AA74: 0 | AD74: 2548 | AG74: 3254 | AJ74: 2885 | AM74: 2478 | AP74: 2309 | AS74: 6883 | AV74: 6591 | AY74: 8094 | BB74: 849 | BE74: 296 | BH74: 238 | BK74: 937 | BN74: 3060 | BQ74: 681 | BT74: 9733 | BW74: 3060 | BZ74: 3587 | CC74: 2017 | CF74: 0 | CI74: 0
A75: AD_21 | B75: Beneficiaries who retained eligibility for the demonstration after completing renewal forms | C75: Number of beneficiaries enrolled in the demonstration and due for renewal during the measurement period who remained enrolled in the demonstration after responding to renewal notices. | D75: 1.1.4 Renewal | E75: Administrative records | F75: 30 days | G75: Month 3 | H75: =IF(H74="","",H74) -> Y | I75: =IF(I74="","",I74) -> Y | J75: =IF(J74="","",J74) | K75: =IF(K74="","",K74) -> Version 4.0 | L75: =IF(L74="","",L74) -> N | M75: 12/01/2024- 12/31/2024 | N75: n.a. | O75: 9409 | Q75: n.a. | R75: n.a. | S75: n.a. | T75: n.a. | U75: n.a. | V75: n.a. | W75: n.a. | X75: n.a. | Y75: n.a. | AA75: 0 | AD75: 2049 | AG75: 2197 | AJ75: 1980 | AM75: 1772 | AP75: 1411 | AS75: 4837 | AV75: 4572 | AY75: 5698 | BB75: 825 | BE75: 191 | BH75: 162 | BK75: 861 | BN75: 1672 | BQ75: 647 | BT75: 7090 | BW75: 1672 | BZ75: 2364 | CC75: 1257 | CF75: 0 | CI75: 0
A76: AD_22 | B76: Beneficiaries who renewed ex parte | C76: Number of beneficiaries enrolled in the demonstration and due for renewal during the measurement period who remained enrolled as determined by third-party data sources or available information, rather than beneficiary response to renewal notices. | D76: 1.1.4 Renewal | E76: Administrative records | F76: 30 days | G76: Month 1 | H76: N | N76: n.a. | O76: n.a. | P76: n.a. | Q76: n.a. | R76: n.a. | S76: n.a. | T76: n.a. | U76: n.a. | V76: n.a. | W76: n.a. | X76: n.a. | Y76: n.a. | Z76: n.a. | AA76: n.a. | AB76: n.a. | AC76: n.a. | AD76: n.a. | AE76: n.a. | AF76: n.a. | AG76: n.a. | AH76: n.a. | AI76: n.a. | AJ76: n.a. | AK76: n.a. | AL76: n.a. | AM76: n.a. | AN76: n.a. | AO76: n.a. | AP76: n.a. | AQ76: n.a. | AR76: n.a. | AS76: n.a. | AT76: n.a. | AU76: n.a. | AV76: n.a. | AW76: n.a. | AX76: n.a. | AY76: n.a. | AZ76: n.a. | BA76: n.a. | BB76: n.a. | BC76: n.a. | BD76: n.a. | BE76: n.a. | BF76: n.a. | BG76: n.a. | BH76: n.a. | BI76: n.a. | BJ76: n.a. | BK76: n.a. | BL76: n.a. | BM76: n.a. | BN76: n.a. | BO76: n.a. | BP76: n.a. | BQ76: n.a. | BR76: n.a. | BS76: n.a. | BT76: n.a. | BU76: n.a. | BV76: n.a. | BW76: n.a. | BX76: n.a.
A77: AD_22 | B77: Beneficiaries who renewed ex parte | D77: 1.1.4 Renewal | E77: Administrative records | F77: 30 days | G77: Month 2 | H77: =IF(H76="","",H76) -> N | I77: =IF(I76="","",I76) | J77: =IF(J76="","",J76) | K77: =IF(K76="","",K76) | L77: =IF(L76="","",L76) | N77: n.a. | O77: n.a. | P77: n.a. | Q77: n.a. | R77: n.a. | S77: n.a. | T77: n.a. | U77: n.a. | V77: n.a. | W77: n.a. | X77: n.a. | Y77: n.a. | Z77: n.a. | AA77: n.a. | AB77: n.a. | AC77: n.a. | AD77: n.a. | AE77: n.a. | AF77: n.a. | AG77: n.a. | AH77: n.a. | AI77: n.a. | AJ77: n.a. | AK77: n.a. | AL77: n.a. | AM77: n.a. | AN77: n.a. | AO77: n.a. | AP77: n.a. | AQ77: n.a. | AR77: n.a. | AS77: n.a. | AT77: n.a. | AU77: n.a. | AV77: n.a. | AW77: n.a. | AX77: n.a. | AY77: n.a. | AZ77: n.a. | BA77: n.a. | BB77: n.a. | BC77: n.a. | BD77: n.a. | BE77: n.a. | BF77: n.a. | BG77: n.a. | BH77: n.a. | BI77: n.a. | BJ77: n.a. | BK77: n.a. | BL77: n.a. | BM77: n.a. | BN77: n.a. | BO77: n.a. | BP77: n.a. | BQ77: n.a. | BR77: n.a. | BS77: n.a. | BT77: n.a. | BU77: n.a. | BV77: n.a. | BW77: n.a. | BX77: n.a.
A78: AD_22 | B78: Beneficiaries who renewed ex parte | D78: 1.1.4 Renewal | E78: Administrative records | F78: 30 days | G78: Month 3 | H78: =IF(H77="","",H77) -> N | I78: =IF(I77="","",I77) | J78: =IF(J77="","",J77) | K78: =IF(K77="","",K77) | L78: =IF(L77="","",L77) | N78: n.a. | O78: n.a. | P78: n.a. | Q78: n.a. | R78: n.a. | S78: n.a. | T78: n.a. | U78: n.a. | V78: n.a. | W78: n.a. | X78: n.a. | Y78: n.a. | Z78: n.a. | AA78: n.a. | AB78: n.a. | AC78: n.a. | AD78: n.a. | AE78: n.a. | AF78: n.a. | AG78: n.a. | AH78: n.a. | AI78: n.a. | AJ78: n.a. | AK78: n.a. | AL78: n.a. | AM78: n.a. | AN78: n.a. | AO78: n.a. | AP78: n.a. | AQ78: n.a. | AR78: n.a. | AS78: n.a. | AT78: n.a. | AU78: n.a. | AV78: n.a. | AW78: n.a. | AX78: n.a. | AY78: n.a. | AZ78: n.a. | BA78: n.a. | BB78: n.a. | BC78: n.a. | BD78: n.a. | BE78: n.a. | BF78: n.a. | BG78: n.a. | BH78: n.a. | BI78: n.a. | BJ78: n.a. | BK78: n.a. | BL78: n.a. | BM78: n.a. | BN78: n.a. | BO78: n.a. | BP78: n.a. | BQ78: n.a. | BR78: n.a. | BS78: n.a. | BT78: n.a. | BU78: n.a. | BV78: n.a. | BW78: n.a. | BX78: n.a.
A79: AD_23 | B79: Monthly count of beneficiaries who reached 5% limit | C79: Number of beneficiaries enrolled in the demonstration who reached the 5% of income limit on cost sharing and premiums during the month. | D79: 1.1.5 Cost sharing limit | E79: Administrative records | F79: 30 days | G79: Month 1 | H79: Y | K79: Version 4.0 | L79: N | M79: 10/01/2024- 10/31/2024 | N79: n.a. | O79: 264 | Q79: n.a. | R79: n.a. | S79: n.a. | T79: n.a. | U79: n.a. | V79: n.a. | W79: n.a. | X79: n.a. | Y79: n.a. | AA79: 0 | AD79: 83 | AG79: 71 | AJ79: 49 | AM79: 36 | AP79: 25 | AS79: 124 | AV79: 140 | AY79: 156 | BB79: 22 | BE79: 4 | BH79: 0 | BK79: 28 | BN79: 54 | BQ79: 24 | BT79: 186 | BW79: 54 | BZ79: 90 | CC79: 168 | CF79: 0 | CI79: 0
A80: AD_23 | B80: Monthly count of beneficiaries who reached 5% limit | C80: Number of beneficiaries enrolled in the demonstration who reached the 5% of income limit on cost sharing and premiums during the month. | D80: 1.1.5 Cost sharing limit | E80: Administrative records | F80: 30 days | G80: Month 2 | H80: =IF(H79="","",H79) -> Y | I80: =IF(I79="","",I79) | J80: =IF(J79="","",J79) | K80: =IF(K79="","",K79) -> Version 4.0 | L80: =IF(L79="","",L79) -> N | M80: 11/01/2024- 11/30/2024 | N80: n.a. | O80: 488 | Q80: n.a. | R80: n.a. | S80: n.a. | T80: n.a. | U80: n.a. | V80: n.a. | W80: n.a. | X80: n.a. | Y80: n.a. | AA80: 0 | AD80: 164 | AG80: 114 | AJ80: 84 | AM80: 70 | AP80: 56 | AS80: 211 | AV80: 277 | AY80: 287 | BB80: 47 | BE80: 16 | BH80: 0 | BK80: 45 | BN80: 93 | BQ80: 35 | BT80: 360 | BW80: 93 | BZ80: 104 | CC80: 373 | CF80: 0 | CI80: 0
A81: AD_23 | B81: Monthly count of beneficiaries who reached 5% limit | C81: Number of beneficiaries enrolled in the demonstration who reached the 5% of income limit on cost sharing and premiums during the month. | D81: 1.1.5 Cost sharing limit | E81: Administrative records | F81: 30 days | G81: Month 3 | H81: =IF(H80="","",H80) -> Y | I81: =IF(I80="","",I80) | J81: =IF(J80="","",J80) | K81: =IF(K80="","",K80) -> Version 4.0 | L81: =IF(L80="","",L80) -> N | M81: 12/01/2024- 12/31/2024 | N81: n.a. | O81: 352 | Q81: n.a. | R81: n.a. | S81: n.a. | T81: n.a. | U81: n.a. | V81: n.a. | W81: n.a. | X81: n.a. | Y81: n.a. | AA81: 0 | AD81: 110 | AG81: 77 | AJ81: 65 | AM81: 59 | AP81: 41 | AS81: 162 | AV81: 190 | AY81: 204 | BB81: 29 | BE81: 12 | BH81: 0 | BK81: 31 | BN81: 76 | BQ81: 26 | BT81: 250 | BW81: 76 | BZ81: 89 | CC81: 247 | CF81: 0 | CI81: 0
A82: AD_24 | B82: Appeals, eligibility | C82: Number of appeals filed by beneficiaries enrolled in the demonstration during the measurement period regarding Medicaid eligibility. | D82: 1.1.6 Appeals and grievances | E82: Administrative records | F82: None | G82: Quarter | H82: N | N82: n.a. | P82: n.a. | Q82: n.a. | R82: n.a. | S82: n.a. | T82: n.a. | U82: n.a. | V82: n.a. | W82: n.a. | X82: n.a. | Y82: n.a. | Z82: n.a. | AA82: n.a. | AB82: n.a. | AC82: n.a. | AD82: n.a. | AE82: n.a. | AF82: n.a. | AG82: n.a. | AH82: n.a. | AI82: n.a. | AJ82: n.a. | AK82: n.a. | AL82: n.a. | AM82: n.a. | AN82: n.a. | AO82: n.a. | AP82: n.a. | AQ82: n.a. | AR82: n.a. | AS82: n.a. | AT82: n.a. | AU82: n.a. | AV82: n.a. | AW82: n.a. | AX82: n.a. | AY82: n.a. | AZ82: n.a. | BA82: n.a. | BB82: n.a. | BC82: n.a. | BD82: n.a. | BE82: n.a. | BF82: n.a. | BG82: n.a. | BH82: n.a. | BI82: n.a. | BJ82: n.a. | BK82: n.a. | BL82: n.a. | BM82: n.a. | BN82: n.a. | BO82: n.a. | BP82: n.a. | BQ82: n.a. | BR82: n.a. | BS82: n.a. | BT82: n.a. | BU82: n.a. | BV82: n.a. | BW82: n.a. | BX82: n.a.
A83: AD_25 | B83: Appeals, denial of benefits | C83: Number of appeals filed by beneficiaries enrolled in the demonstration during the measurement period regarding denial of benefits. | D83: 1.1.6 Appeals and grievances | E83: Administrative records | F83: None | G83: Quarter | H83: N | N83: n.a. | P83: n.a. | Q83: n.a. | R83: n.a. | S83: n.a. | T83: n.a. | U83: n.a. | V83: n.a. | W83: n.a. | X83: n.a. | Y83: n.a. | Z83: n.a. | AA83: n.a. | AB83: n.a. | AC83: n.a. | AD83: n.a. | AE83: n.a. | AF83: n.a. | AG83: n.a. | AH83: n.a. | AI83: n.a. | AJ83: n.a. | AK83: n.a. | AL83: n.a. | AM83: n.a. | AN83: n.a. | AO83: n.a. | AP83: n.a. | AQ83: n.a. | AR83: n.a. | AS83: n.a. | AT83: n.a. | AU83: n.a. | AV83: n.a. | AW83: n.a. | AX83: n.a. | AY83: n.a. | AZ83: n.a. | BA83: n.a. | BB83: n.a. | BC83: n.a. | BD83: n.a. | BE83: n.a. | BF83: n.a. | BG83: n.a. | BH83: n.a. | BI83: n.a. | BJ83: n.a. | BK83: n.a. | BL83: n.a. | BM83: n.a. | BN83: n.a. | BO83: n.a. | BP83: n.a. | BQ83: n.a. | BR83: n.a. | BS83: n.a. | BT83: n.a. | BU83: n.a. | BV83: n.a. | BW83: n.a. | BX83: n.a.
A84: AD_26 | B84: Grievances, care quality | C84: Number of grievances filed by beneficiaries enrolled in the demonstration during the measurement period regarding the quality of care or services provided. | D84: 1.1.6 Appeals and grievances | E84: Administrative records | F84: None | G84: Quarter | H84: N | N84: n.a. | P84: n.a. | Q84: n.a. | R84: n.a. | S84: n.a. | T84: n.a. | U84: n.a. | V84: n.a. | W84: n.a. | X84: n.a. | Y84: n.a. | Z84: n.a. | AA84: n.a. | AB84: n.a. | AC84: n.a. | AD84: n.a. | AE84: n.a. | AF84: n.a. | AG84: n.a. | AH84: n.a. | AI84: n.a. | AJ84: n.a. | AK84: n.a. | AL84: n.a. | AM84: n.a. | AN84: n.a. | AO84: n.a. | AP84: n.a. | AQ84: n.a. | AR84: n.a. | AS84: n.a. | AT84: n.a. | AU84: n.a. | AV84: n.a. | AW84: n.a. | AX84: n.a. | AY84: n.a. | AZ84: n.a. | BA84: n.a. | BB84: n.a. | BC84: n.a. | BD84: n.a. | BE84: n.a. | BF84: n.a. | BG84: n.a. | BH84: n.a. | BI84: n.a. | BJ84: n.a. | BK84: n.a. | BL84: n.a. | BM84: n.a. | BN84: n.a. | BO84: n.a. | BP84: n.a. | BQ84: n.a. | BR84: n.a. | BS84: n.a. | BT84: n.a. | BU84: n.a. | BV84: n.a. | BW84: n.a. | BX84: n.a.
A85: AD_27 | B85: Grievances, provider or managed care entities | C85: Number of grievances filed by beneficiaries enrolled in the demonstration during the measurement period regarding a provider or managed care entity. Managed care entities include Managed Care Organizations (MCO), Prepaid Inpatient Health Plans (PIHP), and Prepaid Ambulatory Health Plans (PAHP). | D85: 1.1.6 Appeals and grievances | E85: Administrative records | F85: None | G85: Quarter | H85: N | N85: n.a. | P85: n.a. | Q85: n.a. | R85: n.a. | S85: n.a. | T85: n.a. | U85: n.a. | V85: n.a. | W85: n.a. | X85: n.a. | Y85: n.a. | Z85: n.a. | AA85: n.a. | AB85: n.a. | AC85: n.a. | AD85: n.a. | AE85: n.a. | AF85: n.a. | AG85: n.a. | AH85: n.a. | AI85: n.a. | AJ85: n.a. | AK85: n.a. | AL85: n.a. | AM85: n.a. | AN85: n.a. | AO85: n.a. | AP85: n.a. | AQ85: n.a. | AR85: n.a. | AS85: n.a. | AT85: n.a. | AU85: n.a. | AV85: n.a. | AW85: n.a. | AX85: n.a. | AY85: n.a. | AZ85: n.a. | BA85: n.a. | BB85: n.a. | BC85: n.a. | BD85: n.a. | BE85: n.a. | BF85: n.a. | BG85: n.a. | BH85: n.a. | BI85: n.a. | BJ85: n.a. | BK85: n.a. | BL85: n.a. | BM85: n.a. | BN85: n.a. | BO85: n.a. | BP85: n.a. | BQ85: n.a. | BR85: n.a. | BS85: n.a. | BT85: n.a. | BU85: n.a. | BV85: n.a. | BW85: n.a. | BX85: n.a.
A86: AD_28 | B86: Grievances, other | C86: Number of grievances filed by beneficiaries enrolled in the demonstration during the measurement period regarding other matters that are not subject to appeal. | D86: 1.1.6 Appeals and grievances | E86: Administrative records | F86: None | G86: Quarter | H86: N | N86: n.a. | P86: n.a. | Q86: n.a. | R86: n.a. | S86: n.a. | T86: n.a. | U86: n.a. | V86: n.a. | W86: n.a. | X86: n.a. | Y86: n.a. | Z86: n.a. | AA86: n.a. | AB86: n.a. | AC86: n.a. | AD86: n.a. | AE86: n.a. | AF86: n.a. | AG86: n.a. | AH86: n.a. | AI86: n.a. | AJ86: n.a. | AK86: n.a. | AL86: n.a. | AM86: n.a. | AN86: n.a. | AO86: n.a. | AP86: n.a. | AQ86: n.a. | AR86: n.a. | AS86: n.a. | AT86: n.a. | AU86: n.a. | AV86: n.a. | AW86: n.a. | AX86: n.a. | AY86: n.a. | AZ86: n.a. | BA86: n.a. | BB86: n.a. | BC86: n.a. | BD86: n.a. | BE86: n.a. | BF86: n.a. | BG86: n.a. | BH86: n.a. | BI86: n.a. | BJ86: n.a. | BK86: n.a. | BL86: n.a. | BM86: n.a. | BN86: n.a. | BO86: n.a. | BP86: n.a. | BQ86: n.a. | BR86: n.a. | BS86: n.a. | BT86: n.a. | BU86: n.a. | BV86: n.a. | BW86: n.a. | BX86: n.a.
A87: AD_29 | B87: Primary care provider availability | C87: Number of primary care providers enrolled to deliver Medicaid services at the end of the measurement period | D87: 1.1.7 Access to care | E87: Provider enrollment databases | F87: 90 days | G87: Quarter | H87: N | N87: n.a. | P87: n.a. | Q87: n.a. | R87: n.a. | S87: n.a. | T87: n.a. | U87: n.a. | V87: n.a. | W87: n.a. | X87: n.a. | Y87: n.a. | Z87: n.a. | AA87: n.a. | AB87: n.a. | AC87: n.a. | AD87: n.a. | AE87: n.a. | AF87: n.a. | AG87: n.a. | AH87: n.a. | AI87: n.a. | AJ87: n.a. | AK87: n.a. | AL87: n.a. | AM87: n.a. | AN87: n.a. | AO87: n.a. | AP87: n.a. | AQ87: n.a. | AR87: n.a. | AS87: n.a. | AT87: n.a. | AU87: n.a. | AV87: n.a. | AW87: n.a. | AX87: n.a. | AY87: n.a. | AZ87: n.a. | BA87: n.a. | BB87: n.a. | BC87: n.a. | BD87: n.a. | BE87: n.a. | BF87: n.a. | BG87: n.a. | BH87: n.a. | BI87: n.a. | BJ87: n.a. | BK87: n.a. | BL87: n.a. | BM87: n.a. | BN87: n.a. | BO87: n.a. | BP87: n.a. | BQ87: n.a. | BR87: n.a. | BS87: n.a. | BT87: n.a. | BU87: n.a. | BV87: n.a. | BW87: n.a. | BX87: n.a.
A88: AD_30 | B88: Primary care provider active participation | C88: Number of primary care providers enrolled to deliver Medicaid services with service claims for 3 or more demonstration beneficiaries during the measurement period. | D88: 1.1.7 Access to care | E88: Provider enrollment databases and claims and encounters | F88: 90 days | G88: Quarter | H88: Y | I88: Y | K88: Version 4.0 | L88: N | M88: 07/01/2024- 09/30/2024 | N88: n.a. | O88: 4539 | P88: n.a. | Q88: n.a. | R88: n.a. | S88: n.a. | T88: n.a. | U88: n.a. | V88: n.a. | W88: n.a. | X88: n.a. | Y88: n.a. | Z88: n.a. | AA88: n.a. | AB88: n.a. | AC88: n.a. | AD88: n.a. | AE88: n.a. | AF88: n.a. | AG88: n.a. | AH88: n.a. | AI88: n.a. | AJ88: n.a. | AK88: n.a. | AL88: n.a. | AM88: n.a. | AN88: n.a. | AO88: n.a. | AP88: n.a. | AQ88: n.a. | AR88: n.a. | AS88: n.a. | AT88: n.a. | AU88: n.a. | AV88: n.a. | AW88: n.a. | AX88: n.a. | AY88: n.a. | AZ88: n.a. | BA88: n.a. | BB88: n.a. | BC88: n.a. | BD88: n.a. | BE88: n.a. | BF88: n.a. | BG88: n.a. | BH88: n.a. | BI88: n.a. | BJ88: n.a. | BK88: n.a. | BL88: n.a. | BM88: n.a. | BN88: n.a. | BO88: n.a. | BP88: n.a. | BQ88: n.a. | BR88: n.a. | BS88: n.a. | BT88: n.a. | BU88: n.a. | BV88: n.a. | BW88: n.a. | BX88: n.a.
A89: AD_31 | B89: Specialist provider availability | C89: Number of specialty physician and non-physician medical practitioners enrolled to deliver Medicaid services at the end of the measurement period. | D89: 1.1.7 Access to care | E89: Provider enrollment databases | F89: 90 days | G89: Quarter | H89: N | N89: n.a. | O89: n.a. | P89: n.a. | Q89: n.a. | R89: n.a. | S89: n.a. | T89: n.a. | U89: n.a. | V89: n.a. | W89: n.a. | X89: n.a. | Y89: n.a. | Z89: n.a. | AA89: n.a. | AB89: n.a. | AC89: n.a. | AD89: n.a. | AE89: n.a. | AF89: n.a. | AG89: n.a. | AH89: n.a. | AI89: n.a. | AJ89: n.a. | AK89: n.a. | AL89: n.a. | AM89: n.a. | AN89: n.a. | AO89: n.a. | AP89: n.a. | AQ89: n.a. | AR89: n.a. | AS89: n.a. | AT89: n.a. | AU89: n.a. | AV89: n.a. | AW89: n.a. | AX89: n.a. | AY89: n.a. | AZ89: n.a. | BA89: n.a. | BB89: n.a. | BC89: n.a. | BD89: n.a. | BE89: n.a. | BF89: n.a. | BG89: n.a. | BH89: n.a. | BI89: n.a. | BJ89: n.a. | BK89: n.a. | BL89: n.a. | BM89: n.a. | BN89: n.a. | BO89: n.a. | BP89: n.a. | BQ89: n.a. | BR89: n.a. | BS89: n.a. | BT89: n.a. | BU89: n.a. | BV89: n.a. | BW89: n.a. | BX89: n.a.
A90: AD_32 | B90: Specialist provider active participation | C90: Number of specialty physician and non-physician medical practitioners enrolled to deliver Medicaid services with service claims for 3 or more demonstration beneficiaries during the measurement period. | D90: 1.1.7 Access to care | E90: Provider enrollment databases and claims and encounters | F90: 90 days | G90: Quarter | H90: Y | I90: Y | K90: Version 4.0 | L90: N | M90: 07/01/2024- 09/30/2024 | N90: n.a. | O90: 10276 | P90: n.a. | Q90: n.a. | R90: n.a. | S90: n.a. | T90: n.a. | U90: n.a. | V90: n.a. | W90: n.a. | X90: n.a. | Y90: n.a. | Z90: n.a. | AA90: n.a. | AB90: n.a. | AC90: n.a. | AD90: n.a. | AE90: n.a. | AF90: n.a. | AG90: n.a. | AH90: n.a. | AI90: n.a. | AJ90: n.a. | AK90: n.a. | AL90: n.a. | AM90: n.a. | AN90: n.a. | AO90: n.a. | AP90: n.a. | AQ90: n.a. | AR90: n.a. | AS90: n.a. | AT90: n.a. | AU90: n.a. | AV90: n.a. | AW90: n.a. | AX90: n.a. | AY90: n.a. | AZ90: n.a. | BA90: n.a. | BB90: n.a. | BC90: n.a. | BD90: n.a. | BE90: n.a. | BF90: n.a. | BG90: n.a. | BH90: n.a. | BI90: n.a. | BJ90: n.a. | BK90: n.a. | BL90: n.a. | BM90: n.a. | BN90: n.a. | BO90: n.a. | BP90: n.a. | BQ90: n.a. | BR90: n.a. | BS90: n.a. | BT90: n.a. | BU90: n.a. | BV90: n.a. | BW90: n.a. | BX90: n.a.
A91: AD_33 | B91: Preventive care and office visit utilization | C91: Total utilization of preventive care and office visits per 1,000 demonstration beneficiary months during the measurement period. | D91: 1.1.7 Access to care | E91: Claims and encounters and other administrative records | F91: 90 days | G91: Quarter | H91: N | P91: =IF(N91="","",(O91/N91)*1000) | Q91: n.a. | R91: n.a. | S91: n.a. | T91: n.a. | U91: n.a. | V91: n.a. | W91: n.a. | X91: n.a. | Y91: n.a. | AB91: =IF(Z91="","",(AA91/Z91)*1000) | AE91: =IF(AC91="","",(AD91/AC91)*1000) | AH91: =IF(AF91="","",(AG91/AF91)*1000) | AK91: =IF(AI91="","",(AJ91/AI91)*1000) | AN91: =IF(AL91="","",(AM91/AL91)*1000) | AQ91: =IF(AO91="","",(AP91/AO91)*1000) | AR91: n.a. | AS91: n.a. | AT91: =IF(AR91="","",(AS91/AR91)*1000) -> #VALUE! | AU91: n.a. | AV91: n.a. | AW91: =IF(AU91="","",(AV91/AU91)*1000) -> #VALUE! | AZ91: =IF(AX91="","",(AY91/AX91)*1000) | BC91: =IF(BA91="","",(BB91/BA91)*1000) | BF91: =IF(BD91="","",(BE91/BD91)*1000) | BI91: =IF(BG91="","",(BH91/BG91)*1000) | BL91: =IF(BJ91="","",(BK91/BJ91)*1000) | BO91: =IF(BM91="","",(BN91/BM91)*1000) | BR91: =IF(BP91="","",(BQ91/BP91)*1000) | BU91: =IF(BS91="","",(BT91/BS91)*1000) | BX91: =IF(BV91="","",(BW91/BV91)*1000)
A92: AD_34 | B92: Prescription drug use | C92: Total utilization of 30-day prescription fills per 1,000 demonstration beneficiary months in the measurement period. | D92: 1.1.7 Access to care | E92: Claims and encounters; other administrative records | F92: 90 days | G92: Quarter | H92: N | P92: =IF(N92="","",(O92/N92)*1000) | Q92: n.a. | R92: n.a. | S92: n.a. | T92: n.a. | U92: n.a. | V92: n.a. | W92: n.a. | X92: n.a. | Y92: n.a. | AB92: =IF(Z92="","",(AA92/Z92)*1000) | AE92: =IF(AC92="","",(AD92/AC92)*1000) | AH92: =IF(AF92="","",(AG92/AF92)*1000) | AK92: =IF(AI92="","",(AJ92/AI92)*1000) | AN92: =IF(AL92="","",(AM92/AL92)*1000) | AQ92: =IF(AO92="","",(AP92/AO92)*1000) | AR92: n.a. | AS92: n.a. | AT92: =IF(AR92="","",(AS92/AR92)*1000) -> #VALUE! | AU92: n.a. | AV92: n.a. | AW92: =IF(AU92="","",(AV92/AU92)*1000) -> #VALUE! | AZ92: =IF(AX92="","",(AY92/AX92)*1000) | BC92: =IF(BA92="","",(BB92/BA92)*1000) | BF92: =IF(BD92="","",(BE92/BD92)*1000) | BI92: =IF(BG92="","",(BH92/BG92)*1000) | BL92: =IF(BJ92="","",(BK92/BJ92)*1000) | BO92: =IF(BM92="","",(BN92/BM92)*1000) | BR92: =IF(BP92="","",(BQ92/BP92)*1000) | BU92: =IF(BS92="","",(BT92/BS92)*1000) | BX92: =IF(BV92="","",(BW92/BV92)*1000)
A93: AD_35 | B93: Emergency department utilization, all use | C93: Total number of emergency department (ED) visits per 1,000 demonstration beneficiary months during the measurement period. | D93: 1.1.7 Access to care | E93: Claims and encounters; other administrative records | F93: 90 days | G93: Quarter | H93: N | P93: =IF(N93="","",(O93/N93)*1000) | Q93: n.a. | R93: n.a. | S93: n.a. | T93: n.a. | U93: n.a. | V93: n.a. | W93: n.a. | X93: n.a. | Y93: n.a. | AB93: =IF(Z93="","",(AA93/Z93)*1000) | AE93: =IF(AC93="","",(AD93/AC93)*1000) | AH93: =IF(AF93="","",(AG93/AF93)*1000) | AK93: =IF(AI93="","",(AJ93/AI93)*1000) | AN93: =IF(AL93="","",(AM93/AL93)*1000) | AQ93: =IF(AO93="","",(AP93/AO93)*1000) | AR93: n.a. | AS93: n.a. | AT93: =IF(AR93="","",(AS93/AR93)*1000) -> #VALUE! | AU93: n.a. | AV93: n.a. | AW93: =IF(AU93="","",(AV93/AU93)*1000) -> #VALUE! | AZ93: =IF(AX93="","",(AY93/AX93)*1000) | BC93: =IF(BA93="","",(BB93/BA93)*1000) | BF93: =IF(BD93="","",(BE93/BD93)*1000) | BI93: =IF(BG93="","",(BH93/BG93)*1000) | BL93: =IF(BJ93="","",(BK93/BJ93)*1000) | BO93: =IF(BM93="","",(BN93/BM93)*1000) | BR93: =IF(BP93="","",(BQ93/BP93)*1000) | BU93: =IF(BS93="","",(BT93/BS93)*1000) | BX93: =IF(BV93="","",(BW93/BV93)*1000)
A94: AD_36 | B94: Emergency department utilization, non-emergency | C94: Total number of ED visits for non-emergency conditions per 1,000 demonstration beneficiary months during the measurement period. If the state differentiates emergent/non-emergent visit copayments, then non-emergency visits should be identified for monitoring purposes using the same criteria used to assess the differential copayment. If the state does not differentiate emergent/non-emergent copayments, then non-emergency visits should be defined as all visits not categorized as emergent using the method below. | D94: 1.1.7 Access to care | E94: Claims and encounters; other administrative records | F94: 90 days | G94: Quarter | H94: N | N94: n.a. | O94: n.a. | P94: n.a. | Q94: n.a. | R94: n.a. | S94: n.a. | T94: n.a. | U94: n.a. | V94: n.a. | W94: n.a. | X94: n.a. | Y94: n.a. | Z94: n.a. | AA94: n.a. | AB94: n.a. | AC94: n.a. | AD94: n.a. | AE94: n.a. | AF94: n.a. | AG94: n.a. | AH94: n.a. | AI94: n.a. | AJ94: n.a. | AK94: n.a. | AL94: n.a. | AM94: n.a. | AN94: n.a. | AO94: n.a. | AP94: n.a. | AQ94: n.a. | AR94: n.a. | AS94: n.a. | AT94: n.a. | AU94: n.a. | AV94: n.a. | AW94: n.a. | AX94: n.a. | AY94: n.a. | AZ94: n.a. | BA94: n.a. | BB94: n.a. | BC94: n.a. | BD94: n.a. | BE94: n.a. | BF94: n.a. | BG94: n.a. | BH94: n.a. | BI94: n.a. | BJ94: n.a. | BK94: n.a. | BL94: n.a. | BM94: n.a. | BN94: n.a. | BO94: n.a. | BP94: n.a. | BQ94: n.a. | BR94: n.a. | BS94: n.a. | BT94: n.a. | BU94: n.a. | BV94: n.a. | BW94: n.a. | BX94: n.a.
A95: AD_37 | B95: Inpatient admissions | C95: Total number of inpatient admissions per 1,000 demonstration beneficiary months during the measurement period. | D95: 1.1.7 Access to care | E95: Claims and encounters; other administrative records | F95: 90 days | G95: Quarter | H95: N | P95: =IF(N95="","",(O95/N95)*1000) | Q95: n.a. | R95: n.a. | S95: n.a. | T95: n.a. | U95: n.a. | V95: n.a. | W95: n.a. | X95: n.a. | Y95: n.a. | AB95: =IF(Z95="","",(AA95/Z95)*1000) | AE95: =IF(AC95="","",(AD95/AC95)*1000) | AH95: =IF(AF95="","",(AG95/AF95)*1000) | AK95: =IF(AI95="","",(AJ95/AI95)*1000) | AN95: =IF(AL95="","",(AM95/AL95)*1000) | AQ95: =IF(AO95="","",(AP95/AO95)*1000) | AR95: n.a. | AS95: n.a. | AT95: =IF(AR95="","",(AS95/AR95)*1000) -> #VALUE! | AU95: n.a. | AV95: n.a. | AW95: =IF(AU95="","",(AV95/AU95)*1000) -> #VALUE! | AZ95: =IF(AX95="","",(AY95/AX95)*1000) | BC95: =IF(BA95="","",(BB95/BA95)*1000) | BF95: =IF(BD95="","",(BE95/BD95)*1000) | BI95: =IF(BG95="","",(BH95/BG95)*1000) | BL95: =IF(BJ95="","",(BK95/BJ95)*1000) | BO95: =IF(BM95="","",(BN95/BM95)*1000) | BR95: =IF(BP95="","",(BQ95/BP95)*1000) | BU95: =IF(BS95="","",(BT95/BS95)*1000) | BX95: =IF(BV95="","",(BW95/BV95)*1000)
A96: AD_38A | B96: Medical Assistance with Smoking and Tobacco Use Cessation (MSC-AD) [NCQA; NQF #0027; Medicaid Adult Core Set; Adjusted HEDIS measure]ⁱ | C96: This metric consists of the following components; each assesses different facets of providing medical assistance with smoking and tobacco use cessation: • Advising smokers and tobacco users to quit • Discussing cessation medications • Discussing cessation strategies | D96: 1.1.8 Quality of care and health outcomes | E96: Consumer Assessment of Healthcare Providers and Systems (CAHPS) Health Plan survey, Adult Version | F96: 90 days | G96: Calendar year | H96: N | P96: =IF(N96="","",(O96/N96)*100) | Q96: n.a. | R96: n.a. | S96: n.a. | T96: n.a. | U96: n.a. | V96: n.a. | W96: n.a. | X96: n.a. | Y96: n.a. | Z96: n.a. | AA96: n.a. | AB96: n.a. | AC96: n.a. | AD96: n.a. | AE96: n.a. | AF96: n.a. | AG96: n.a. | AH96: n.a. | AI96: n.a. | AJ96: n.a. | AK96: n.a. | AL96: n.a. | AM96: n.a. | AN96: n.a. | AO96: n.a. | AP96: n.a. | AQ96: n.a. | AR96: n.a. | AS96: n.a. | AT96: n.a. | AU96: n.a. | AV96: n.a. | AW96: n.a. | AX96: n.a. | AY96: n.a. | AZ96: n.a. | BA96: n.a. | BB96: n.a. | BC96: n.a. | BD96: n.a. | BE96: n.a. | BF96: n.a. | BG96: n.a. | BH96: n.a. | BI96: n.a. | BJ96: n.a. | BK96: n.a. | BL96: n.a. | BM96: n.a. | BN96: n.a. | BO96: n.a. | BP96: n.a. | BQ96: n.a. | BR96: n.a. | BS96: n.a. | BT96: n.a. | BU96: n.a. | BV96: n.a. | BW96: n.a. | BX96: n.a.
A97: AD_38B | B97: Preventive Care and Screening: Tobacco Use: Screening and Cessation Intervention [PCPI Foundation; NQF #0028] | C97: This metric consists of the following components: | D97: 1.1.8 Quality of care and health outcomes | E97: Claims and encounters or registry data | F97: 90 days | G97: Calendar year | H97: Y | I97: Y | K97: Version 4.0 | L97: N | M97: 01/01/2023- 12/31/2023 | N97: n.a. | O97: n.a. | P97: n.a. | Q97: n.a. | R97: n.a. | S97: n.a. | T97: n.a. | U97: n.a. | V97: n.a. | W97: n.a. | X97: n.a. | Y97: n.a. | Z97: n.a. | AA97: n.a. | AB97: n.a. | AC97: n.a. | AD97: n.a. | AE97: n.a. | AF97: n.a. | AG97: n.a. | AH97: n.a. | AI97: n.a. | AJ97: n.a. | AK97: n.a. | AL97: n.a. | AM97: n.a. | AN97: n.a. | AO97: n.a. | AP97: n.a. | AQ97: n.a. | AR97: n.a. | AS97: n.a. | AT97: n.a. | AU97: n.a. | AV97: n.a. | AW97: n.a. | AX97: n.a. | AY97: n.a. | AZ97: n.a. | BA97: n.a. | BB97: n.a. | BC97: n.a. | BD97: n.a. | BE97: n.a. | BF97: n.a. | BG97: n.a. | BH97: n.a. | BI97: n.a. | BJ97: n.a. | BK97: n.a. | BL97: n.a. | BM97: n.a. | BN97: n.a. | BO97: n.a. | BP97: n.a. | BQ97: n.a. | BR97: n.a. | BS97: n.a. | BT97: n.a. | BU97: n.a. | BV97: n.a. | BW97: n.a. | BX97: n.a.
A98: AD_38B | B98: Preventive Care and Screening: Tobacco Use: Screening and Cessation Intervention [PCPI Foundation; NQF #0028] | C98: 1. Percentage of beneficiaries aged 18 years and older who were screened for tobacco use one or more times within 24 months | D98: 1.1.8 Quality of care and health outcomes | E98: Claims and encounters or registry data | F98: 90 days | G98: Calendar year | H98: =IF(H97="","",H97) -> Y | I98: =IF(I97="","",I97) -> Y | J98: =IF(J97="","",J97) | K98: =IF(K97="","",K97) -> Version 4.0 | L98: =IF(L97="","",L97) -> N | M98: =IF(M97="","",M97) -> 01/01/2023- 12/31/2023 | N98: 156860 | O98: 355 | P98: =IF(N98="","",(O98/N98)*100) -> 0.22631646 | Q98: n.a. | R98: n.a. | S98: n.a. | T98: n.a. | U98: n.a. | V98: n.a. | W98: n.a. | X98: n.a. | Y98: n.a. | Z98: n.a. | AA98: n.a. | AB98: n.a. | AC98: n.a. | AD98: n.a. | AE98: n.a. | AF98: n.a. | AG98: n.a. | AH98: n.a. | AI98: n.a. | AJ98: n.a. | AK98: n.a. | AL98: n.a. | AM98: n.a. | AN98: n.a. | AO98: n.a. | AP98: n.a. | AQ98: n.a. | AR98: n.a. | AS98: n.a. | AT98: n.a. | AU98: n.a. | AV98: n.a. | AW98: n.a. | AX98: n.a. | AY98: n.a. | AZ98: n.a. | BA98: n.a. | BB98: n.a. | BC98: n.a. | BD98: n.a. | BE98: n.a. | BF98: n.a. | BG98: n.a. | BH98: n.a. | BI98: n.a. | BJ98: n.a. | BK98: n.a. | BL98: n.a. | BM98: n.a. | BN98: n.a. | BO98: n.a. | BP98: n.a. | BQ98: n.a. | BR98: n.a. | BS98: n.a. | BT98: n.a. | BU98: n.a. | BV98: n.a. | BW98: n.a. | BX98: n.a. | BY98: 33789 | BZ98: 77 | CA98: =BZ98/BY98 -> 0.0022788481 | CB98: 17643 | CC98: 42 | CD98: =CC98/CB98 -> 0.0023805475
A99: AD_38B | B99: Preventive Care and Screening: Tobacco Use: Screening and Cessation Intervention [PCPI Foundation; NQF #0028] | C99: 2. Percentage of beneficiaries aged 18 years and older who were screened for tobacco use and identified as a tobacco user who received tobacco cessation intervention | D99: 1.1.8 Quality of care and health outcomes | E99: Claims and encounters or registry data | F99: 90 days | G99: Calendar year | H99: =IF(H98="","",H98) -> Y | I99: =IF(I98="","",I98) -> Y | J99: =IF(J98="","",J98) | K99: =IF(K98="","",K98) -> Version 4.0 | L99: =IF(L98="","",L98) -> N | M99: =IF(M98="","",M98) -> 01/01/2023- 12/31/2023 | N99: 76 | O99: 53 | P99: =IF(N99="","",(O99/N99)*100) -> 69.736842 | Q99: n.a. | R99: n.a. | S99: n.a. | T99: n.a. | U99: n.a. | V99: n.a. | W99: n.a. | X99: n.a. | Y99: n.a. | Z99: n.a. | AA99: n.a. | AB99: n.a. | AC99: n.a. | AD99: n.a. | AE99: n.a. | AF99: n.a. | AG99: n.a. | AH99: n.a. | AI99: n.a. | AJ99: n.a. | AK99: n.a. | AL99: n.a. | AM99: n.a. | AN99: n.a. | AO99: n.a. | AP99: n.a. | AQ99: n.a. | AR99: n.a. | AS99: n.a. | AT99: n.a. | AU99: n.a. | AV99: n.a. | AW99: n.a. | AX99: n.a. | AY99: n.a. | AZ99: n.a. | BA99: n.a. | BB99: n.a. | BC99: n.a. | BD99: n.a. | BE99: n.a. | BF99: n.a. | BG99: n.a. | BH99: n.a. | BI99: n.a. | BJ99: n.a. | BK99: n.a. | BL99: n.a. | BM99: n.a. | BN99: n.a. | BO99: n.a. | BP99: n.a. | BQ99: n.a. | BR99: n.a. | BS99: n.a. | BT99: n.a. | BU99: n.a. | BV99: n.a. | BW99: n.a. | BX99: n.a. | BY99: 13 | BZ99: 9 | CA99: =BZ99/BY99 -> 0.69230769 | CB99: 7 | CC99: 6 | CD99: =CC99/CB99 -> 0.85714286
A100: AD_38B | B100: Preventive Care and Screening: Tobacco Use: Screening and Cessation Intervention [PCPI Foundation; NQF #0028] | C100: 3. Percentage of beneficiaries aged 18 years and older who were screened for tobacco use one or more times within 24 months AND who received cessation intervention if identified as a tobacco user | D100: 1.1.8 Quality of care and health outcomes | E100: Claims and encounters or registry data | F100: 90 days | G100: Calendar year | H100: =IF(H99="","",H99) -> Y | I100: =IF(I99="","",I99) -> Y | J100: =IF(J99="","",J99) | K100: =IF(K99="","",K99) -> Version 4.0 | L100: =IF(L99="","",L99) -> N | M100: =IF(M99="","",M99) -> 01/01/2023- 12/31/2023 | N100: 156860 | O100: 6627 | P100: =IF(N100="","",(O100/N100)*100) -> 4.2247864 | Q100: n.a. | R100: n.a. | S100: n.a. | T100: n.a. | U100: n.a. | V100: n.a. | W100: n.a. | X100: n.a. | Y100: n.a. | Z100: n.a. | AA100: n.a. | AB100: n.a. | AC100: n.a. | AD100: n.a. | AE100: n.a. | AF100: n.a. | AG100: n.a. | AH100: n.a. | AI100: n.a. | AJ100: n.a. | AK100: n.a. | AL100: n.a. | AM100: n.a. | AN100: n.a. | AO100: n.a. | AP100: n.a. | AQ100: n.a. | AR100: n.a. | AS100: n.a. | AT100: n.a. | AU100: n.a. | AV100: n.a. | AW100: n.a. | AX100: n.a. | AY100: n.a. | AZ100: n.a. | BA100: n.a. | BB100: n.a. | BC100: n.a. | BD100: n.a. | BE100: n.a. | BF100: n.a. | BG100: n.a. | BH100: n.a. | BI100: n.a. | BJ100: n.a. | BK100: n.a. | BL100: n.a. | BM100: n.a. | BN100: n.a. | BO100: n.a. | BP100: n.a. | BQ100: n.a. | BR100: n.a. | BS100: n.a. | BT100: n.a. | BU100: n.a. | BV100: n.a. | BW100: n.a. | BX100: n.a. | BY100: 33789 | BZ100: 1511 | CA100: =BZ100/BY100 -> 0.044718695 | CB100: 17643 | CC100: 714 | CD100: =CC100/CB100 -> 0.040469308
...

Sheet EandC metrics (PR)
A1: Medicaid Section 1115 Demonstrations Monitoring Report (Part A) - Metrics (PR) (Version 3.0)
A2: State | C2: ='EandC metrics (AD)'!C2 -> Iowa
A3: Demonstration Name | C3: ='EandC metrics (AD)'!C3 -> Iowa Wellness Plan
A4: PR Demonstration Year (DY) (Format: DY1, DY2, DY3, etc.) | C4: DY5
A5: Calendar Dates for PR DY (Format: MM/DD/YYYY - MM/DD/YYYY) | C5: 01/01/2023- 12/31/2023
A6: PR Reporting Period (Format: Q1, Q2, Q3, Q4) | C6: Q4
A7: Calendar Dates for EandC Reporting Period (Format: MM/DD/YYYY - MM/DD/YYYY) | C7: ='EandC metrics (AD)'!C7 -> 10/01/2024- 12/31/2024
A8: blank
A9: Table: Demonstration Metrics - Premiums and Account Payments (PR) | BY9: Specific Eligibility Groups
A10: Standard information on CMS-provided metrics | N10: Demonstration reporting | Q10: < 50% FPL | T10: 50-100% FPL | W10: > 100% FPL | Z10: Age < 19 | AC10: Age 19-26 | AF10: Age 27-35 | AI10: Age 36-45 | AL10: Age 46-55 | AO10: Age 56-64 | AR10: Male | AU10: Female | AX10: White | BA10: Black or African American | BD10: Asian | BG10: American Indian or Alaskan Native | BJ10: Other race | BM10: Unknown race | BP10: Hispanic ethnicity | BS10: Non-Hispanic ethnicity | BV10: Unknown ethnicity | BY10: FPL 51 to 100% for IWP | CB10: FPL 101-133% for IWP
A11: Standard information on CMS-provided metrics # | B11: Standard information on CMS-provided metrics Metric name | C11: Standard information on CMS-provided metrics Metric description | D11: Standard information on CMS-provided metrics Reporting topicᵃ | E11: Standard information on CMS-provided metrics Data source | F11: Standard information on CMS-provided metrics Calculation lag | G11: Standard information on CMS-provided metrics Measurement period (month, quarter, year) | H11: Standard information on CMS-provided metrics State will report (Y/N/n.a.) | I11: Standard information on CMS-provided metrics Approved monitoring protocol indicates that reporting matches CMS-provided technical specifications manual (Y/N) | J11: Standard information on CMS-provided metrics Deviations from CMS-provided technical specifications manual in approved monitoring protocol, or other considerations | K11: Standard information on CMS-provided metrics Technical specifications manual version | L11: Standard information on CMS-provided metrics Reporting issue (Y/N) (further describe in EandC reporting issues tab) | M11: Standard information on CMS-provided metrics Dates covered by measurement period (MM/DD/YYYY-MM/DD/YYYY) | N11: Demonstration reporting denominator | O11: Demonstration reporting numerator or count | P11: Demonstration reporting rate/percentageᵇ | Q11: < 50% FPL denominator | R11: < 50% FPL numerator or count | S11: < 50% FPL rate/percentageᵇ | T11: 50-100% FPL denominator | U11: 50-100% FPL numerator or count | V11: 50-100% FPL rate/percentageᵇ | W11: > 100% FPL denominator | X11: > 100% FPL numerator or count | Y11: > 100% FPL rate/percentageᵇ | Z11: Age < 19 denominator | AA11: Age < 19 numerator or count | AB11: Age < 19 rate/percentageᵇ | AC11: Age 19-26 denominator | AD11: Age 19-26 numerator or count | AE11: Age 19-26 rate/percentageᵇ | AF11: Age 27-35 denominator | AG11: Age 27-35 numerator or count | AH11: Age 27-35 rate/percentageᵇ | AI11: Age 36-45 denominator | AJ11: Age 36-45 numerator or count | AK11: Age 36-45 rate/percentageᵇ | AL11: Age 46-55 denominator | AM11: Age 46-55 numerator or count | AN11: Age 46-55 rate/percentageᵇ | AO11: Age 56-64 denominator | AP11: Age 56-64 numerator or count | AQ11: Age 56-64 rate/percentageᵇ | AR11: Male denominator | AS11: Male numerator or count | AT11: Male rate/percentageᵇ | AU11: Female denominator | AV11: Female numerator or count | AW11: Female rate/percentageᵇ | AX11: White denominator | AY11: White numerator or count | AZ11: White rate/percentageᵇ | BA11: Black or African American denominator | BB11: Black or African American numerator or count | BC11: Black or African American rate/percentageᵇ | BD11: Asian denominator | BE11: Asian numerator or count | BF11: Asian rate/percentageᵇ | BG11: American Indian or Alaskan Native denominator | BH11: American Indian or Alaskan Native numerator or count | BI11: American Indian or Alaskan Native rate/percentageᵇ | BJ11: Other race denominator | BK11: Other race numerator or count | BL11: Other race rate/percentageᵇ | BM11: Unknown race denominator | BN11: Unknown race numerator or count | BO11: Unknown race rate/percentageᵇ | BP11: Hispanic ethnicity denominator | BQ11: Hispanic ethnicity numerator or count | BR11: Hispanic ethnicity rate/percentageᵇ | BS11: Non-Hispanic ethnicity denominator | BT11: Non-Hispanic ethnicity numerator or count | BU11: Non-Hispanic ethnicity rate/percentageᵇ | BV11: Unknown ethnicity denominator | BW11: Unknown ethnicity numerator or count | BX11: Unknown ethnicity rate/percentageᵇ | BY11: Specific Eligibility Groups Denominator | BZ11: Specific Eligibility Groups Numeratorc | CA11: Specific Eligibility Groups Rate/Percentaged | CB11: Specific Eligibility Groups Denominator | CC11: Specific Eligibility Groups Numerator³ | CD11: Specific Eligibility Groups Rate/Percentaged
A12: EXAMPLE: PR_21 (Do not delete or edit this row) | B12: EXAMPLE: Third-party premium payment | C12: EXAMPLE: Number of beneficiaries enrolled in the demonstration who had any portion of their premium or other monthly payments paid by a third party. | D12: EXAMPLE: PR.Mod_1: Eligibility and payment amounts | E12: EXAMPLE: Administrative records | F12: EXAMPLE: 30 days | G12: EXAMPLE: Month 1 | H12: EXAMPLE: Y | I12: EXAMPLE: Y | J12: EXAMPLE: | K12: EXAMPLE: Version 2.0 | L12: EXAMPLE: N | M12: EXAMPLE: 01/01/2020-01/31/2020 | N12: n.a. | O12: EXAMPLE: 50,000 | P12: n.a. | Q12: n.a. | R12: EXAMPLE: 16,667 | S12: n.a. | T12: n.a. | U12: EXAMPLE: 16,667 | V12: n.a. | W12: n.a. | X12: EXAMPLE: 16,667 | Y12: n.a. | Z12: n.a. | AA12: EXAMPLE: 16,667 | AB12: n.a. | AC12: n.a. | AD12: EXAMPLE: 16,667 | AE12: n.a. | AF12: n.a. | AG12: EXAMPLE: 16,667 | AH12: n.a. | AI12: n.a. | AJ12: EXAMPLE: 16,667 | AK12: n.a. | AL12: n.a. | AM12: EXAMPLE: 16,667 | AN12: n.a. | AO12: n.a. | AP12: EXAMPLE: 16,667 | AQ12: n.a. | AR12: n.a. | AS12: EXAMPLE: 16,667 | AT12: n.a. | AU12: n.a. | AV12: EXAMPLE: 16,667 | AW12: n.a. | AX12: n.a. | AY12: EXAMPLE: 16,667 | AZ12: n.a. | BA12: n.a. | BB12: EXAMPLE: 16,667 | BC12: n.a. | BD12: n.a. | BE12: EXAMPLE: 16,667 | BF12: n.a. | BG12: n.a. | BH12: EXAMPLE: 16,667 | BI12: n.a. | BJ12: n.a. | BK12: EXAMPLE: 16,667 | BL12: n.a. | BM12: n.a. | BN12: EXAMPLE: 16,667 | BO12: n.a. | BP12: n.a. | BQ12: EXAMPLE: 16,667 | BR12: n.a. | BS12: n.a. | BT12: EXAMPLE: 16,667 | BU12: n.a. | BV12: n.a. | BW12: EXAMPLE: 16,667 | BX12: n.a. | BY12: EXAMPLE: 100,000 | BZ12: EXAMPLE: 7,500 | CA12: EXAMPLE: 75% | CB12: EXAMPLE: 100,000 | CC12: EXAMPLE: 7,500 | CD12: EXAMPLE: 75%
A13: EXAMPLE: PR_21 (Do not delete or edit this row) | B13: EXAMPLE: Third-party premium payment | C13: EXAMPLE: Number of beneficiaries enrolled in the demonstration who had any portion of their premium or other monthly payments paid by a third party. | D13: EXAMPLE: PR.Mod_1: Eligibility and payment amounts | E13: EXAMPLE: Administrative records | F13: EXAMPLE: 30 days | G13: EXAMPLE: Month 2 | H13: EXAMPLE: Y | I13: EXAMPLE: Y | J13: EXAMPLE: | K13: EXAMPLE: Version 2.0 | L13: EXAMPLE: N | M13: EXAMPLE: 02/01/2020-02/28/2020 | N13: n.a. | O13: EXAMPLE: 50,000 | P13: n.a. | Q13: n.a. | R13: EXAMPLE: 16,667 | S13: n.a. | T13: n.a. | U13: EXAMPLE: 16,667 | V13: n.a. | W13: n.a. | X13: EXAMPLE: 16,667 | Y13: n.a. | Z13: n.a. | AA13: EXAMPLE: 16,667 | AB13: n.a. | AC13: n.a. | AD13: EXAMPLE: 16,667 | AE13: n.a. | AF13: n.a. | AG13: EXAMPLE: 16,667 | AH13: n.a. | AI13: n.a. | AJ13: EXAMPLE: 16,667 | AK13: n.a. | AL13: n.a. | AM13: EXAMPLE: 16,667 | AN13: n.a. | AO13: n.a. | AP13: EXAMPLE: 16,667 | AQ13: n.a. | AR13: n.a. | AS13: EXAMPLE: 16,667 | AT13: n.a. | AU13: n.a. | AV13: EXAMPLE: 16,667 | AW13: n.a. | AX13: n.a. | AY13: EXAMPLE: 16,667 | AZ13: n.a. | BA13: n.a. | BB13: EXAMPLE: 16,667 | BC13: n.a. | BD13: n.a. | BE13: EXAMPLE: 16,667 | BF13: n.a. | BG13: n.a. | BH13: EXAMPLE: 16,667 | BI13: n.a. | BJ13: n.a. | BK13: EXAMPLE: 16,667 | BL13: n.a. | BM13: n.a. | BN13: EXAMPLE: 16,667 | BO13: n.a. | BP13: n.a. | BQ13: EXAMPLE: 16,667 | BR13: n.a. | BS13: n.a. | BT13: EXAMPLE: 16,667 | BU13: n.a. | BV13: n.a. | BW13: EXAMPLE: 16,667 | BX13: n.a.
A14: EXAMPLE: PR_21 (Do not delete or edit this row) | B14: EXAMPLE: Third-party premium payment | C14: EXAMPLE: Number of beneficiaries enrolled in the demonstration who had any portion of their premium or other monthly payments paid by a third party. | D14: EXAMPLE: PR.Mod_1: Eligibility and payment amounts | E14: EXAMPLE: Administrative records | F14: EXAMPLE: 30 days | G14: EXAMPLE: Month 3 | H14: blank | I14: blank | J14: blank | K14: EXAMPLE: Version 2.0 | L14: EXAMPLE: N | M14: EXAMPLE: 03/01/2020-03/31/2020 | N14: n.a. | O14: EXAMPLE: 50,000 | P14: n.a. | Q14: n.a. | R14: EXAMPLE: 16,667 | S14: n.a. | T14: n.a. | U14: EXAMPLE: 16,667 | V14: n.a. | W14: n.a. | X14: EXAMPLE: 16,667 | Y14: n.a. | Z14: n.a. | AA14: EXAMPLE: 16,667 | AB14: n.a. | AC14: n.a. | AD14: EXAMPLE: 16,667 | AE14: n.a. | AF14: n.a. | AG14: EXAMPLE: 16,667 | AH14: n.a. | AI14: n.a. | AJ14: EXAMPLE: 16,667 | AK14: n.a. | AL14: n.a. | AM14: EXAMPLE: 16,667 | AN14: n.a. | AO14: n.a. | AP14: EXAMPLE: 16,667 | AQ14: n.a. | AR14: n.a. | AS14: EXAMPLE: 16,667 | AT14: n.a. | AU14: n.a. | AV14: EXAMPLE: 16,667 | AW14: n.a. | AX14: n.a. | AY14: EXAMPLE: 16,667 | AZ14: n.a. | BA14: n.a. | BB14: EXAMPLE: 16,667 | BC14: n.a. | BD14: n.a. | BE14: EXAMPLE: 16,667 | BF14: n.a. | BG14: n.a. | BH14: EXAMPLE: 16,667 | BI14: n.a. | BJ14: n.a. | BK14: EXAMPLE: 16,667 | BL14: n.a. | BM14: n.a. | BN14: EXAMPLE: 16,667 | BO14: n.a. | BP14: n.a. | BQ14: EXAMPLE: 16,667 | BR14: n.a. | BS14: n.a. | BT14: EXAMPLE: 16,667 | BU14: n.a. | BV14: n.a. | BW14: EXAMPLE: 16,667 | BX14: n.a.
A15: PR_1 | B15: Beneficiaries subject to premium policy (or account contribution) during the month, not exempt | C15: The number of beneficiaries enrolled in the demonstration whose income and eligibility group were subject to the premium policy (or account contribution policy), regardless of whether they paid or did not pay during the measurement period. | D15: PR.Mod_1: Eligibility and payment amounts | E15: Administrative records | F15: 30 days | G15: Month 1 | H15: Y | I15: Y | K15: Version 4.0 | L15: Y | M15: 10/01/2024- 10/31/2024 | N15: n.a. | O15: 0 | P15: n.a. | Q15: n.a. | R15: n.a. | S15: n.a. | T15: n.a. | U15: n.a. | V15: n.a. | W15: n.a. | X15: n.a. | Y15: n.a. | Z15: n.a. | AA15: n.a. | AB15: n.a. | AC15: n.a. | AD15: n.a. | AE15: n.a. | AF15: n.a. | AG15: n.a. | AH15: n.a. | AI15: n.a. | AJ15: n.a. | AK15: n.a. | AL15: n.a. | AM15: n.a. | AN15: n.a. | AO15: n.a. | AP15: n.a. | AQ15: n.a. | AR15: n.a. | AS15: n.a. | AT15: n.a. | AU15: n.a. | AV15: n.a. | AW15: n.a. | AX15: n.a. | AY15: n.a. | AZ15: n.a. | BA15: n.a. | BB15: n.a. | BC15: n.a. | BD15: n.a. | BE15: n.a. | BF15: n.a. | BG15: n.a. | BH15: n.a. | BI15: n.a. | BJ15: n.a. | BK15: n.a. | BL15: n.a. | BM15: n.a. | BN15: n.a. | BO15: n.a. | BP15: n.a. | BQ15: n.a. | BR15: n.a. | BS15: n.a. | BT15: n.a. | BU15: n.a. | BV15: n.a. | BW15: n.a. | BX15: n.a. | BZ15: 0 | CC15: 0
A16: PR_1 | B16: Beneficiaries subject to premium policy (or account contribution) during the month, not exempt | C16: The number of beneficiaries enrolled in the demonstration whose income and eligibility group were subject to the premium policy (or account contribution policy), regardless of whether they paid or did not pay during the measurement period. | D16: PR.Mod_1: Eligibility and payment amounts | E16: Administrative records | F16: 30 days | G16: Month 2 | H16: =IF(H15="","",H15) -> Y | I16: =IF(I15="","",I15) -> Y | J16: =IF(J15="","",J15) | K16: =IF(K15="","",K15) -> Version 4.0 | L16: =IF(L15="","",L15) -> Y | M16: 11/01/2024- 11/30/2024 | N16: n.a. | O16: 0 | P16: n.a. | Q16: n.a. | R16: n.a. | S16: n.a. | T16: n.a. | U16: n.a. | V16: n.a. | W16: n.a. | X16: n.a. | Y16: n.a. | Z16: n.a. | AA16: n.a. | AB16: n.a. | AC16: n.a. | AD16: n.a. | AE16: n.a. | AF16: n.a. | AG16: n.a. | AH16: n.a. | AI16: n.a. | AJ16: n.a. | AK16: n.a. | AL16: n.a. | AM16: n.a. | AN16: n.a. | AO16: n.a. | AP16: n.a. | AQ16: n.a. | AR16: n.a. | AS16: n.a. | AT16: n.a. | AU16: n.a. | AV16: n.a. | AW16: n.a. | AX16: n.a. | AY16: n.a. | AZ16: n.a. | BA16: n.a. | BB16: n.a. | BC16: n.a. | BD16: n.a. | BE16: n.a. | BF16: n.a. | BG16: n.a. | BH16: n.a. | BI16: n.a. | BJ16: n.a. | BK16: n.a. | BL16: n.a. | BM16: n.a. | BN16: n.a. | BO16: n.a. | BP16: n.a. | BQ16: n.a. | BR16: n.a. | BS16: n.a. | BT16: n.a. | BU16: n.a. | BV16: n.a. | BW16: n.a. | BX16: n.a. | BZ16: 0 | CC16: 0
A17: PR_1 | B17: Beneficiaries subject to premium policy (or account contribution) during the month, not exempt | C17: The number of beneficiaries enrolled in the demonstration whose income and eligibility group were subject to the premium policy (or account contribution policy), regardless of whether they paid or did not pay during the measurement period. | D17: PR.Mod_1: Eligibility and payment amounts | E17: Administrative records | F17: 30 days | G17: Month 3 | H17: =IF(H16="","",H16) -> Y | I17: =IF(I16="","",I16) -> Y | J17: =IF(J16="","",J16) | K17: =IF(K16="","",K16) -> Version 4.0 | L17: =IF(L16="","",L16) -> Y | M17: 12/01/2024- 12/31/2024 | N17: n.a. | O17: 0 | P17: n.a. | Q17: n.a. | R17: n.a. | S17: n.a. | T17: n.a. | U17: n.a. | V17: n.a. | W17: n.a. | X17: n.a. | Y17: n.a. | Z17: n.a. | AA17: n.a. | AB17: n.a. | AC17: n.a. | AD17: n.a. | AE17: n.a. | AF17: n.a. | AG17: n.a. | AH17: n.a. | AI17: n.a. | AJ17: n.a. | AK17: n.a. | AL17: n.a. | AM17: n.a. | AN17: n.a. | AO17: n.a. | AP17: n.a. | AQ17: n.a. | AR17: n.a. | AS17: n.a. | AT17: n.a. | AU17: n.a. | AV17: n.a. | AW17: n.a. | AX17: n.a. | AY17: n.a. | AZ17: n.a. | BA17: n.a. | BB17: n.a. | BC17: n.a. | BD17: n.a. | BE17: n.a. | BF17: n.a. | BG17: n.a. | BH17: n.a. | BI17: n.a. | BJ17: n.a. | BK17: n.a. | BL17: n.a. | BM17: n.a. | BN17: n.a. | BO17: n.a. | BP17: n.a. | BQ17: n.a. | BR17: n.a. | BS17: n.a. | BT17: n.a. | BU17: n.a. | BV17: n.a. | BW17: n.a. | BX17: n.a. | BZ17: 0 | CC17: 0
A18: PR_2 | B18: Beneficiaries who were exempt from premiums for that month | C18: Among beneficiaries enrolled in the demonstration who were subject to the premium (or account contribution) policy on the basis of income or eligibility group, the count of those exempt from owing premiums or other monthly payments, and therefore not required to make payments. For example, demonstration policies may exempt beneficiaries who would otherwise be subject to premiums as incentives for healthy behaviors or other activities. | D18: PR.Mod_1: Eligibility and payment amounts | E18: Administrative records | F18: 30 days | G18: Month 1 | H18: Y | I18: Y | K18: Version 4.0 | L18: Y | M18: 10/01/2024- 10/31/2024 | N18: n.a. | O18: 0 | P18: n.a. | Q18: n.a. | R18: n.a. | S18: n.a. | T18: n.a. | U18: n.a. | V18: n.a. | W18: n.a. | X18: n.a. | Y18: n.a. | Z18: n.a. | AA18: n.a. | AB18: n.a. | AC18: n.a. | AD18: n.a. | AE18: n.a. | AF18: n.a. | AG18: n.a. | AH18: n.a. | AI18: n.a. | AJ18: n.a. | AK18: n.a. | AL18: n.a. | AM18: n.a. | AN18: n.a. | AO18: n.a. | AP18: n.a. | AQ18: n.a. | AR18: n.a. | AS18: n.a. | AT18: n.a. | AU18: n.a. | AV18: n.a. | AW18: n.a. | AX18: n.a. | AY18: n.a. | AZ18: n.a. | BA18: n.a. | BB18: n.a. | BC18: n.a. | BD18: n.a. | BE18: n.a. | BF18: n.a. | BG18: n.a. | BH18: n.a. | BI18: n.a. | BJ18: n.a. | BK18: n.a. | BL18: n.a. | BM18: n.a. | BN18: n.a. | BO18: n.a. | BP18: n.a. | BQ18: n.a. | BR18: n.a. | BS18: n.a. | BT18: n.a. | BU18: n.a. | BV18: n.a. | BW18: n.a. | BX18: n.a. | BZ18: 0 | CC18: 0
A19: PR_2 | B19: Beneficiaries who were exempt from premiums for that month | D19: PR.Mod_1: Eligibility and payment amounts | E19: Administrative records | F19: 30 days | G19: Month 2 | H19: =IF(H18="","",H18) -> Y | I19: =IF(I18="","",I18) -> Y | J19: =IF(J18="","",J18) | K19: =IF(K18="","",K18) -> Version 4.0 | L19: =IF(L18="","",L18) -> Y | M19: 11/01/2024- 11/30/2024 | N19: n.a. | O19: 0 | P19: n.a. | Q19: n.a. | R19: n.a. | S19: n.a. | T19: n.a. | U19: n.a. | V19: n.a. | W19: n.a. | X19: n.a. | Y19: n.a. | Z19: n.a. | AA19: n.a. | AB19: n.a. | AC19: n.a. | AD19: n.a. | AE19: n.a. | AF19: n.a. | AG19: n.a. | AH19: n.a. | AI19: n.a. | AJ19: n.a. | AK19: n.a. | AL19: n.a. | AM19: n.a. | AN19: n.a. | AO19: n.a. | AP19: n.a. | AQ19: n.a. | AR19: n.a. | AS19: n.a. | AT19: n.a. | AU19: n.a. | AV19: n.a. | AW19: n.a. | AX19: n.a. | AY19: n.a. | AZ19: n.a. | BA19: n.a. | BB19: n.a. | BC19: n.a. | BD19: n.a. | BE19: n.a. | BF19: n.a. | BG19: n.a. | BH19: n.a. | BI19: n.a. | BJ19: n.a. | BK19: n.a. | BL19: n.a. | BM19: n.a. | BN19: n.a. | BO19: n.a. | BP19: n.a. | BQ19: n.a. | BR19: n.a. | BS19: n.a. | BT19: n.a. | BU19: n.a. | BV19: n.a. | BW19: n.a. | BX19: n.a. | BZ19: 0 | CC19: 0
A20: PR_2 | B20: Beneficiaries who were exempt from premiums for that month | D20: PR.Mod_1: Eligibility and payment amounts | E20: Administrative records | F20: 30 days | G20: Month 3 | H20: =IF(H19="","",H19) -> Y | I20: =IF(I19="","",I19) -> Y | J20: =IF(J19="","",J19) | K20: =IF(K19="","",K19) -> Version 4.0 | L20: =IF(L19="","",L19) -> Y | M20: 12/01/2024- 12/31/2024 | N20: n.a. | O20: 0 | P20: n.a. | Q20: n.a. | R20: n.a. | S20: n.a. | T20: n.a. | U20: n.a. | V20: n.a. | W20: n.a. | X20: n.a. | Y20: n.a. | Z20: n.a. | AA20: n.a. | AB20: n.a. | AC20: n.a. | AD20: n.a. | AE20: n.a. | AF20: n.a. | AG20: n.a. | AH20: n.a. | AI20: n.a. | AJ20: n.a. | AK20: n.a. | AL20: n.a. | AM20: n.a. | AN20: n.a. | AO20: n.a. | AP20: n.a. | AQ20: n.a. | AR20: n.a. | AS20: n.a. | AT20: n.a. | AU20: n.a. | AV20: n.a. | AW20: n.a. | AX20: n.a. | AY20: n.a. | AZ20: n.a. | BA20: n.a. | BB20: n.a. | BC20: n.a. | BD20: n.a. | BE20: n.a. | BF20: n.a. | BG20: n.a. | BH20: n.a. | BI20: n.a. | BJ20: n.a. | BK20: n.a. | BL20: n.a. | BM20: n.a. | BN20: n.a. | BO20: n.a. | BP20: n.a. | BQ20: n.a. | BR20: n.a. | BS20: n.a. | BT20: n.a. | BU20: n.a. | BV20: n.a. | BW20: n.a. | BX20: n.a. | BZ20: 0 | CC20: 0
A21: PR_3 | B21: Beneficiaries who paid a premium during the month | C21: Among beneficiaries enrolled in the demonstration whose income and eligibility group were subject to the premium (or account contribution) policy, number of beneficiaries who paid this month. | D21: PR.Mod_1: Eligibility and payment amounts | E21: Administrative records | F21: 30 days | G21: Month 1 | H21: Y | I21: Y | K21: Version 4.0 | L21: Y | M21: 10/01/2024- 10/31/2024 | N21: n.a. | O21: 0 | P21: n.a. | Q21: n.a. | R21: n.a. | S21: n.a. | T21: n.a. | U21: n.a. | V21: n.a. | W21: n.a. | X21: n.a. | Y21: n.a. | Z21: n.a. | AA21: n.a. | AB21: n.a. | AC21: n.a. | AD21: n.a. | AE21: n.a. | AF21: n.a. | AG21: n.a. | AH21: n.a. | AI21: n.a. | AJ21: n.a. | AK21: n.a. | AL21: n.a. | AM21: n.a. | AN21: n.a. | AO21: n.a. | AP21: n.a. | AQ21: n.a. | AR21: n.a. | AS21: n.a. | AT21: n.a. | AU21: n.a. | AV21: n.a. | AW21: n.a. | AX21: n.a. | AY21: n.a. | AZ21: n.a. | BA21: n.a. | BB21: n.a. | BC21: n.a. | BD21: n.a. | BE21: n.a. | BF21: n.a. | BG21: n.a. | BH21: n.a. | BI21: n.a. | BJ21: n.a. | BK21: n.a. | BL21: n.a. | BM21: n.a. | BN21: n.a. | BO21: n.a. | BP21: n.a. | BQ21: n.a. | BR21: n.a. | BS21: n.a. | BT21: n.a. | BU21: n.a. | BV21: n.a. | BW21: n.a. | BX21: n.a. | BZ21: 0 | CC21: 0
A22: PR_3 | B22: Beneficiaries who paid a premium during the month | C22: Among beneficiaries enrolled in the demonstration whose income and eligibility group were subject to the premium (or account contribution) policy, number of beneficiaries who paid this month. | D22: PR.Mod_1: Eligibility and payment amounts | E22: Administrative records | F22: 30 days | G22: Month 2 | H22: =IF(H21="","",H21) -> Y | I22: =IF(I21="","",I21) -> Y | J22: =IF(J21="","",J21) | K22: =IF(K21="","",K21) -> Version 4.0 | L22: =IF(L21="","",L21) -> Y | M22: 11/01/2024- 11/30/2024 | N22: n.a. | O22: 0 | P22: n.a. | Q22: n.a. | R22: n.a. | S22: n.a. | T22: n.a. | U22: n.a. | V22: n.a. | W22: n.a. | X22: n.a. | Y22: n.a. | Z22: n.a. | AA22: n.a. | AB22: n.a. | AC22: n.a. | AD22: n.a. | AE22: n.a. | AF22: n.a. | AG22: n.a. | AH22: n.a. | AI22: n.a. | AJ22: n.a. | AK22: n.a. | AL22: n.a. | AM22: n.a. | AN22: n.a. | AO22: n.a. | AP22: n.a. | AQ22: n.a. | AR22: n.a. | AS22: n.a. | AT22: n.a. | AU22: n.a. | AV22: n.a. | AW22: n.a. | AX22: n.a. | AY22: n.a. | AZ22: n.a. | BA22: n.a. | BB22: n.a. | BC22: n.a. | BD22: n.a. | BE22: n.a. | BF22: n.a. | BG22: n.a. | BH22: n.a. | BI22: n.a. | BJ22: n.a. | BK22: n.a. | BL22: n.a. | BM22: n.a. | BN22: n.a. | BO22: n.a. | BP22: n.a. | BQ22: n.a. | BR22: n.a. | BS22: n.a. | BT22: n.a. | BU22: n.a. | BV22: n.a. | BW22: n.a. | BX22: n.a. | BZ22: 0 | CC22: 0
A23: PR_3 | B23: Beneficiaries who paid a premium during the month | C23: Among beneficiaries enrolled in the demonstration whose income and eligibility group were subject to the premium (or account contribution) policy, number of beneficiaries who paid this month. | D23: PR.Mod_1: Eligibility and payment amounts | E23: Administrative records | F23: 30 days | G23: Month 3 | H23: =IF(H22="","",H22) -> Y | I23: =IF(I22="","",I22) -> Y | J23: =IF(J22="","",J22) | K23: =IF(K22="","",K22) -> Version 4.0 | L23: =IF(L22="","",L22) -> Y | M23: 12/01/2024- 12/31/2024 | N23: n.a. | O23: 0 | P23: n.a. | Q23: n.a. | R23: n.a. | S23: n.a. | T23: n.a. | U23: n.a. | V23: n.a. | W23: n.a. | X23: n.a. | Y23: n.a. | Z23: n.a. | AA23: n.a. | AB23: n.a. | AC23: n.a. | AD23: n.a. | AE23: n.a. | AF23: n.a. | AG23: n.a. | AH23: n.a. | AI23: n.a. | AJ23: n.a. | AK23: n.a. | AL23: n.a. | AM23: n.a. | AN23: n.a. | AO23: n.a. | AP23: n.a. | AQ23: n.a. | AR23: n.a. | AS23: n.a. | AT23: n.a. | AU23: n.a. | AV23: n.a. | AW23: n.a. | AX23: n.a. | AY23: n.a. | AZ23: n.a. | BA23: n.a. | BB23: n.a. | BC23: n.a. | BD23: n.a. | BE23: n.a. | BF23: n.a. | BG23: n.a. | BH23: n.a. | BI23: n.a. | BJ23: n.a. | BK23: n.a. | BL23: n.a. | BM23: n.a. | BN23: n.a. | BO23: n.a. | BP23: n.a. | BQ23: n.a. | BR23: n.a. | BS23: n.a. | BT23: n.a. | BU23: n.a. | BV23: n.a. | BW23: n.a. | BX23: n.a. | BZ23: 0 | CC23: 0
A24: PR_4 | B24: Beneficiaries who were subject to premium policy but declare hardship for that month | C24: Among beneficiaries enrolled in the demonstration whose income and eligibility group were subject to the premium (or account contribution) policy, number of beneficiaries who were able to claim temporary hardship and were therefore not required to make a payment in the measurement period. | D24: PR.Mod_1: Eligibility and payment amounts | E24: Administrative records | F24: 30 days | G24: Month 1 | H24: Y | I24: Y | K24: Version 4.0 | L24: Y | M24: 10/01/2024- 10/31/2024 | N24: n.a. | O24: 0 | P24: n.a. | Q24: n.a. | R24: n.a. | S24: n.a. | T24: n.a. | U24: n.a. | V24: n.a. | W24: n.a. | X24: n.a. | Y24: n.a. | Z24: n.a. | AA24: n.a. | AB24: n.a. | AC24: n.a. | AD24: n.a. | AE24: n.a. | AF24: n.a. | AG24: n.a. | AH24: n.a. | AI24: n.a. | AJ24: n.a. | AK24: n.a. | AL24: n.a. | AM24: n.a. | AN24: n.a. | AO24: n.a. | AP24: n.a. | AQ24: n.a. | AR24: n.a. | AS24: n.a. | AT24: n.a. | AU24: n.a. | AV24: n.a. | AW24: n.a. | AX24: n.a. | AY24: n.a. | AZ24: n.a. | BA24: n.a. | BB24: n.a. | BC24: n.a. | BD24: n.a. | BE24: n.a. | BF24: n.a. | BG24: n.a. | BH24: n.a. | BI24: n.a. | BJ24: n.a. | BK24: n.a. | BL24: n.a. | BM24: n.a. | BN24: n.a. | BO24: n.a. | BP24: n.a. | BQ24: n.a. | BR24: n.a. | BS24: n.a. | BT24: n.a. | BU24: n.a. | BV24: n.a. | BW24: n.a. | BX24: n.a. | BZ24: 0 | CC24: 0
A25: PR_4 | B25: Beneficiaries who were subject to premium policy but declare hardship for that month | D25: PR.Mod_1: Eligibility and payment amounts | E25: Administrative records | F25: 30 days | G25: Month 2 | H25: =IF(H24="","",H24) -> Y | I25: =IF(I24="","",I24) -> Y | J25: =IF(J24="","",J24) | K25: =IF(K24="","",K24) -> Version 4.0 | L25: =IF(L24="","",L24) -> Y | M25: 11/01/2024- 11/30/2024 | N25: n.a. | O25: 0 | P25: n.a. | Q25: n.a. | R25: n.a. | S25: n.a. | T25: n.a. | U25: n.a. | V25: n.a. | W25: n.a. | X25: n.a. | Y25: n.a. | Z25: n.a. | AA25: n.a. | AB25: n.a. | AC25: n.a. | AD25: n.a. | AE25: n.a. | AF25: n.a. | AG25: n.a. | AH25: n.a. | AI25: n.a. | AJ25: n.a. | AK25: n.a. | AL25: n.a. | AM25: n.a. | AN25: n.a. | AO25: n.a. | AP25: n.a. | AQ25: n.a. | AR25: n.a. | AS25: n.a. | AT25: n.a. | AU25: n.a. | AV25: n.a. | AW25: n.a. | AX25: n.a. | AY25: n.a. | AZ25: n.a. | BA25: n.a. | BB25: n.a. | BC25: n.a. | BD25: n.a. | BE25: n.a. | BF25: n.a. | BG25: n.a. | BH25: n.a. | BI25: n.a. | BJ25: n.a. | BK25: n.a. | BL25: n.a. | BM25: n.a. | BN25: n.a. | BO25: n.a. | BP25: n.a. | BQ25: n.a. | BR25: n.a. | BS25: n.a. | BT25: n.a. | BU25: n.a. | BV25: n.a. | BW25: n.a. | BX25: n.a. | BZ25: 0 | CC25: 0
A26: PR_4 | B26: Beneficiaries who were subject to premium policy but declare hardship for that month | D26: PR.Mod_1: Eligibility and payment amounts | E26: Administrative records | F26: 30 days | G26: Month 3 | H26: =IF(H25="","",H25) -> Y | I26: =IF(I25="","",I25) -> Y | J26: =IF(J25="","",J25) | K26: =IF(K25="","",K25) -> Version 4.0 | L26: =IF(L25="","",L25) -> Y | M26: 12/01/2024- 12/31/2024 | N26: n.a. | O26: 0 | P26: n.a. | Q26: n.a. | R26: n.a. | S26: n.a. | T26: n.a. | U26: n.a. | V26: n.a. | W26: n.a. | X26: n.a. | Y26: n.a. | Z26: n.a. | AA26: n.a. | AB26: n.a. | AC26: n.a. | AD26: n.a. | AE26: n.a. | AF26: n.a. | AG26: n.a. | AH26: n.a. | AI26: n.a. | AJ26: n.a. | AK26: n.a. | AL26: n.a. | AM26: n.a. | AN26: n.a. | AO26: n.a. | AP26: n.a. | AQ26: n.a. | AR26: n.a. | AS26: n.a. | AT26: n.a. | AU26: n.a. | AV26: n.a. | AW26: n.a. | AX26: n.a. | AY26: n.a. | AZ26: n.a. | BA26: n.a. | BB26: n.a. | BC26: n.a. | BD26: n.a. | BE26: n.a. | BF26: n.a. | BG26: n.a. | BH26: n.a. | BI26: n.a. | BJ26: n.a. | BK26: n.a. | BL26: n.a. | BM26: n.a. | BN26: n.a. | BO26: n.a. | BP26: n.a. | BQ26: n.a. | BR26: n.a. | BS26: n.a. | BT26: n.a. | BU26: n.a. | BV26: n.a. | BW26: n.a. | BX26: n.a. | BZ26: 0 | CC26: 0
A27: PR_5 | B27: Beneficiaries in short-term arrears (grace period) | C27: Among beneficiaries enrolled in the demonstration whose income and eligibility group were subject to the premium (or account contribution) policy, the number of those who did not pay in the measurement period, but had not yet exceeded their grace period (i.e., allowable period of noncompliance). | D27: PR.Mod_5: Operationalize strategies for noncompliance | E27: Administrative records | F27: 30 days | G27: Month 1 | H27: Y | I27: Y | K27: Version 4.0 | L27: Y | M27: 10/01/2024- 10/31/2024 | N27: n.a. | O27: 0 | P27: n.a. | Q27: n.a. | R27: n.a. | S27: n.a. | T27: n.a. | U27: n.a. | V27: n.a. | W27: n.a. | X27: n.a. | Y27: n.a. | Z27: n.a. | AA27: n.a. | AB27: n.a. | AC27: n.a. | AD27: n.a. | AE27: n.a. | AF27: n.a. | AG27: n.a. | AH27: n.a. | AI27: n.a. | AJ27: n.a. | AK27: n.a. | AL27: n.a. | AM27: n.a. | AN27: n.a. | AO27: n.a. | AP27: n.a. | AQ27: n.a. | AR27: n.a. | AS27: n.a. | AT27: n.a. | AU27: n.a. | AV27: n.a. | AW27: n.a. | AX27: n.a. | AY27: n.a. | AZ27: n.a. | BA27: n.a. | BB27: n.a. | BC27: n.a. | BD27: n.a. | BE27: n.a. | BF27: n.a. | BG27: n.a. | BH27: n.a. | BI27: n.a. | BJ27: n.a. | BK27: n.a. | BL27: n.a. | BM27: n.a. | BN27: n.a. | BO27: n.a. | BP27: n.a. | BQ27: n.a. | BR27: n.a. | BS27: n.a. | BT27: n.a. | BU27: n.a. | BV27: n.a. | BW27: n.a. | BX27: n.a. | BZ27: 0 | CC27: 0
A28: PR_5 | B28: Beneficiaries in short-term arrears (grace period) | D28: PR.Mod_5: Operationalize strategies for noncompliance | E28: Administrative records | F28: 30 days | G28: Month 2 | H28: =IF(H27="","",H27) -> Y | I28: =IF(I27="","",I27) -> Y | J28: =IF(J27="","",J27) | K28: =IF(K27="","",K27) -> Version 4.0 | L28: =IF(L27="","",L27) -> Y | M28: 11/01/2024- 11/30/2024 | N28: n.a. | O28: 0 | P28: n.a. | Q28: n.a. | R28: n.a. | S28: n.a. | T28: n.a. | U28: n.a. | V28: n.a. | W28: n.a. | X28: n.a. | Y28: n.a. | Z28: n.a. | AA28: n.a. | AB28: n.a. | AC28: n.a. | AD28: n.a. | AE28: n.a. | AF28: n.a. | AG28: n.a. | AH28: n.a. | AI28: n.a. | AJ28: n.a. | AK28: n.a. | AL28: n.a. | AM28: n.a. | AN28: n.a. | AO28: n.a. | AP28: n.a. | AQ28: n.a. | AR28: n.a. | AS28: n.a. | AT28: n.a. | AU28: n.a. | AV28: n.a. | AW28: n.a. | AX28: n.a. | AY28: n.a. | AZ28: n.a. | BA28: n.a. | BB28: n.a. | BC28: n.a. | BD28: n.a. | BE28: n.a. | BF28: n.a. | BG28: n.a. | BH28: n.a. | BI28: n.a. | BJ28: n.a. | BK28: n.a. | BL28: n.a. | BM28: n.a. | BN28: n.a. | BO28: n.a. | BP28: n.a. | BQ28: n.a. | BR28: n.a. | BS28: n.a. | BT28: n.a. | BU28: n.a. | BV28: n.a. | BW28: n.a. | BX28: n.a. | BZ28: 0 | CC28: 0
A29: PR_5 | B29: Beneficiaries in short-term arrears (grace period) | D29: PR.Mod_5: Operationalize strategies for noncompliance | E29: Administrative records | F29: 30 days | G29: Month 3 | H29: =IF(H28="","",H28) -> Y | I29: =IF(I28="","",I28) -> Y | J29: =IF(J28="","",J28) | K29: =IF(K28="","",K28) -> Version 4.0 | L29: =IF(L28="","",L28) -> Y | M29: 12/01/2024- 12/31/2024 | N29: n.a. | O29: 0 | P29: n.a. | Q29: n.a. | R29: n.a. | S29: n.a. | T29: n.a. | U29: n.a. | V29: n.a. | W29: n.a. | X29: n.a. | Y29: n.a. | Z29: n.a. | AA29: n.a. | AB29: n.a. | AC29: n.a. | AD29: n.a. | AE29: n.a. | AF29: n.a. | AG29: n.a. | AH29: n.a. | AI29: n.a. | AJ29: n.a. | AK29: n.a. | AL29: n.a. | AM29: n.a. | AN29: n.a. | AO29: n.a. | AP29: n.a. | AQ29: n.a. | AR29: n.a. | AS29: n.a. | AT29: n.a. | AU29: n.a. | AV29: n.a. | AW29: n.a. | AX29: n.a. | AY29: n.a. | AZ29: n.a. | BA29: n.a. | BB29: n.a. | BC29: n.a. | BD29: n.a. | BE29: n.a. | BF29: n.a. | BG29: n.a. | BH29: n.a. | BI29: n.a. | BJ29: n.a. | BK29: n.a. | BL29: n.a. | BM29: n.a. | BN29: n.a. | BO29: n.a. | BP29: n.a. | BQ29: n.a. | BR29: n.a. | BS29: n.a. | BT29: n.a. | BU29: n.a. | BV29: n.a. | BW29: n.a. | BX29: n.a. | BZ29: 0 | CC29: 0
A30: PR_6 | B30: Beneficiaries in long-term arrears | C30: Among beneficiaries enrolled in the demonstration whose income and eligibility group were subject to the premium (or account contribution) policy, number of beneficiaries who did not pay this month, and who remain enrolled even though they had exceeded the grace period, i.e., allowable period of noncompliance. | D30: PR.Mod_5: Operationalize strategies for noncompliance | E30: Administrative records | F30: 30 days | G30: Month 1 | H30: N | N30: n.a. | P30: n.a. | Q30: n.a. | R30: n.a. | S30: n.a. | T30: n.a. | U30: n.a. | V30: n.a. | W30: n.a. | X30: n.a. | Y30: n.a. | Z30: n.a. | AA30: n.a. | AB30: n.a. | AC30: n.a. | AD30: n.a. | AE30: n.a. | AF30: n.a. | AG30: n.a. | AH30: n.a. | AI30: n.a. | AJ30: n.a. | AK30: n.a. | AL30: n.a. | AM30: n.a. | AN30: n.a. | AO30: n.a. | AP30: n.a. | AQ30: n.a. | AR30: n.a. | AS30: n.a. | AT30: n.a. | AU30: n.a. | AV30: n.a. | AW30: n.a. | AX30: n.a. | AY30: n.a. | AZ30: n.a. | BA30: n.a. | BB30: n.a. | BC30: n.a. | BD30: n.a. | BE30: n.a. | BF30: n.a. | BG30: n.a. | BH30: n.a. | BI30: n.a. | BJ30: n.a. | BK30: n.a. | BL30: n.a. | BM30: n.a. | BN30: n.a. | BO30: n.a. | BP30: n.a. | BQ30: n.a. | BR30: n.a. | BS30: n.a. | BT30: n.a. | BU30: n.a. | BV30: n.a. | BW30: n.a. | BX30: n.a.
A31: PR_6 | B31: Beneficiaries in long-term arrears | D31: PR.Mod_5: Operationalize strategies for noncompliance | E31: Administrative records | F31: 30 days | G31: Month 2 | H31: =IF(H30="","",H30) -> N | I31: =IF(I30="","",I30) | J31: =IF(J30="","",J30) | K31: =IF(K30="","",K30) | L31: =IF(L30="","",L30) | N31: n.a. | P31: n.a. | Q31: n.a. | R31: n.a. | S31: n.a. | T31: n.a. | U31: n.a. | V31: n.a. | W31: n.a. | X31: n.a. | Y31: n.a. | Z31: n.a. | AA31: n.a. | AB31: n.a. | AC31: n.a. | AD31: n.a. | AE31: n.a. | AF31: n.a. | AG31: n.a. | AH31: n.a. | AI31: n.a. | AJ31: n.a. | AK31: n.a. | AL31: n.a. | AM31: n.a. | AN31: n.a. | AO31: n.a. | AP31: n.a. | AQ31: n.a. | AR31: n.a. | AS31: n.a. | AT31: n.a. | AU31: n.a. | AV31: n.a. | AW31: n.a. | AX31: n.a. | AY31: n.a. | AZ31: n.a. | BA31: n.a. | BB31: n.a. | BC31: n.a. | BD31: n.a. | BE31: n.a. | BF31: n.a. | BG31: n.a. | BH31: n.a. | BI31: n.a. | BJ31: n.a. | BK31: n.a. | BL31: n.a. | BM31: n.a. | BN31: n.a. | BO31: n.a. | BP31: n.a. | BQ31: n.a. | BR31: n.a. | BS31: n.a. | BT31: n.a. | BU31: n.a. | BV31: n.a. | BW31: n.a. | BX31: n.a.
A32: PR_6 | B32: Beneficiaries in long-term arrears | D32: PR.Mod_5: Operationalize strategies for noncompliance | E32: Administrative records | F32: 30 days | G32: Month 3 | H32: =IF(H31="","",H31) -> N | I32: =IF(I31="","",I31) | J32: =IF(J31="","",J31) | K32: =IF(K31="","",K31) | L32: =IF(L31="","",L31) | N32: n.a. | P32: n.a. | Q32: n.a. | R32: n.a. | S32: n.a. | T32: n.a. | U32: n.a. | V32: n.a. | W32: n.a. | X32: n.a. | Y32: n.a. | Z32: n.a. | AA32: n.a. | AB32: n.a. | AC32: n.a. | AD32: n.a. | AE32: n.a. | AF32: n.a. | AG32: n.a. | AH32: n.a. | AI32: n.a. | AJ32: n.a. | AK32: n.a. | AL32: n.a. | AM32: n.a. | AN32: n.a. | AO32: n.a. | AP32: n.a. | AQ32: n.a. | AR32: n.a. | AS32: n.a. | AT32: n.a. | AU32: n.a. | AV32: n.a. | AW32: n.a. | AX32: n.a. | AY32: n.a. | AZ32: n.a. | BA32: n.a. | BB32: n.a. | BC32: n.a. | BD32: n.a. | BE32: n.a. | BF32: n.a. | BG32: n.a. | BH32: n.a. | BI32: n.a. | BJ32: n.a. | BK32: n.a. | BL32: n.a. | BM32: n.a. | BN32: n.a. | BO32: n.a. | BP32: n.a. | BQ32: n.a. | BR32: n.a. | BS32: n.a. | BT32: n.a. | BU32: n.a. | BV32: n.a. | BW32: n.a. | BX32: n.a.
A33: PR_7 | B33: Beneficiaries with collectible debt | C33: Among beneficiaries enrolled in the demonstration whose income and eligibility group were subject to the premium policy (or account contribution policy), number of beneficiaries who had collectible debt. | D33: PR.Mod_5: Operationalize strategies for noncompliance | E33: Administrative records | F33: 30 days | G33: Month 1 | H33: Y | I33: N | J33: Iowa will collect this information at the time of application. However, the metric counts cannot be captured after initial enrollment because when the case numbers/ledger keys are in Subject to Recovery status, then there is no way to determine if they had paid the debt or still owe it. They might have paid it in collections or it could have been cancelled after being set to subject to recovery. | K33: Version 4.0 | L33: Y | M33: 10/01/2024- 10/31/2024 | N33: n.a. | O33: 0 | P33: n.a. | Q33: n.a. | R33: n.a. | S33: n.a. | T33: n.a. | U33: n.a. | V33: n.a. | W33: n.a. | X33: n.a. | Y33: n.a. | Z33: n.a. | AA33: n.a. | AB33: n.a. | AC33: n.a. | AD33: n.a. | AE33: n.a. | AF33: n.a. | AG33: n.a. | AH33: n.a. | AI33: n.a. | AJ33: n.a. | AK33: n.a. | AL33: n.a. | AM33: n.a. | AN33: n.a. | AO33: n.a. | AP33: n.a. | AQ33: n.a. | AR33: n.a. | AS33: n.a. | AT33: n.a. | AU33: n.a. | AV33: n.a. | AW33: n.a. | AX33: n.a. | AY33: n.a. | AZ33: n.a. | BA33: n.a. | BB33: n.a. | BC33: n.a. | BD33: n.a. | BE33: n.a. | BF33: n.a. | BG33: n.a. | BH33: n.a. | BI33: n.a. | BJ33: n.a. | BK33: n.a. | BL33: n.a. | BM33: n.a. | BN33: n.a. | BO33: n.a. | BP33: n.a. | BQ33: n.a. | BR33: n.a. | BS33: n.a. | BT33: n.a. | BU33: n.a. | BV33: n.a. | BW33: n.a. | BX33: n.a. | BZ33: 0 | CC33: 0
A34: PR_7 | B34: Beneficiaries with collectible debt | D34: PR.Mod_5: Operationalize strategies for noncompliance | E34: Administrative records | F34: 30 days | G34: Month 2 | H34: =IF(H33="","",H33) -> Y | I34: =IF(I33="","",I33) -> N | J34: =IF(J33="","",J33) -> Iowa will collect this information at the time of application. However, the metric counts cannot be captured after initial enrollment because when the case numbers/ledger keys are in Subject to Recovery status, then there is no way to determine if they had paid the debt or still owe it. They might have paid it in collections or it could have been cancelled after being set to subject to recovery. | K34: =IF(K33="","",K33) -> Version 4.0 | L34: =IF(L33="","",L33) -> Y | M34: 11/01/2024- 11/30/2024 | N34: n.a. | O34: 0 | P34: n.a. | Q34: n.a. | R34: n.a. | S34: n.a. | T34: n.a. | U34: n.a. | V34: n.a. | W34: n.a. | X34: n.a. | Y34: n.a. | Z34: n.a. | AA34: n.a. | AB34: n.a. | AC34: n.a. | AD34: n.a. | AE34: n.a. | AF34: n.a. | AG34: n.a. | AH34: n.a. | AI34: n.a. | AJ34: n.a. | AK34: n.a. | AL34: n.a. | AM34: n.a. | AN34: n.a. | AO34: n.a. | AP34: n.a. | AQ34: n.a. | AR34: n.a. | AS34: n.a. | AT34: n.a. | AU34: n.a. | AV34: n.a. | AW34: n.a. | AX34: n.a. | AY34: n.a. | AZ34: n.a. | BA34: n.a. | BB34: n.a. | BC34: n.a. | BD34: n.a. | BE34: n.a. | BF34: n.a. | BG34: n.a. | BH34: n.a. | BI34: n.a. | BJ34: n.a. | BK34: n.a. | BL34: n.a. | BM34: n.a. | BN34: n.a. | BO34: n.a. | BP34: n.a. | BQ34: n.a. | BR34: n.a. | BS34: n.a. | BT34: n.a. | BU34: n.a. | BV34: n.a. | BW34: n.a. | BX34: n.a. | BZ34: 0 | CC34: 0
A35: PR_7 | B35: Beneficiaries with collectible debt | D35: PR.Mod_5: Operationalize strategies for noncompliance | E35: Administrative records | F35: 30 days | G35: Month 3 | H35: =IF(H34="","",H34) -> Y | I35: =IF(I34="","",I34) -> N | J35: =IF(J34="","",J34) -> Iowa will collect this information at the time of application. However, the metric counts cannot be captured after initial enrollment because when the case numbers/ledger keys are in Subject to Recovery status, then there is no way to determine if they had paid the debt or still owe it. They might have paid it in collections or it could have been cancelled after being set to subject to recovery. | K35: =IF(K34="","",K34) -> Version 4.0 | L35: =IF(L34="","",L34) -> Y | M35: 12/01/2024- 12/31/2024 | N35: n.a. | O35: 0 | P35: n.a. | Q35: n.a. | R35: n.a. | S35: n.a. | T35: n.a. | U35: n.a. | V35: n.a. | W35: n.a. | X35: n.a. | Y35: n.a. | Z35: n.a. | AA35: n.a. | AB35: n.a. | AC35: n.a. | AD35: n.a. | AE35: n.a. | AF35: n.a. | AG35: n.a. | AH35: n.a. | AI35: n.a. | AJ35: n.a. | AK35: n.a. | AL35: n.a. | AM35: n.a. | AN35: n.a. | AO35: n.a. | AP35: n.a. | AQ35: n.a. | AR35: n.a. | AS35: n.a. | AT35: n.a. | AU35: n.a. | AV35: n.a. | AW35: n.a. | AX35: n.a. | AY35: n.a. | AZ35: n.a. | BA35: n.a. | BB35: n.a. | BC35: n.a. | BD35: n.a. | BE35: n.a. | BF35: n.a. | BG35: n.a. | BH35: n.a. | BI35: n.a. | BJ35: n.a. | BK35: n.a. | BL35: n.a. | BM35: n.a. | BN35: n.a. | BO35: n.a. | BP35: n.a. | BQ35: n.a. | BR35: n.a. | BS35: n.a. | BT35: n.a. | BU35: n.a. | BV35: n.a. | BW35: n.a. | BX35: n.a. | BZ35: 0 | CC35: 0
A36: PR_8 | B36: Beneficiaries in enrollment duration tier 1 | C36: Number of beneficiaries enrolled in the demonstration and subject to premium policies whose cumulative length of enrollment fell in tier 1 – the shortest enrollment duration, during which beneficiaries are subject to the first set of program rules and requirements. Tiers are defined in terms of enrollment periods that are distinguished by different premium or copayment liabilities. | D36: PR.Mod_1: Eligibility and payment amounts | E36: Administrative records | F36: 30 days | G36: Month 1 | H36: N | N36: n.a. | P36: n.a. | Q36: n.a. | R36: n.a. | S36: n.a. | T36: n.a. | U36: n.a. | V36: n.a. | W36: n.a. | X36: n.a. | Y36: n.a. | Z36: n.a. | AA36: n.a. | AB36: n.a. | AC36: n.a. | AD36: n.a. | AE36: n.a. | AF36: n.a. | AG36: n.a. | AH36: n.a. | AI36: n.a. | AJ36: n.a. | AK36: n.a. | AL36: n.a. | AM36: n.a. | AN36: n.a. | AO36: n.a. | AP36: n.a. | AQ36: n.a. | AR36: n.a. | AS36: n.a. | AT36: n.a. | AU36: n.a. | AV36: n.a. | AW36: n.a. | AX36: n.a. | AY36: n.a. | AZ36: n.a. | BA36: n.a. | BB36: n.a. | BC36: n.a. | BD36: n.a. | BE36: n.a. | BF36: n.a. | BG36: n.a. | BH36: n.a. | BI36: n.a. | BJ36: n.a. | BK36: n.a. | BL36: n.a. | BM36: n.a. | BN36: n.a. | BO36: n.a. | BP36: n.a. | BQ36: n.a. | BR36: n.a. | BS36: n.a. | BT36: n.a. | BU36: n.a. | BV36: n.a. | BW36: n.a. | BX36: n.a.
A37: PR_8 | B37: Beneficiaries in enrollment duration tier 2 | D37: PR.Mod_1: Eligibility and payment amounts | E37: Administrative records | F37: 30 days | G37: Month 2 | H37: =IF(H36="","",H36) -> N | I37: =IF(I36="","",I36) | J37: =IF(J36="","",J36) | K37: =IF(K36="","",K36) | L37: =IF(L36="","",L36) | N37: n.a. | P37: n.a. | Q37: n.a. | R37: n.a. | S37: n.a. | T37: n.a. | U37: n.a. | V37: n.a. | W37: n.a. | X37: n.a. | Y37: n.a. | Z37: n.a. | AA37: n.a. | AB37: n.a. | AC37: n.a. | AD37: n.a. | AE37: n.a. | AF37: n.a. | AG37: n.a. | AH37: n.a. | AI37: n.a. | AJ37: n.a. | AK37: n.a. | AL37: n.a. | AM37: n.a. | AN37: n.a. | AO37: n.a. | AP37: n.a. | AQ37: n.a. | AR37: n.a. | AS37: n.a. | AT37: n.a. | AU37: n.a. | AV37: n.a. | AW37: n.a. | AX37: n.a. | AY37: n.a. | AZ37: n.a. | BA37: n.a. | BB37: n.a. | BC37: n.a. | BD37: n.a. | BE37: n.a. | BF37: n.a. | BG37: n.a. | BH37: n.a. | BI37: n.a. | BJ37: n.a. | BK37: n.a. | BL37: n.a. | BM37: n.a. | BN37: n.a. | BO37: n.a. | BP37: n.a. | BQ37: n.a. | BR37: n.a. | BS37: n.a. | BT37: n.a. | BU37: n.a. | BV37: n.a. | BW37: n.a. | BX37: n.a.
A38: PR_8 | B38: Beneficiaries in enrollment duration tier 3 | D38: PR.Mod_1: Eligibility and payment amounts | E38: Administrative records | F38: 30 days | G38: Month 3 | H38: =IF(H37="","",H37) -> N | I38: =IF(I37="","",I37) | J38: =IF(J37="","",J37) | K38: =IF(K37="","",K37) | L38: =IF(L37="","",L37) | N38: n.a. | P38: n.a. | Q38: n.a. | R38: n.a. | S38: n.a. | T38: n.a. | U38: n.a. | V38: n.a. | W38: n.a. | X38: n.a. | Y38: n.a. | Z38: n.a. | AA38: n.a. | AB38: n.a. | AC38: n.a. | AD38: n.a. | AE38: n.a. | AF38: n.a. | AG38: n.a. | AH38: n.a. | AI38: n.a. | AJ38: n.a. | AK38: n.a. | AL38: n.a. | AM38: n.a. | AN38: n.a. | AO38: n.a. | AP38: n.a. | AQ38: n.a. | AR38: n.a. | AS38: n.a. | AT38: n.a. | AU38: n.a. | AV38: n.a. | AW38: n.a. | AX38: n.a. | AY38: n.a. | AZ38: n.a. | BA38: n.a. | BB38: n.a. | BC38: n.a. | BD38: n.a. | BE38: n.a. | BF38: n.a. | BG38: n.a. | BH38: n.a. | BI38: n.a. | BJ38: n.a. | BK38: n.a. | BL38: n.a. | BM38: n.a. | BN38: n.a. | BO38: n.a. | BP38: n.a. | BQ38: n.a. | BR38: n.a. | BS38: n.a. | BT38: n.a. | BU38: n.a. | BV38: n.a. | BW38: n.a. | BX38: n.a.
A39: PR_9 | B39: Beneficiaries in enrollment duration tier 2 | C39: Number of beneficiaries enrolled in the demonstration and subject to premium policies whose cumulative length of enrollment fell in tier 2 - the enrollment duration that follows tier 1, during which beneficiaries are subject to the set of program rules and requirements in effect after exceeding the enrollment duration for tier 1. Tiers are defined in terms of enrollment periods that are distinguished by different premium or copayment liabilities. | D39: PR.Mod_1: Eligibility and payment amounts | E39: Administrative records | F39: 30 days | G39: Month 1 | H39: N | N39: n.a. | P39: n.a. | Q39: n.a. | R39: n.a. | S39: n.a. | T39: n.a. | U39: n.a. | V39: n.a. | W39: n.a. | X39: n.a. | Y39: n.a. | Z39: n.a. | AA39: n.a. | AB39: n.a. | AC39: n.a. | AD39: n.a. | AE39: n.a. | AF39: n.a. | AG39: n.a. | AH39: n.a. | AI39: n.a. | AJ39: n.a. | AK39: n.a. | AL39: n.a. | AM39: n.a. | AN39: n.a. | AO39: n.a. | AP39: n.a. | AQ39: n.a. | AR39: n.a. | AS39: n.a. | AT39: n.a. | AU39: n.a. | AV39: n.a. | AW39: n.a. | AX39: n.a. | AY39: n.a. | AZ39: n.a. | BA39: n.a. | BB39: n.a. | BC39: n.a. | BD39: n.a. | BE39: n.a. | BF39: n.a. | BG39: n.a. | BH39: n.a. | BI39: n.a. | BJ39: n.a. | BK39: n.a. | BL39: n.a. | BM39: n.a. | BN39: n.a. | BO39: n.a. | BP39: n.a. | BQ39: n.a. | BR39: n.a. | BS39: n.a. | BT39: n.a. | BU39: n.a. | BV39: n.a. | BW39: n.a. | BX39: n.a.
A40: PR_9 | B40: Beneficiaries in enrollment duration tier 3 | D40: PR.Mod_1: Eligibility and payment amounts | E40: Administrative records | F40: 30 days | G40: Month 2 | H40: =IF(H39="","",H39) -> N | I40: =IF(I39="","",I39) | J40: =IF(J39="","",J39) | K40: =IF(K39="","",K39) | L40: =IF(L39="","",L39) | N40: n.a. | P40: n.a. | Q40: n.a. | R40: n.a. | S40: n.a. | T40: n.a. | U40: n.a. | V40: n.a. | W40: n.a. | X40: n.a. | Y40: n.a. | Z40: n.a. | AA40: n.a. | AB40: n.a. | AC40: n.a. | AD40: n.a. | AE40: n.a. | AF40: n.a. | AG40: n.a. | AH40: n.a. | AI40: n.a. | AJ40: n.a. | AK40: n.a. | AL40: n.a. | AM40: n.a. | AN40: n.a. | AO40: n.a. | AP40: n.a. | AQ40: n.a. | AR40: n.a. | AS40: n.a. | AT40: n.a. | AU40: n.a. | AV40: n.a. | AW40: n.a. | AX40: n.a. | AY40: n.a. | AZ40: n.a. | BA40: n.a. | BB40: n.a. | BC40: n.a. | BD40: n.a. | BE40: n.a. | BF40: n.a. | BG40: n.a. | BH40: n.a. | BI40: n.a. | BJ40: n.a. | BK40: n.a. | BL40: n.a. | BM40: n.a. | BN40: n.a. | BO40: n.a. | BP40: n.a. | BQ40: n.a. | BR40: n.a. | BS40: n.a. | BT40: n.a. | BU40: n.a. | BV40: n.a. | BW40: n.a. | BX40: n.a.
A41: PR_9 | B41: Beneficiaries in enrollment duration tier 4 | D41: PR.Mod_1: Eligibility and payment amounts | E41: Administrative records | F41: 30 days | G41: Month 3 | H41: =IF(H40="","",H40) -> N | I41: =IF(I40="","",I40) | J41: =IF(J40="","",J40) | K41: =IF(K40="","",K40) | L41: =IF(L40="","",L40) | N41: n.a. | P41: n.a. | Q41: n.a. | R41: n.a. | S41: n.a. | T41: n.a. | U41: n.a. | V41: n.a. | W41: n.a. | X41: n.a. | Y41: n.a. | Z41: n.a. | AA41: n.a. | AB41: n.a. | AC41: n.a. | AD41: n.a. | AE41: n.a. | AF41: n.a. | AG41: n.a. | AH41: n.a. | AI41: n.a. | AJ41: n.a. | AK41: n.a. | AL41: n.a. | AM41: n.a. | AN41: n.a. | AO41: n.a. | AP41: n.a. | AQ41: n.a. | AR41: n.a. | AS41: n.a. | AT41: n.a. | AU41: n.a. | AV41: n.a. | AW41: n.a. | AX41: n.a. | AY41: n.a. | AZ41: n.a. | BA41: n.a. | BB41: n.a. | BC41: n.a. | BD41: n.a. | BE41: n.a. | BF41: n.a. | BG41: n.a. | BH41: n.a. | BI41: n.a. | BJ41: n.a. | BK41: n.a. | BL41: n.a. | BM41: n.a. | BN41: n.a. | BO41: n.a. | BP41: n.a. | BQ41: n.a. | BR41: n.a. | BS41: n.a. | BT41: n.a. | BU41: n.a. | BV41: n.a. | BW41: n.a. | BX41: n.a.
A42: PR_10 | B42: Beneficiaries in enrollment duration tiers 3+ | C42: Number of beneficiaries enrolled in the demonstration and subject to premium policies whose cumulative length of enrollment fell in tier 3 – the enrollment duration that follows tier 2, during which beneficiaries are subject to the set of program rules and requirements in effect after exceeding the enrollment duration for tier 2. Tiers are defined in terms of enrollment periods that are distinguished by different premium or copayment liabilities. A state with more than three tiers of program rules should calculate additional metrics to report enrollment counts for current enrollees within each additional tier. | D42: PR.Mod_1: Eligibility and payment amounts | E42: Administrative records | F42: 30 days | G42: Month 1 | H42: N | N42: n.a. | P42: n.a. | Q42: n.a. | R42: n.a. | S42: n.a. | T42: n.a. | U42: n.a. | V42: n.a. | W42: n.a. | X42: n.a. | Y42: n.a. | Z42: n.a. | AA42: n.a. | AB42: n.a. | AC42: n.a. | AD42: n.a. | AE42: n.a. | AF42: n.a. | AG42: n.a. | AH42: n.a. | AI42: n.a. | AJ42: n.a. | AK42: n.a. | AL42: n.a. | AM42: n.a. | AN42: n.a. | AO42: n.a. | AP42: n.a. | AQ42: n.a. | AR42: n.a. | AS42: n.a. | AT42: n.a. | AU42: n.a. | AV42: n.a. | AW42: n.a. | AX42: n.a. | AY42: n.a. | AZ42: n.a. | BA42: n.a. | BB42: n.a. | BC42: n.a. | BD42: n.a. | BE42: n.a. | BF42: n.a. | BG42: n.a. | BH42: n.a. | BI42: n.a. | BJ42: n.a. | BK42: n.a. | BL42: n.a. | BM42: n.a. | BN42: n.a. | BO42: n.a. | BP42: n.a. | BQ42: n.a. | BR42: n.a. | BS42: n.a. | BT42: n.a. | BU42: n.a. | BV42: n.a. | BW42: n.a. | BX42: n.a.
A43: PR_10 | B43: Beneficiaries in enrollment duration tiers 3+ | D43: PR.Mod_1: Eligibility and payment amounts | E43: Administrative records | F43: 30 days | G43: Month 2 | H43: =IF(H42="","",H42) -> N | I43: =IF(I42="","",I42) | J43: =IF(J42="","",J42) | K43: =IF(K42="","",K42) | L43: =IF(L42="","",L42) | N43: n.a. | P43: n.a. | Q43: n.a. | R43: n.a. | S43: n.a. | T43: n.a. | U43: n.a. | V43: n.a. | W43: n.a. | X43: n.a. | Y43: n.a. | Z43: n.a. | AA43: n.a. | AB43: n.a. | AC43: n.a. | AD43: n.a. | AE43: n.a. | AF43: n.a. | AG43: n.a. | AH43: n.a. | AI43: n.a. | AJ43: n.a. | AK43: n.a. | AL43: n.a. | AM43: n.a. | AN43: n.a. | AO43: n.a. | AP43: n.a. | AQ43: n.a. | AR43: n.a. | AS43: n.a. | AT43: n.a. | AU43: n.a. | AV43: n.a. | AW43: n.a. | AX43: n.a. | AY43: n.a. | AZ43: n.a. | BA43: n.a. | BB43: n.a. | BC43: n.a. | BD43: n.a. | BE43: n.a. | BF43: n.a. | BG43: n.a. | BH43: n.a. | BI43: n.a. | BJ43: n.a. | BK43: n.a. | BL43: n.a. | BM43: n.a. | BN43: n.a. | BO43: n.a. | BP43: n.a. | BQ43: n.a. | BR43: n.a. | BS43: n.a. | BT43: n.a. | BU43: n.a. | BV43: n.a. | BW43: n.a. | BX43: n.a.
A44: PR_10 | B44: Beneficiaries in enrollment duration tiers 3+ | D44: PR.Mod_1: Eligibility and payment amounts | E44: Administrative records | F44: 30 days | G44: Month 3 | H44: =IF(H43="","",H43) -> N | I44: =IF(I43="","",I43) | J44: =IF(J43="","",J43) | K44: =IF(K43="","",K43) | L44: =IF(L43="","",L43) | N44: n.a. | P44: n.a. | Q44: n.a. | R44: n.a. | S44: n.a. | T44: n.a. | U44: n.a. | V44: n.a. | W44: n.a. | X44: n.a. | Y44: n.a. | Z44: n.a. | AA44: n.a. | AB44: n.a. | AC44: n.a. | AD44: n.a. | AE44: n.a. | AF44: n.a. | AG44: n.a. | AH44: n.a. | AI44: n.a. | AJ44: n.a. | AK44: n.a. | AL44: n.a. | AM44: n.a. | AN44: n.a. | AO44: n.a. | AP44: n.a. | AQ44: n.a. | AR44: n.a. | AS44: n.a. | AT44: n.a. | AU44: n.a. | AV44: n.a. | AW44: n.a. | AX44: n.a. | AY44: n.a. | AZ44: n.a. | BA44: n.a. | BB44: n.a. | BC44: n.a. | BD44: n.a. | BE44: n.a. | BF44: n.a. | BG44: n.a. | BH44: n.a. | BI44: n.a. | BJ44: n.a. | BK44: n.a. | BL44: n.a. | BM44: n.a. | BN44: n.a. | BO44: n.a. | BP44: n.a. | BQ44: n.a. | BR44: n.a. | BS44: n.a. | BT44: n.a. | BU44: n.a. | BV44: n.a. | BW44: n.a. | BX44: n.a.
A45: PR_11 | B45: Beneficiaries for whom the state processed a mid-year change in circumstance in household or income information and who remained enrolled in the demonstration | C45: Among beneficiaries enrolled in the demonstration who were not in their renewal month, number of beneficiaries for whom the state processed a change in household size or income during the measurement period and who remained enrolled in the demonstration. | D45: PR.Mod_1: Eligibility and payment amounts | E45: Administrative records | F45: 30 days | G45: Month 1 | H45: N | N45: n.a. | P45: n.a. | Q45: n.a. | R45: n.a. | S45: n.a. | T45: n.a. | U45: n.a. | V45: n.a. | W45: n.a. | X45: n.a. | Y45: n.a. | Z45: n.a. | AA45: n.a. | AB45: n.a. | AC45: n.a. | AD45: n.a. | AE45: n.a. | AF45: n.a. | AG45: n.a. | AH45: n.a. | AI45: n.a. | AJ45: n.a. | AK45: n.a. | AL45: n.a. | AM45: n.a. | AN45: n.a. | AO45: n.a. | AP45: n.a. | AQ45: n.a. | AR45: n.a. | AS45: n.a. | AT45: n.a. | AU45: n.a. | AV45: n.a. | AW45: n.a. | AX45: n.a. | AY45: n.a. | AZ45: n.a. | BA45: n.a. | BB45: n.a. | BC45: n.a. | BD45: n.a. | BE45: n.a. | BF45: n.a. | BG45: n.a. | BH45: n.a. | BI45: n.a. | BJ45: n.a. | BK45: n.a. | BL45: n.a. | BM45: n.a. | BN45: n.a. | BO45: n.a. | BP45: n.a. | BQ45: n.a. | BR45: n.a. | BS45: n.a. | BT45: n.a. | BU45: n.a. | BV45: n.a. | BW45: n.a. | BX45: n.a.
A46: PR_11 | B46: Beneficiaries for whom the state processed a mid-year change in circumstance in household or income information and who remained enrolled in the demonstration | D46: PR.Mod_1: Eligibility and payment amounts | E46: Administrative records | F46: 30 days | G46: Month 2 | H46: =IF(H45="","",H45) -> N | I46: =IF(I45="","",I45) | J46: =IF(J45="","",J45) | K46: =IF(K45="","",K45) | L46: =IF(L45="","",L45) | N46: n.a. | P46: n.a. | Q46: n.a. | R46: n.a. | S46: n.a. | T46: n.a. | U46: n.a. | V46: n.a. | W46: n.a. | X46: n.a. | Y46: n.a. | Z46: n.a. | AA46: n.a. | AB46: n.a. | AC46: n.a. | AD46: n.a. | AE46: n.a. | AF46: n.a. | AG46: n.a. | AH46: n.a. | AI46: n.a. | AJ46: n.a. | AK46: n.a. | AL46: n.a. | AM46: n.a. | AN46: n.a. | AO46: n.a. | AP46: n.a. | AQ46: n.a. | AR46: n.a. | AS46: n.a. | AT46: n.a. | AU46: n.a. | AV46: n.a. | AW46: n.a. | AX46: n.a. | AY46: n.a. | AZ46: n.a. | BA46: n.a. | BB46: n.a. | BC46: n.a. | BD46: n.a. | BE46: n.a. | BF46: n.a. | BG46: n.a. | BH46: n.a. | BI46: n.a. | BJ46: n.a. | BK46: n.a. | BL46: n.a. | BM46: n.a. | BN46: n.a. | BO46: n.a. | BP46: n.a. | BQ46: n.a. | BR46: n.a. | BS46: n.a. | BT46: n.a. | BU46: n.a. | BV46: n.a. | BW46: n.a. | BX46: n.a.
A47: PR_11 | B47: Beneficiaries for whom the state processed a mid-year change in circumstance in household or income information and who remained enrolled in the demonstration | D47: PR.Mod_1: Eligibility and payment amounts | E47: Administrative records | F47: 30 days | G47: Month 3 | H47: =IF(H46="","",H46) -> N | I47: =IF(I46="","",I46) | J47: =IF(J46="","",J46) | K47: =IF(K46="","",K46) | L47: =IF(L46="","",L46) | N47: n.a. | P47: n.a. | Q47: n.a. | R47: n.a. | S47: n.a. | T47: n.a. | U47: n.a. | V47: n.a. | W47: n.a. | X47: n.a. | Y47: n.a. | Z47: n.a. | AA47: n.a. | AB47: n.a. | AC47: n.a. | AD47: n.a. | AE47: n.a. | AF47: n.a. | AG47: n.a. | AH47: n.a. | AI47: n.a. | AJ47: n.a. | AK47: n.a. | AL47: n.a. | AM47: n.a. | AN47: n.a. | AO47: n.a. | AP47: n.a. | AQ47: n.a. | AR47: n.a. | AS47: n.a. | AT47: n.a. | AU47: n.a. | AV47: n.a. | AW47: n.a. | AX47: n.a. | AY47: n.a. | AZ47: n.a. | BA47: n.a. | BB47: n.a. | BC47: n.a. | BD47: n.a. | BE47: n.a. | BF47: n.a. | BG47: n.a. | BH47: n.a. | BI47: n.a. | BJ47: n.a. | BK47: n.a. | BL47: n.a. | BM47: n.a. | BN47: n.a. | BO47: n.a. | BP47: n.a. | BQ47: n.a. | BR47: n.a. | BS47: n.a. | BT47: n.a. | BU47: n.a. | BV47: n.a. | BW47: n.a. | BX47: n.a.
A48: PR_12 | B48: No premium change following mid-year processing of a change in household or income information | C48: Among beneficiaries enrolled in the demonstration who experienced a change in household size or income during the month (not their renewal month) and remained enrolled in the demonstration as of the last day of the measurement period, the number whose premium obligations or other monthly payments did not change. | D48: PR.Mod_1: Eligibility and payment amounts | E48: Administrative records | F48: 30 days | G48: Month 1 | H48: N | N48: n.a. | P48: n.a. | Q48: n.a. | R48: n.a. | S48: n.a. | T48: n.a. | U48: n.a. | V48: n.a. | W48: n.a. | X48: n.a. | Y48: n.a. | Z48: n.a. | AA48: n.a. | AB48: n.a. | AC48: n.a. | AD48: n.a. | AE48: n.a. | AF48: n.a. | AG48: n.a. | AH48: n.a. | AI48: n.a. | AJ48: n.a. | AK48: n.a. | AL48: n.a. | AM48: n.a. | AN48: n.a. | AO48: n.a. | AP48: n.a. | AQ48: n.a. | AR48: n.a. | AS48: n.a. | AT48: n.a. | AU48: n.a. | AV48: n.a. | AW48: n.a. | AX48: n.a. | AY48: n.a. | AZ48: n.a. | BA48: n.a. | BB48: n.a. | BC48: n.a. | BD48: n.a. | BE48: n.a. | BF48: n.a. | BG48: n.a. | BH48: n.a. | BI48: n.a. | BJ48: n.a. | BK48: n.a. | BL48: n.a. | BM48: n.a. | BN48: n.a. | BO48: n.a. | BP48: n.a. | BQ48: n.a. | BR48: n.a. | BS48: n.a. | BT48: n.a. | BU48: n.a. | BV48: n.a. | BW48: n.a. | BX48: n.a.
A49: PR_12 | B49: No premium change following mid-year processing of a change in household or income information | D49: PR.Mod_1: Eligibility and payment amounts | E49: Administrative records | F49: 30 days | G49: Month 2 | H49: =IF(H48="","",H48) -> N | I49: =IF(I48="","",I48) | J49: =IF(J48="","",J48) | K49: =IF(K48="","",K48) | L49: =IF(L48="","",L48) | N49: n.a. | P49: n.a. | Q49: n.a. | R49: n.a. | S49: n.a. | T49: n.a. | U49: n.a. | V49: n.a. | W49: n.a. | X49: n.a. | Y49: n.a. | Z49: n.a. | AA49: n.a. | AB49: n.a. | AC49: n.a. | AD49: n.a. | AE49: n.a. | AF49: n.a. | AG49: n.a. | AH49: n.a. | AI49: n.a. | AJ49: n.a. | AK49: n.a. | AL49: n.a. | AM49: n.a. | AN49: n.a. | AO49: n.a. | AP49: n.a. | AQ49: n.a. | AR49: n.a. | AS49: n.a. | AT49: n.a. | AU49: n.a. | AV49: n.a. | AW49: n.a. | AX49: n.a. | AY49: n.a. | AZ49: n.a. | BA49: n.a. | BB49: n.a. | BC49: n.a. | BD49: n.a. | BE49: n.a. | BF49: n.a. | BG49: n.a. | BH49: n.a. | BI49: n.a. | BJ49: n.a. | BK49: n.a. | BL49: n.a. | BM49: n.a. | BN49: n.a. | BO49: n.a. | BP49: n.a. | BQ49: n.a. | BR49: n.a. | BS49: n.a. | BT49: n.a. | BU49: n.a. | BV49: n.a. | BW49: n.a. | BX49: n.a.
A50: PR_12 | B50: No premium change following mid-year processing of a change in household or income information | D50: PR.Mod_1: Eligibility and payment amounts | E50: Administrative records | F50: 30 days | G50: Month 3 | H50: =IF(H49="","",H49) -> N | I50: =IF(I49="","",I49) | J50: =IF(J49="","",J49) | K50: =IF(K49="","",K49) | L50: =IF(L49="","",L49) | N50: n.a. | P50: n.a. | Q50: n.a. | R50: n.a. | S50: n.a. | T50: n.a. | U50: n.a. | V50: n.a. | W50: n.a. | X50: n.a. | Y50: n.a. | Z50: n.a. | AA50: n.a. | AB50: n.a. | AC50: n.a. | AD50: n.a. | AE50: n.a. | AF50: n.a. | AG50: n.a. | AH50: n.a. | AI50: n.a. | AJ50: n.a. | AK50: n.a. | AL50: n.a. | AM50: n.a. | AN50: n.a. | AO50: n.a. | AP50: n.a. | AQ50: n.a. | AR50: n.a. | AS50: n.a. | AT50: n.a. | AU50: n.a. | AV50: n.a. | AW50: n.a. | AX50: n.a. | AY50: n.a. | AZ50: n.a. | BA50: n.a. | BB50: n.a. | BC50: n.a. | BD50: n.a. | BE50: n.a. | BF50: n.a. | BG50: n.a. | BH50: n.a. | BI50: n.a. | BJ50: n.a. | BK50: n.a. | BL50: n.a. | BM50: n.a. | BN50: n.a. | BO50: n.a. | BP50: n.a. | BQ50: n.a. | BR50: n.a. | BS50: n.a. | BT50: n.a. | BU50: n.a. | BV50: n.a. | BW50: n.a. | BX50: n.a.
A51: PR_13 | B51: Premium increase following mid-year processing of change in household or income information | C51: Among beneficiaries enrolled in the demonstration who experienced a change in household size or income during the month (not their renewal month) and remained enrolled in the demonstration as of the last day of the measurement period, the number whose premium obligations or other monthly payments increased. | D51: PR.Mod_1: Eligibility and payment amounts | E51: Administrative records | F51: 30 days | G51: Month 1 | H51: N | N51: n.a. | P51: n.a. | Q51: n.a. | R51: n.a. | S51: n.a. | T51: n.a. | U51: n.a. | V51: n.a. | W51: n.a. | X51: n.a. | Y51: n.a. | Z51: n.a. | AA51: n.a. | AB51: n.a. | AC51: n.a. | AD51: n.a. | AE51: n.a. | AF51: n.a. | AG51: n.a. | AH51: n.a. | AI51: n.a. | AJ51: n.a. | AK51: n.a. | AL51: n.a. | AM51: n.a. | AN51: n.a. | AO51: n.a. | AP51: n.a. | AQ51: n.a. | AR51: n.a. | AS51: n.a. | AT51: n.a. | AU51: n.a. | AV51: n.a. | AW51: n.a. | AX51: n.a. | AY51: n.a. | AZ51: n.a. | BA51: n.a. | BB51: n.a. | BC51: n.a. | BD51: n.a. | BE51: n.a. | BF51: n.a. | BG51: n.a. | BH51: n.a. | BI51: n.a. | BJ51: n.a. | BK51: n.a. | BL51: n.a. | BM51: n.a. | BN51: n.a. | BO51: n.a. | BP51: n.a. | BQ51: n.a. | BR51: n.a. | BS51: n.a. | BT51: n.a. | BU51: n.a. | BV51: n.a. | BW51: n.a. | BX51: n.a.
A52: PR_13 | B52: Premium increase following mid-year processing of change in household or income information | D52: PR.Mod_1: Eligibility and payment amounts | E52: Administrative records | F52: 30 days | G52: Month 2 | H52: =IF(H51="","",H51) -> N | I52: =IF(I51="","",I51) | J52: =IF(J51="","",J51) | K52: =IF(K51="","",K51) | L52: =IF(L51="","",L51) | N52: n.a. | P52: n.a. | Q52: n.a. | R52: n.a. | S52: n.a. | T52: n.a. | U52: n.a. | V52: n.a. | W52: n.a. | X52: n.a. | Y52: n.a. | Z52: n.a. | AA52: n.a. | AB52: n.a. | AC52: n.a. | AD52: n.a. | AE52: n.a. | AF52: n.a. | AG52: n.a. | AH52: n.a. | AI52: n.a. | AJ52: n.a. | AK52: n.a. | AL52: n.a. | AM52: n.a. | AN52: n.a. | AO52: n.a. | AP52: n.a. | AQ52: n.a. | AR52: n.a. | AS52: n.a. | AT52: n.a. | AU52: n.a. | AV52: n.a. | AW52: n.a. | AX52: n.a. | AY52: n.a. | AZ52: n.a. | BA52: n.a. | BB52: n.a. | BC52: n.a. | BD52: n.a. | BE52: n.a. | BF52: n.a. | BG52: n.a. | BH52: n.a. | BI52: n.a. | BJ52: n.a. | BK52: n.a. | BL52: n.a. | BM52: n.a. | BN52: n.a. | BO52: n.a. | BP52: n.a. | BQ52: n.a. | BR52: n.a. | BS52: n.a. | BT52: n.a. | BU52: n.a. | BV52: n.a. | BW52: n.a. | BX52: n.a.
A53: PR_13 | B53: Premium increase following mid-year processing of change in household or income information | D53: PR.Mod_1: Eligibility and payment amounts | E53: Administrative records | F53: 30 days | G53: Month 3 | H53: =IF(H52="","",H52) -> N | I53: =IF(I52="","",I52) | J53: =IF(J52="","",J52) | K53: =IF(K52="","",K52) | L53: =IF(L52="","",L52) | N53: n.a. | P53: n.a. | Q53: n.a. | R53: n.a. | S53: n.a. | T53: n.a. | U53: n.a. | V53: n.a. | W53: n.a. | X53: n.a. | Y53: n.a. | Z53: n.a. | AA53: n.a. | AB53: n.a. | AC53: n.a. | AD53: n.a. | AE53: n.a. | AF53: n.a. | AG53: n.a. | AH53: n.a. | AI53: n.a. | AJ53: n.a. | AK53: n.a. | AL53: n.a. | AM53: n.a. | AN53: n.a. | AO53: n.a. | AP53: n.a. | AQ53: n.a. | AR53: n.a. | AS53: n.a. | AT53: n.a. | AU53: n.a. | AV53: n.a. | AW53: n.a. | AX53: n.a. | AY53: n.a. | AZ53: n.a. | BA53: n.a. | BB53: n.a. | BC53: n.a. | BD53: n.a. | BE53: n.a. | BF53: n.a. | BG53: n.a. | BH53: n.a. | BI53: n.a. | BJ53: n.a. | BK53: n.a. | BL53: n.a. | BM53: n.a. | BN53: n.a. | BO53: n.a. | BP53: n.a. | BQ53: n.a. | BR53: n.a. | BS53: n.a. | BT53: n.a. | BU53: n.a. | BV53: n.a. | BW53: n.a. | BX53: n.a.
A54: PR_14 | B54: Premium decrease following mid-year processing of change in household or income information | C54: Among beneficiaries enrolled in the demonstration who experienced a change in household size or income during the month (not their renewal month) and remained enrolled in the demonstration as of the last day of the measurement period, the number whose premium obligations or other monthly payments decreased. | D54: PR.Mod_1: Eligibility and payment amounts | E54: Administrative records | F54: 30 days | G54: Month 1 | H54: N | N54: n.a. | P54: n.a. | Q54: n.a. | R54: n.a. | S54: n.a. | T54: n.a. | U54: n.a. | V54: n.a. | W54: n.a. | X54: n.a. | Y54: n.a. | Z54: n.a. | AA54: n.a. | AB54: n.a. | AC54: n.a. | AD54: n.a. | AE54: n.a. | AF54: n.a. | AG54: n.a. | AH54: n.a. | AI54: n.a. | AJ54: n.a. | AK54: n.a. | AL54: n.a. | AM54: n.a. | AN54: n.a. | AO54: n.a. | AP54: n.a. | AQ54: n.a. | AR54: n.a. | AS54: n.a. | AT54: n.a. | AU54: n.a. | AV54: n.a. | AW54: n.a. | AX54: n.a. | AY54: n.a. | AZ54: n.a. | BA54: n.a. | BB54: n.a. | BC54: n.a. | BD54: n.a. | BE54: n.a. | BF54: n.a. | BG54: n.a. | BH54: n.a. | BI54: n.a. | BJ54: n.a. | BK54: n.a. | BL54: n.a. | BM54: n.a. | BN54: n.a. | BO54: n.a. | BP54: n.a. | BQ54: n.a. | BR54: n.a. | BS54: n.a. | BT54: n.a. | BU54: n.a. | BV54: n.a. | BW54: n.a. | BX54: n.a.
A55: PR_14 | B55: Premium decrease following mid-year processing of change in household or income information | D55: PR.Mod_1: Eligibility and payment amounts | E55: Administrative records | F55: 30 days | G55: Month 2 | H55: =IF(H54="","",H54) -> N | I55: =IF(I54="","",I54) | J55: =IF(J54="","",J54) | K55: =IF(K54="","",K54) | L55: =IF(L54="","",L54) | N55: n.a. | P55: n.a. | Q55: n.a. | R55: n.a. | S55: n.a. | T55: n.a. | U55: n.a. | V55: n.a. | W55: n.a. | X55: n.a. | Y55: n.a. | Z55: n.a. | AA55: n.a. | AB55: n.a. | AC55: n.a. | AD55: n.a. | AE55: n.a. | AF55: n.a. | AG55: n.a. | AH55: n.a. | AI55: n.a. | AJ55: n.a. | AK55: n.a. | AL55: n.a. | AM55: n.a. | AN55: n.a. | AO55: n.a. | AP55: n.a. | AQ55: n.a. | AR55: n.a. | AS55: n.a. | AT55: n.a. | AU55: n.a. | AV55: n.a. | AW55: n.a. | AX55: n.a. | AY55: n.a. | AZ55: n.a. | BA55: n.a. | BB55: n.a. | BC55: n.a. | BD55: n.a. | BE55: n.a. | BF55: n.a. | BG55: n.a. | BH55: n.a. | BI55: n.a. | BJ55: n.a. | BK55: n.a. | BL55: n.a. | BM55: n.a. | BN55: n.a. | BO55: n.a. | BP55: n.a. | BQ55: n.a. | BR55: n.a. | BS55: n.a. | BT55: n.a. | BU55: n.a. | BV55: n.a. | BW55: n.a. | BX55: n.a.
A56: PR_14 | B56: Premium decrease following mid-year processing of change in household or income information | D56: PR.Mod_1: Eligibility and payment amounts | E56: Administrative records | F56: 30 days | G56: Month 3 | H56: =IF(H55="","",H55) -> N | I56: =IF(I55="","",I55) | J56: =IF(J55="","",J55) | K56: =IF(K55="","",K55) | L56: =IF(L55="","",L55) | N56: n.a. | P56: n.a. | Q56: n.a. | R56: n.a. | S56: n.a. | T56: n.a. | U56: n.a. | V56: n.a. | W56: n.a. | X56: n.a. | Y56: n.a. | Z56: n.a. | AA56: n.a. | AB56: n.a. | AC56: n.a. | AD56: n.a. | AE56: n.a. | AF56: n.a. | AG56: n.a. | AH56: n.a. | AI56: n.a. | AJ56: n.a. | AK56: n.a. | AL56: n.a. | AM56: n.a. | AN56: n.a. | AO56: n.a. | AP56: n.a. | AQ56: n.a. | AR56: n.a. | AS56: n.a. | AT56: n.a. | AU56: n.a. | AV56: n.a. | AW56: n.a. | AX56: n.a. | AY56: n.a. | AZ56: n.a. | BA56: n.a. | BB56: n.a. | BC56: n.a. | BD56: n.a. | BE56: n.a. | BF56: n.a. | BG56: n.a. | BH56: n.a. | BI56: n.a. | BJ56: n.a. | BK56: n.a. | BL56: n.a. | BM56: n.a. | BN56: n.a. | BO56: n.a. | BP56: n.a. | BQ56: n.a. | BR56: n.a. | BS56: n.a. | BT56: n.a. | BU56: n.a. | BV56: n.a. | BW56: n.a. | BX56: n.a.
A57: PR_15 | B57: Beneficiaries disenrolled from the demonstration for failure to pay and therefore disenrolled from Medicaid | C57: Number of demonstration beneficiaries disenrolled from Medicaid as of the last day of the measurement period for failure to pay premiums. | D57: PR.Mod_5: Operationalize strategies for noncompliance | E57: Administrative records | F57: 30 days | G57: Month 1 | H57: Y | I57: Y | K57: Version 4.0 | L57: Y | M57: 10/01/2024- 10/31/2024 | N57: n.a. | O57: 0 | P57: n.a. | Q57: n.a. | R57: n.a. | S57: n.a. | T57: n.a. | U57: n.a. | V57: n.a. | W57: n.a. | X57: n.a. | Y57: n.a. | Z57: n.a. | AA57: 0 | AB57: n.a. | AC57: n.a. | AD57: 0 | AE57: n.a. | AF57: n.a. | AG57: 0 | AH57: n.a. | AI57: n.a. | AJ57: 0 | AK57: n.a. | AL57: n.a. | AM57: 0 | AN57: n.a. | AO57: n.a. | AP57: 0 | AQ57: n.a. | AR57: n.a. | AS57: 0 | AT57: n.a. | AU57: n.a. | AV57: 0 | AW57: n.a. | AX57: n.a. | AY57: 0 | AZ57: n.a. | BA57: n.a. | BB57: 0 | BC57: n.a. | BD57: n.a. | BE57: 0 | BF57: n.a. | BG57: n.a. | BH57: 0 | BI57: n.a. | BJ57: n.a. | BK57: 0 | BL57: n.a. | BM57: n.a. | BN57: 0 | BO57: n.a. | BP57: n.a. | BQ57: 0 | BR57: n.a. | BS57: n.a. | BT57: 0 | BU57: n.a. | BV57: n.a. | BW57: 0 | BX57: n.a. | BZ57: 0 | CC57: 0
A58: PR_15 | B58: Beneficiaries disenrolled from the demonstration for failure to pay and therefore disenrolled from Medicaid | C58: Number of demonstration beneficiaries disenrolled from Medicaid as of the last day of the measurement period for failure to pay premiums. | D58: PR.Mod_5: Operationalize strategies for noncompliance | E58: Administrative records | F58: 30 days | G58: Month 2 | M58: 11/01/2024- 11/30/2024 | N58: n.a. | O58: 0 | P58: n.a. | Q58: n.a. | R58: n.a. | S58: n.a. | T58: n.a. | U58: n.a. | V58: n.a. | W58: n.a. | X58: n.a. | Y58: n.a. | Z58: n.a. | AA58: 0 | AB58: n.a. | AC58: n.a. | AD58: 0 | AE58: n.a. | AF58: n.a. | AG58: 0 | AH58: n.a. | AI58: n.a. | AJ58: 0 | AK58: n.a. | AL58: n.a. | AM58: 0 | AN58: n.a. | AO58: n.a. | AP58: 0 | AQ58: n.a. | AR58: n.a. | AS58: 0 | AT58: n.a. | AU58: n.a. | AV58: 0 | AW58: n.a. | AX58: n.a. | AY58: 0 | AZ58: n.a. | BA58: n.a. | BB58: 0 | BC58: n.a. | BD58: n.a. | BE58: 0 | BF58: n.a. | BG58: n.a. | BH58: 0 | BI58: n.a. | BJ58: n.a. | BK58: 0 | BL58: n.a. | BM58: n.a. | BN58: 0 | BO58: n.a. | BP58: n.a. | BQ58: 0 | BR58: n.a. | BS58: n.a. | BT58: 0 | BU58: n.a. | BV58: n.a. | BW58: 0 | BX58: n.a. | BZ58: 0 | CC58: 0
A59: PR_15 | B59: Beneficiaries disenrolled from the demonstration for failure to pay and therefore disenrolled from Medicaid | C59: Number of demonstration beneficiaries disenrolled from Medicaid as of the last day of the measurement period for failure to pay premiums. | D59: PR.Mod_5: Operationalize strategies for noncompliance | E59: Administrative records | F59: 30 days | G59: Month 3 | M59: 12/01/2024- 12/31/2024 | N59: n.a. | O59: 0 | P59: n.a. | Q59: n.a. | R59: n.a. | S59: n.a. | T59: n.a. | U59: n.a. | V59: n.a. | W59: n.a. | X59: n.a. | Y59: n.a. | Z59: n.a. | AA59: 0 | AB59: n.a. | AC59: n.a. | AD59: 0 | AE59: n.a. | AF59: n.a. | AG59: 0 | AH59: n.a. | AI59: n.a. | AJ59: 0 | AK59: n.a. | AL59: n.a. | AM59: 0 | AN59: n.a. | AO59: n.a. | AP59: 0 | AQ59: n.a. | AR59: n.a. | AS59: 0 | AT59: n.a. | AU59: n.a. | AV59: 0 | AW59: n.a. | AX59: n.a. | AY59: 0 | AZ59: n.a. | BA59: n.a. | BB59: 0 | BC59: n.a. | BD59: n.a. | BE59: 0 | BF59: n.a. | BG59: n.a. | BH59: 0 | BI59: n.a. | BJ59: n.a. | BK59: 0 | BL59: n.a. | BM59: n.a. | BN59: 0 | BO59: n.a. | BP59: n.a. | BQ59: 0 | BR59: n.a. | BS59: n.a. | BT59: 0 | BU59: n.a. | BV59: n.a. | BW59: 0 | BX59: n.a. | BZ59: 0 | CC59: 0
A60: PR_16 | B60: Beneficiaries in a non-eligibility period who were disenrolled for failure to pay and are prevented from re-enrolling for a defined period of time | C60: The number of prior demonstration beneficiaries who were disenrolled from Medicaid for failure to pay premiums and are in a non-eligibility period, meaning they are prevented from re-enrolling for some defined period of time, including those prevented from re-enrolling until their redetermination date. | D60: PR.Mod_5: Operationalize strategies for noncompliance | E60: Administrative records | F60: 30 days | G60: Month 1 | H60: N | N60: n.a. | P60: n.a. | Q60: n.a. | R60: n.a. | S60: n.a. | T60: n.a. | U60: n.a. | V60: n.a. | W60: n.a. | X60: n.a. | Y60: n.a. | Z60: n.a. | AB60: n.a. | AC60: n.a. | AE60: n.a. | AF60: n.a. | AH60: n.a. | AI60: n.a. | AK60: n.a. | AL60: n.a. | AN60: n.a. | AO60: n.a. | AQ60: n.a. | AR60: n.a. | AT60: n.a. | AU60: n.a. | AW60: n.a. | AX60: n.a. | AZ60: n.a. | BA60: n.a. | BC60: n.a. | BD60: n.a. | BF60: n.a. | BG60: n.a. | BI60: n.a. | BJ60: n.a. | BL60: n.a. | BM60: n.a. | BO60: n.a. | BP60: n.a. | BR60: n.a. | BS60: n.a. | BU60: n.a. | BV60: n.a. | BX60: n.a.
A61: PR_16 | B61: Beneficiaries in a non-eligibility period who were disenrolled for failure to pay and are prevented from re-enrolling for a defined period of time | D61: PR.Mod_5: Operationalize strategies for noncompliance | E61: Administrative records | F61: 30 days | G61: Month 2 | H61: =IF(H60="","",H60) -> N | I61: =IF(I60="","",I60) | J61: =IF(J60="","",J60) | K61: =IF(K60="","",K60) | L61: =IF(L60="","",L60) | N61: n.a. | P61: n.a. | Q61: n.a. | R61: n.a. | S61: n.a. | T61: n.a. | U61: n.a. | V61: n.a. | W61: n.a. | X61: n.a. | Y61: n.a. | Z61: n.a. | AB61: n.a. | AC61: n.a. | AE61: n.a. | AF61: n.a. | AH61: n.a. | AI61: n.a. | AK61: n.a. | AL61: n.a. | AN61: n.a. | AO61: n.a. | AQ61: n.a. | AR61: n.a. | AT61: n.a. | AU61: n.a. | AW61: n.a. | AX61: n.a. | AZ61: n.a. | BA61: n.a. | BC61: n.a. | BD61: n.a. | BF61: n.a. | BG61: n.a. | BI61: n.a. | BJ61: n.a. | BL61: n.a. | BM61: n.a. | BO61: n.a. | BP61: n.a. | BR61: n.a. | BS61: n.a. | BU61: n.a. | BV61: n.a. | BX61: n.a.
A62: PR_16 | B62: Beneficiaries in a non-eligibility period who were disenrolled for failure to pay and are prevented from re-enrolling for a defined period of time | D62: PR.Mod_5: Operationalize strategies for noncompliance | E62: Administrative records | F62: 30 days | G62: Month 3 | H62: =IF(H61="","",H61) -> N | I62: =IF(I61="","",I61) | J62: =IF(J61="","",J61) | K62: =IF(K61="","",K61) | L62: =IF(L61="","",L61) | N62: n.a. | P62: n.a. | Q62: n.a. | R62: n.a. | S62: n.a. | T62: n.a. | U62: n.a. | V62: n.a. | W62: n.a. | X62: n.a. | Y62: n.a. | Z62: n.a. | AB62: n.a. | AC62: n.a. | AE62: n.a. | AF62: n.a. | AH62: n.a. | AI62: n.a. | AK62: n.a. | AL62: n.a. | AN62: n.a. | AO62: n.a. | AQ62: n.a. | AR62: n.a. | AT62: n.a. | AU62: n.a. | AW62: n.a. | AX62: n.a. | AZ62: n.a. | BA62: n.a. | BC62: n.a. | BD62: n.a. | BF62: n.a. | BG62: n.a. | BI62: n.a. | BJ62: n.a. | BL62: n.a. | BM62: n.a. | BO62: n.a. | BP62: n.a. | BR62: n.a. | BS62: n.a. | BU62: n.a. | BV62: n.a. | BX62: n.a.
A63: PR_17 | B63: Beneficiaries whose benefits are suspended for failure to pay | C63: Number of demonstration beneficiaries whose benefits were suspended during the measurement period for failure to pay premiums. | D63: PR.Mod_5: Operationalize strategies for noncompliance | E63: Administrative records | F63: 30 days | G63: Month 1 | H63: N | N63: n.a. | P63: n.a. | Q63: n.a. | R63: n.a. | S63: n.a. | T63: n.a. | U63: n.a. | V63: n.a. | W63: n.a. | X63: n.a. | Y63: n.a. | Z63: n.a. | AB63: n.a. | AC63: n.a. | AE63: n.a. | AF63: n.a. | AH63: n.a. | AI63: n.a. | AK63: n.a. | AL63: n.a. | AN63: n.a. | AO63: n.a. | AQ63: n.a. | AR63: n.a. | AT63: n.a. | AU63: n.a. | AW63: n.a. | AX63: n.a. | AZ63: n.a. | BA63: n.a. | BC63: n.a. | BD63: n.a. | BF63: n.a. | BG63: n.a. | BI63: n.a. | BJ63: n.a. | BL63: n.a. | BM63: n.a. | BO63: n.a. | BP63: n.a. | BR63: n.a. | BS63: n.a. | BU63: n.a. | BV63: n.a. | BX63: n.a.
A64: PR_17 | B64: Beneficiaries whose benefits are suspended for failure to pay | C64: Number of demonstration beneficiaries whose benefits were suspended during the measurement period for failure to pay premiums. | D64: PR.Mod_5: Operationalize strategies for noncompliance | E64: Administrative records | F64: 30 days | G64: Month 2 | H64: =IF(H63="","",H63) -> N | I64: =IF(I63="","",I63) | J64: =IF(J63="","",J63) | K64: =IF(K63="","",K63) | L64: =IF(L63="","",L63) | N64: n.a. | P64: n.a. | Q64: n.a. | R64: n.a. | S64: n.a. | T64: n.a. | U64: n.a. | V64: n.a. | W64: n.a. | X64: n.a. | Y64: n.a. | Z64: n.a. | AB64: n.a. | AC64: n.a. | AE64: n.a. | AF64: n.a. | AH64: n.a. | AI64: n.a. | AK64: n.a. | AL64: n.a. | AN64: n.a. | AO64: n.a. | AQ64: n.a. | AR64: n.a. | AT64: n.a. | AU64: n.a. | AW64: n.a. | AX64: n.a. | AZ64: n.a. | BA64: n.a. | BC64: n.a. | BD64: n.a. | BF64: n.a. | BG64: n.a. | BI64: n.a. | BJ64: n.a. | BL64: n.a. | BM64: n.a. | BO64: n.a. | BP64: n.a. | BR64: n.a. | BS64: n.a. | BU64: n.a. | BV64: n.a. | BX64: n.a.
A65: PR_17 | B65: Beneficiaries whose benefits are suspended for failure to pay | C65: Number of demonstration beneficiaries whose benefits were suspended during the measurement period for failure to pay premiums. | D65: PR.Mod_5: Operationalize strategies for noncompliance | E65: Administrative records | F65: 30 days | G65: Month 3 | H65: =IF(H64="","",H64) -> N | I65: =IF(I64="","",I64) | J65: =IF(J64="","",J64) | K65: =IF(K64="","",K64) | L65: =IF(L64="","",L64) | N65: n.a. | P65: n.a. | Q65: n.a. | R65: n.a. | S65: n.a. | T65: n.a. | U65: n.a. | V65: n.a. | W65: n.a. | X65: n.a. | Y65: n.a. | Z65: n.a. | AB65: n.a. | AC65: n.a. | AE65: n.a. | AF65: n.a. | AH65: n.a. | AI65: n.a. | AK65: n.a. | AL65: n.a. | AN65: n.a. | AO65: n.a. | AQ65: n.a. | AR65: n.a. | AT65: n.a. | AU65: n.a. | AW65: n.a. | AX65: n.a. | AZ65: n.a. | BA65: n.a. | BC65: n.a. | BD65: n.a. | BF65: n.a. | BG65: n.a. | BI65: n.a. | BJ65: n.a. | BL65: n.a. | BM65: n.a. | BO65: n.a. | BP65: n.a. | BR65: n.a. | BS65: n.a. | BU65: n.a. | BV65: n.a. | BX65: n.a.
A66: PR_18 | B66: No premium change | C66: Number of beneficiaries enrolled in the demonstration due for renewal during the measurement period who were redetermined as eligible for the demonstration and remained in income and eligibility groups subject to premiums, with no change in premiums or other monthly payments. | D66: PR.Mod_1: Eligibility and payment amounts | E66: Administrative records | F66: 30 days | G66: Month 1 | H66: N | N66: n.a. | P66: n.a. | Q66: n.a. | R66: n.a. | S66: n.a. | T66: n.a. | U66: n.a. | V66: n.a. | W66: n.a. | X66: n.a. | Y66: n.a. | Z66: n.a. | AA66: n.a. | AB66: n.a. | AC66: n.a. | AD66: n.a. | AE66: n.a. | AF66: n.a. | AG66: n.a. | AH66: n.a. | AI66: n.a. | AJ66: n.a. | AK66: n.a. | AL66: n.a. | AM66: n.a. | AN66: n.a. | AO66: n.a. | AP66: n.a. | AQ66: n.a. | AR66: n.a. | AS66: n.a. | AT66: n.a. | AU66: n.a. | AV66: n.a. | AW66: n.a. | AX66: n.a. | AY66: n.a. | AZ66: n.a. | BA66: n.a. | BB66: n.a. | BC66: n.a. | BD66: n.a. | BE66: n.a. | BF66: n.a. | BG66: n.a. | BH66: n.a. | BI66: n.a. | BJ66: n.a. | BK66: n.a. | BL66: n.a. | BM66: n.a. | BN66: n.a. | BO66: n.a. | BP66: n.a. | BQ66: n.a. | BR66: n.a. | BS66: n.a. | BT66: n.a. | BU66: n.a. | BV66: n.a. | BW66: n.a. | BX66: n.a.
A67: PR_18 | B67: No premium change | D67: PR.Mod_1: Eligibility and payment amounts | E67: Administrative records | F67: 30 days | G67: Month 2 | H67: =IF(H66="","",H66) -> N | I67: =IF(I66="","",I66) | J67: =IF(J66="","",J66) | K67: =IF(K66="","",K66) | L67: =IF(L66="","",L66) | N67: n.a. | P67: n.a. | Q67: n.a. | R67: n.a. | S67: n.a. | T67: n.a. | U67: n.a. | V67: n.a. | W67: n.a. | X67: n.a. | Y67: n.a. | Z67: n.a. | AA67: n.a. | AB67: n.a. | AC67: n.a. | AD67: n.a. | AE67: n.a. | AF67: n.a. | AG67: n.a. | AH67: n.a. | AI67: n.a. | AJ67: n.a. | AK67: n.a. | AL67: n.a. | AM67: n.a. | AN67: n.a. | AO67: n.a. | AP67: n.a. | AQ67: n.a. | AR67: n.a. | AS67: n.a. | AT67: n.a. | AU67: n.a. | AV67: n.a. | AW67: n.a. | AX67: n.a. | AY67: n.a. | AZ67: n.a. | BA67: n.a. | BB67: n.a. | BC67: n.a. | BD67: n.a. | BE67: n.a. | BF67: n.a. | BG67: n.a. | BH67: n.a. | BI67: n.a. | BJ67: n.a. | BK67: n.a. | BL67: n.a. | BM67: n.a. | BN67: n.a. | BO67: n.a. | BP67: n.a. | BQ67: n.a. | BR67: n.a. | BS67: n.a. | BT67: n.a. | BU67: n.a. | BV67: n.a. | BW67: n.a. | BX67: n.a.
A68: PR_18 | B68: No premium change | D68: PR.Mod_1: Eligibility and payment amounts | E68: Administrative records | F68: 30 days | G68: Month 3 | H68: =IF(H67="","",H67) -> N | I68: =IF(I67="","",I67) | J68: =IF(J67="","",J67) | K68: =IF(K67="","",K67) | L68: =IF(L67="","",L67) | N68: n.a. | P68: n.a. | Q68: n.a. | R68: n.a. | S68: n.a. | T68: n.a. | U68: n.a. | V68: n.a. | W68: n.a. | X68: n.a. | Y68: n.a. | Z68: n.a. | AA68: n.a. | AB68: n.a. | AC68: n.a. | AD68: n.a. | AE68: n.a. | AF68: n.a. | AG68: n.a. | AH68: n.a. | AI68: n.a. | AJ68: n.a. | AK68: n.a. | AL68: n.a. | AM68: n.a. | AN68: n.a. | AO68: n.a. | AP68: n.a. | AQ68: n.a. | AR68: n.a. | AS68: n.a. | AT68: n.a. | AU68: n.a. | AV68: n.a. | AW68: n.a. | AX68: n.a. | AY68: n.a. | AZ68: n.a. | BA68: n.a. | BB68: n.a. | BC68: n.a. | BD68: n.a. | BE68: n.a. | BF68: n.a. | BG68: n.a. | BH68: n.a. | BI68: n.a. | BJ68: n.a. | BK68: n.a. | BL68: n.a. | BM68: n.a. | BN68: n.a. | BO68: n.a. | BP68: n.a. | BQ68: n.a. | BR68: n.a. | BS68: n.a. | BT68: n.a. | BU68: n.a. | BV68: n.a. | BW68: n.a. | BX68: n.a.
A69: PR_19 | B69: Premium increase | C69: Number of beneficiaries enrolled in the demonstration due for renewal during the measurement period who were redetermined as eligible for the demonstration and remained in income and eligibility groups subject to premiums, with an increase in required premiums or other monthly payments. | D69: PR.Mod_1: Eligibility and payment amounts | E69: Administrative records | F69: 30 days | G69: Month 1 | H69: N | N69: n.a. | P69: n.a. | Q69: n.a. | R69: n.a. | S69: n.a. | T69: n.a. | U69: n.a. | V69: n.a. | W69: n.a. | X69: n.a. | Y69: n.a. | Z69: n.a. | AA69: n.a. | AB69: n.a. | AC69: n.a. | AD69: n.a. | AE69: n.a. | AF69: n.a. | AG69: n.a. | AH69: n.a. | AI69: n.a. | AJ69: n.a. | AK69: n.a. | AL69: n.a. | AM69: n.a. | AN69: n.a. | AO69: n.a. | AP69: n.a. | AQ69: n.a. | AR69: n.a. | AS69: n.a. | AT69: n.a. | AU69: n.a. | AV69: n.a. | AW69: n.a. | AX69: n.a. | AY69: n.a. | AZ69: n.a. | BA69: n.a. | BB69: n.a. | BC69: n.a. | BD69: n.a. | BE69: n.a. | BF69: n.a. | BG69: n.a. | BH69: n.a. | BI69: n.a. | BJ69: n.a. | BK69: n.a. | BL69: n.a. | BM69: n.a. | BN69: n.a. | BO69: n.a. | BP69: n.a. | BQ69: n.a. | BR69: n.a. | BS69: n.a. | BT69: n.a. | BU69: n.a. | BV69: n.a. | BW69: n.a. | BX69: n.a.
A70: PR_19 | B70: Premium increase | D70: PR.Mod_1: Eligibility and payment amounts | E70: Administrative records | F70: 30 days | G70: Month 2 | H70: =IF(H69="","",H69) -> N | I70: =IF(I69="","",I69) | J70: =IF(J69="","",J69) | K70: =IF(K69="","",K69) | L70: =IF(L69="","",L69) | N70: n.a. | P70: n.a. | Q70: n.a. | R70: n.a. | S70: n.a. | T70: n.a. | U70: n.a. | V70: n.a. | W70: n.a. | X70: n.a. | Y70: n.a. | Z70: n.a. | AA70: n.a. | AB70: n.a. | AC70: n.a. | AD70: n.a. | AE70: n.a. | AF70: n.a. | AG70: n.a. | AH70: n.a. | AI70: n.a. | AJ70: n.a. | AK70: n.a. | AL70: n.a. | AM70: n.a. | AN70: n.a. | AO70: n.a. | AP70: n.a. | AQ70: n.a. | AR70: n.a. | AS70: n.a. | AT70: n.a. | AU70: n.a. | AV70: n.a. | AW70: n.a. | AX70: n.a. | AY70: n.a. | AZ70: n.a. | BA70: n.a. | BB70: n.a. | BC70: n.a. | BD70: n.a. | BE70: n.a. | BF70: n.a. | BG70: n.a. | BH70: n.a. | BI70: n.a. | BJ70: n.a. | BK70: n.a. | BL70: n.a. | BM70: n.a. | BN70: n.a. | BO70: n.a. | BP70: n.a. | BQ70: n.a. | BR70: n.a. | BS70: n.a. | BT70: n.a. | BU70: n.a. | BV70: n.a. | BW70: n.a. | BX70: n.a.
A71: PR_19 | B71: Premium increase | D71: PR.Mod_1: Eligibility and payment amounts | E71: Administrative records | F71: 30 days | G71: Month 3 | H71: =IF(H70="","",H70) -> N | I71: =IF(I70="","",I70) | J71: =IF(J70="","",J70) | K71: =IF(K70="","",K70) | L71: =IF(L70="","",L70) | N71: n.a. | P71: n.a. | Q71: n.a. | R71: n.a. | S71: n.a. | T71: n.a. | U71: n.a. | V71: n.a. | W71: n.a. | X71: n.a. | Y71: n.a. | Z71: n.a. | AA71: n.a. | AB71: n.a. | AC71: n.a. | AD71: n.a. | AE71: n.a. | AF71: n.a. | AG71: n.a. | AH71: n.a. | AI71: n.a. | AJ71: n.a. | AK71: n.a. | AL71: n.a. | AM71: n.a. | AN71: n.a. | AO71: n.a. | AP71: n.a. | AQ71: n.a. | AR71: n.a. | AS71: n.a. | AT71: n.a. | AU71: n.a. | AV71: n.a. | AW71: n.a. | AX71: n.a. | AY71: n.a. | AZ71: n.a. | BA71: n.a. | BB71: n.a. | BC71: n.a. | BD71: n.a. | BE71: n.a. | BF71: n.a. | BG71: n.a. | BH71: n.a. | BI71: n.a. | BJ71: n.a. | BK71: n.a. | BL71: n.a. | BM71: n.a. | BN71: n.a. | BO71: n.a. | BP71: n.a. | BQ71: n.a. | BR71: n.a. | BS71: n.a. | BT71: n.a. | BU71: n.a. | BV71: n.a. | BW71: n.a. | BX71: n.a.
A72: PR_20 | B72: Premium decrease | C72: Number of beneficiaries enrolled in the demonstration due for renewal during the measurement period who were redetermined as eligible for the demonstration and remained in income and eligibility groups subject to the demonstration, with a decrease in required premiums or other monthly payments. | D72: PR.Mod_1: Eligibility and payment amounts | E72: Administrative records | F72: 30 days | G72: Month 1 | H72: N | N72: n.a. | P72: n.a. | Q72: n.a. | R72: n.a. | S72: n.a. | T72: n.a. | U72: n.a. | V72: n.a. | W72: n.a. | X72: n.a. | Y72: n.a. | Z72: n.a. | AA72: n.a. | AB72: n.a. | AC72: n.a. | AD72: n.a. | AE72: n.a. | AF72: n.a. | AG72: n.a. | AH72: n.a. | AI72: n.a. | AJ72: n.a. | AK72: n.a. | AL72: n.a. | AM72: n.a. | AN72: n.a. | AO72: n.a. | AP72: n.a. | AQ72: n.a. | AR72: n.a. | AS72: n.a. | AT72: n.a. | AU72: n.a. | AV72: n.a. | AW72: n.a. | AX72: n.a. | AY72: n.a. | AZ72: n.a. | BA72: n.a. | BB72: n.a. | BC72: n.a. | BD72: n.a. | BE72: n.a. | BF72: n.a. | BG72: n.a. | BH72: n.a. | BI72: n.a. | BJ72: n.a. | BK72: n.a. | BL72: n.a. | BM72: n.a. | BN72: n.a. | BO72: n.a. | BP72: n.a. | BQ72: n.a. | BR72: n.a. | BS72: n.a. | BT72: n.a. | BU72: n.a. | BV72: n.a. | BW72: n.a. | BX72: n.a.
A73: PR_20 | B73: Premium decrease | D73: PR.Mod_1: Eligibility and payment amounts | E73: Administrative records | F73: 30 days | G73: Month 2 | H73: =IF(H72="","",H72) -> N | I73: =IF(I72="","",I72) | J73: =IF(J72="","",J72) | K73: =IF(K72="","",K72) | L73: =IF(L72="","",L72) | N73: n.a. | P73: n.a. | Q73: n.a. | R73: n.a. | S73: n.a. | T73: n.a. | U73: n.a. | V73: n.a. | W73: n.a. | X73: n.a. | Y73: n.a. | Z73: n.a. | AA73: n.a. | AB73: n.a. | AC73: n.a. | AD73: n.a. | AE73: n.a. | AF73: n.a. | AG73: n.a. | AH73: n.a. | AI73: n.a. | AJ73: n.a. | AK73: n.a. | AL73: n.a. | AM73: n.a. | AN73: n.a. | AO73: n.a. | AP73: n.a. | AQ73: n.a. | AR73: n.a. | AS73: n.a. | AT73: n.a. | AU73: n.a. | AV73: n.a. | AW73: n.a. | AX73: n.a. | AY73: n.a. | AZ73: n.a. | BA73: n.a. | BB73: n.a. | BC73: n.a. | BD73: n.a. | BE73: n.a. | BF73: n.a. | BG73: n.a. | BH73: n.a. | BI73: n.a. | BJ73: n.a. | BK73: n.a. | BL73: n.a. | BM73: n.a. | BN73: n.a. | BO73: n.a. | BP73: n.a. | BQ73: n.a. | BR73: n.a. | BS73: n.a. | BT73: n.a. | BU73: n.a. | BV73: n.a. | BW73: n.a. | BX73: n.a.
A74: PR_20 | B74: Premium decrease | D74: PR.Mod_1: Eligibility and payment amounts | E74: Administrative records | F74: 30 days | G74: Month 3 | H74: =IF(H73="","",H73) -> N | I74: =IF(I73="","",I73) | J74: =IF(J73="","",J73) | K74: =IF(K73="","",K73) | L74: =IF(L73="","",L73) | N74: n.a. | P74: n.a. | Q74: n.a. | R74: n.a. | S74: n.a. | T74: n.a. | U74: n.a. | V74: n.a. | W74: n.a. | X74: n.a. | Y74: n.a. | Z74: n.a. | AA74: n.a. | AB74: n.a. | AC74: n.a. | AD74: n.a. | AE74: n.a. | AF74: n.a. | AG74: n.a. | AH74: n.a. | AI74: n.a. | AJ74: n.a. | AK74: n.a. | AL74: n.a. | AM74: n.a. | AN74: n.a. | AO74: n.a. | AP74: n.a. | AQ74: n.a. | AR74: n.a. | AS74: n.a. | AT74: n.a. | AU74: n.a. | AV74: n.a. | AW74: n.a. | AX74: n.a. | AY74: n.a. | AZ74: n.a. | BA74: n.a. | BB74: n.a. | BC74: n.a. | BD74: n.a. | BE74: n.a. | BF74: n.a. | BG74: n.a. | BH74: n.a. | BI74: n.a. | BJ74: n.a. | BK74: n.a. | BL74: n.a. | BM74: n.a. | BN74: n.a. | BO74: n.a. | BP74: n.a. | BQ74: n.a. | BR74: n.a. | BS74: n.a. | BT74: n.a. | BU74: n.a. | BV74: n.a. | BW74: n.a. | BX74: n.a.
A75: PR_21 | B75: Third-party premium payment | C75: Number of beneficiaries enrolled in the demonstration who had any portion of their premium or other monthly payments paid by a third party. | D75: PR.Mod_1: Eligibility and payment amounts | E75: Administrative records | F75: 30 days | G75: Month 1 | H75: N | N75: n.a. | P75: n.a. | Q75: n.a. | R75: n.a. | S75: n.a. | T75: n.a. | U75: n.a. | V75: n.a. | W75: n.a. | X75: n.a. | Y75: n.a. | Z75: n.a. | AA75: n.a. | AB75: n.a. | AC75: n.a. | AD75: n.a. | AE75: n.a. | AF75: n.a. | AG75: n.a. | AH75: n.a. | AI75: n.a. | AJ75: n.a. | AK75: n.a. | AL75: n.a. | AM75: n.a. | AN75: n.a. | AO75: n.a. | AP75: n.a. | AQ75: n.a. | AR75: n.a. | AS75: n.a. | AT75: n.a. | AU75: n.a. | AV75: n.a. | AW75: n.a. | AX75: n.a. | AY75: n.a. | AZ75: n.a. | BA75: n.a. | BB75: n.a. | BC75: n.a. | BD75: n.a. | BE75: n.a. | BF75: n.a. | BG75: n.a. | BH75: n.a. | BI75: n.a. | BJ75: n.a. | BK75: n.a. | BL75: n.a. | BM75: n.a. | BN75: n.a. | BO75: n.a. | BP75: n.a. | BQ75: n.a. | BR75: n.a. | BS75: n.a. | BT75: n.a. | BU75: n.a. | BV75: n.a. | BW75: n.a. | BX75: n.a.
A76: PR_21 | B76: Third-party premium payment | D76: PR.Mod_1: Eligibility and payment amounts | E76: Administrative records | F76: 30 days | G76: Month 2 | H76: =IF(H75="","",H75) -> N | I76: =IF(I75="","",I75) | J76: =IF(J75="","",J75) | K76: =IF(K75="","",K75) | L76: =IF(L75="","",L75) | N76: n.a. | P76: n.a. | Q76: n.a. | R76: n.a. | S76: n.a. | T76: n.a. | U76: n.a. | V76: n.a. | W76: n.a. | X76: n.a. | Y76: n.a. | Z76: n.a. | AA76: n.a. | AB76: n.a. | AC76: n.a. | AD76: n.a. | AE76: n.a. | AF76: n.a. | AG76: n.a. | AH76: n.a. | AI76: n.a. | AJ76: n.a. | AK76: n.a. | AL76: n.a. | AM76: n.a. | AN76: n.a. | AO76: n.a. | AP76: n.a. | AQ76: n.a. | AR76: n.a. | AS76: n.a. | AT76: n.a. | AU76: n.a. | AV76: n.a. | AW76: n.a. | AX76: n.a. | AY76: n.a. | AZ76: n.a. | BA76: n.a. | BB76: n.a. | BC76: n.a. | BD76: n.a. | BE76: n.a. | BF76: n.a. | BG76: n.a. | BH76: n.a. | BI76: n.a. | BJ76: n.a. | BK76: n.a. | BL76: n.a. | BM76: n.a. | BN76: n.a. | BO76: n.a. | BP76: n.a. | BQ76: n.a. | BR76: n.a. | BS76: n.a. | BT76: n.a. | BU76: n.a. | BV76: n.a. | BW76: n.a. | BX76: n.a.
A77: PR_21 | B77: Third-party premium payment | D77: PR.Mod_1: Eligibility and payment amounts | E77: Administrative records | F77: 30 days | G77: Month 3 | H77: =IF(H76="","",H76) -> N | I77: =IF(I76="","",I76) | J77: =IF(J76="","",J76) | K77: =IF(K76="","",K76) | L77: =IF(L76="","",L76) | N77: n.a. | P77: n.a. | Q77: n.a. | R77: n.a. | S77: n.a. | T77: n.a. | U77: n.a. | V77: n.a. | W77: n.a. | X77: n.a. | Y77: n.a. | Z77: n.a. | AA77: n.a. | AB77: n.a. | AC77: n.a. | AD77: n.a. | AE77: n.a. | AF77: n.a. | AG77: n.a. | AH77: n.a. | AI77: n.a. | AJ77: n.a. | AK77: n.a. | AL77: n.a. | AM77: n.a. | AN77: n.a. | AO77: n.a. | AP77: n.a. | AQ77: n.a. | AR77: n.a. | AS77: n.a. | AT77: n.a. | AU77: n.a. | AV77: n.a. | AW77: n.a. | AX77: n.a. | AY77: n.a. | AZ77: n.a. | BA77: n.a. | BB77: n.a. | BC77: n.a. | BD77: n.a. | BE77: n.a. | BF77: n.a. | BG77: n.a. | BH77: n.a. | BI77: n.a. | BJ77: n.a. | BK77: n.a. | BL77: n.a. | BM77: n.a. | BN77: n.a. | BO77: n.a. | BP77: n.a. | BQ77: n.a. | BR77: n.a. | BS77: n.a. | BT77: n.a. | BU77: n.a. | BV77: n.a. | BW77: n.a. | BX77: n.a.
A78: State-specific metrics | C78: blank | D78: blank | E78: blank | F78: blank | G78: blank | H78: blank | I78: blank | J78: blank | K78: blank | L78: blank | M78: blank | N78: blank | O78: blank | P78: blank | Q78: blank | R78: blank | S78: blank | T78: blank | U78: blank | V78: blank | W78: blank | X78: blank | Y78: blank | Z78: blank | AA78: blank | AB78: blank | AC78: blank | AD78: blank | AE78: blank | AF78: blank | AG78: blank | AH78: blank | AI78: blank | AJ78: blank | AK78: blank | AL78: blank | AM78: blank | AN78: blank | AO78: blank | AP78: blank | AQ78: blank | AR78: blank | AS78: blank | AT78: blank | AU78: blank | AV78: blank | AW78: blank | AX78: blank | AY78: blank | AZ78: blank | BA78: blank | BB78: blank | BC78: blank | BD78: blank | BE78: blank | BF78: blank | BG78: blank | BH78: blank | BI78: blank | BJ78: blank | BK78: blank | BL78: blank | BM78: blank | BN78: blank | BO78: blank | BP78: blank | BQ78: blank | BR78: blank | BS78: blank | BT78: blank | BU78: blank | BV78: blank | BW78: blank | BX78: blank | BY78: blank | BZ78: blank | CA78: blank | CB78: blank | CC78: blank | CD78: blank
A79: PR_S1_IA | B79: Beneficiaries who transitioned to basic dental benefits for failure to pay dental premiums | C79: The number of beneficiaries subject to Dental Wellness Plan premiums who transitioned from the full to basic dental benefit package during the measurement period for failure to pay dental premiums. | D79: PR.Mod_5: Operationalize strategies for noncompliance | E79: Administrative records | F79: 30 days | G79: Month 1 | H79: Y | I79: Y | L79: Y | M79: 10/01/2024- 10/31/2024 | O79: 0 | BV79: n.a.
G80: Month 2 | H80: =IF(H79="","",H79) -> Y | I80: =IF(I79="","",I79) -> Y | L80: =IF(L79="","",L79) -> Y | M80: 11/01/2024- 11/30/2024
G81: Month 3 | H81: =IF(H80="","",H80) -> Y | I81: =IF(I80="","",I80) -> Y | L81: =IF(L80="","",L80) -> Y | M81: 12/01/2024- 12/31/2024
A82: blank | B82: blank | C82: blank | D82: blank | E82: blank | F82: blank | G82: blank | H82: blank | I82: blank | J82: blank | K82: blank | L82: blank | M82: blank | N82: blank | O82: 0 | P82: blank | Q82: blank | R82: blank | S82: blank | T82: blank | U82: blank | V82: blank | W82: blank | X82: blank | Y82: blank | Z82: blank | AA82: blank | AB82: blank | AC82: blank | AD82: blank | AE82: blank | AF82: blank | AG82: blank | AH82: blank | AI82: blank | AJ82: blank | AK82: blank | AL82: blank | AM82: blank | AN82: blank | AO82: blank | AP82: blank | AQ82: blank | AR82: blank | AS82: blank | AT82: blank | AU82: blank | AV82: blank | AW82: blank | AX82: blank | AY82: blank | AZ82: blank | BA82: blank | BB82: blank | BC82: blank | BD82: blank | BE82: blank | BF82: blank | BG82: blank | BH82: blank | BI82: blank | BJ82: blank | BK82: blank | BL82: blank | BM82: blank | BN82: blank | BO82: blank | BP82: blank | BQ82: blank | BR82: blank | BS82: blank | BT82: blank | BU82: blank | BV82: blank | BW82: blank | BX82: blank
A83: ᵃ The reporting topics correspond to the premiums or account payments (PR) reporting topics in Section 3 of the monitoring report template.
A84: ᵇ If applicable. See CMS-provided technical specifications manual.
A89: End of worksheet

Sheet EandC metrics (HB)
A1: Medicaid Section 1115 Demonstrations Monitoring Report (Part A) - Metrics (HB) (Version 3.0)
A2: State | C2: ='EandC metrics (AD)'!C2 -> Iowa
A3: Demonstration Name | C3: ='EandC metrics (AD)'!C3 -> Iowa Wellness Plan
A4: HB Demonstration Year (DY) (Format: DY1, DY2, DY3, etc.) | C4: DY5
A5: Calendar Dates for HB DY (Format: MM/DD/YYYY - MM/DD/YYYY) | C5: 01/01/2023- 12/31/2023
A6: HB Reporting Period (Format: Q1, Q2, Q3, Q4) | C6: Q3
A7: Calendar Dates for EandC Reporting Period (Format: MM/DD/YYYY - MM/DD/YYYY) | C7: ='EandC metrics (AD)'!C7 -> 10/01/2024- 12/31/2024
A8: blank
A9: Table: Demonstration Metrics - Healthy Behavior Incentives (HB) | BY9: Specific Eligibility Groups
A10: Standard information on CMS-provided metrics | N10: Demonstration reporting | Q10: < 50% FPL | T10: 50-100% FPL | W10: > 100% FPL | Z10: Age < 19 | AC10: Age 19-26 | AF10: Age 27-35 | AI10: Age 36-45 | AL10: Age 46-55 | AO10: Age 56-64 | AR10: Male | AU10: Female | AX10: White | BA10: Black or African American | BD10: Asian | BG10: American Indian or Alaskan Native | BJ10: Other race | BM10: Unknown race | BP10: Hispanic ethnicity | BS10: Non-Hispanic ethnicity | BV10: Unknown ethnicity | BY10: FPL 51 to 100% for IWP | CB10: FPL 101-133% for IWP
